Workbook
Name AcLbl: Calc!$C$11
Name ChecksOK: Calc!$E$645
Name Company: Guide!$D$6
Name Cur: Guide!$D$7
Name FATarget: Guide!$D$10
Name focusBrand: Brand!$W$5
Name focusChannel: Channel!$W$5
Name LastAct: Calc!$C$13
Name lstBrand: Guide!$I$6:$I$11
Name lstChannel: Guide!$G$6:$G$11
Name mFrom: Calc!$C$7
Name mSel: Calc!$C$6
Name mTo: Calc!$C$8
Name PerLbl: Calc!$C$12
Name ScaleLbl: Guide!$D$8
Name selFY: Summary!$S$3
Name selMonth: Summary!$U$3
Name selView: Summary!$W$3
Name Tol: Guide!$D$9
Name Unit: Calc!$C$9
Name UnitLbl: Calc!$C$10
Name WinM: Calc!$C$14

Sheet Summary
B2: =Company&": CFO performance dashboard" -> Coskun Finance: CFO performance dashboard | P2: DATA CHECKS | S2: FISCAL YEAR | U2: MONTH | W2: VIEW
B3: =PerLbl&" | "&UnitLbl&" | Actual vs Budget vs Forecast vs Prior Year" -> YTD Oct 2026 | $m | Actual vs Budget vs Forecast vs Prior Year | P3: =IF(ChecksOK=1,"✔ All passed","✖ See Guide") -> ✔ All passed | S3: 2026 | U3: Oct | W3: YTD
B4: Summary | D4: P&L | F4: Channel | H4: Brand | J4: Data | L4: Guide
B5: ="Headline KPIs: "&PerLbl&", "&UnitLbl&" unless stated" -> Headline KPIs: YTD Oct 2026, $m unless stated
B6: NET REVENUE | F6: GROSS MARGIN | J6: CONTRIBUTION MARGIN | N6: EBITDA | R6: EBITDA MARGIN | V6: NET INCOME
B7: =Calc!$E$300 -> 415.57 | F7: =Calc!$E$326 -> 0.56085858 | J7: =Calc!$E$329 -> 0.38163246 | N7: =Calc!$E$307 -> 81.81 | R7: =Calc!$E$331 -> 0.19686214 | V7: =Calc!$E$309 -> 44.995
B9: vs BU | C9: vs FC | D9: vs PY | E9: Status | F9: vs BU | G9: vs FC | H9: vs PY | I9: Status | J9: vs BU | K9: vs FC | L9: vs PY | M9: Status | N9: vs BU | O9: vs FC | P9: vs PY | Q9: Status | R9: vs BU | S9: vs FC | T9: vs PY | U9: Status | V9: vs BU | W9: vs FC | X9: vs PY | Y9: Status
B10: =Calc!$J$300 -> -0.0020460014 | C10: =Calc!$L$300 -> -0.0010504631 | D10: =Calc!$N$300 -> 0.080755647 | E10: =Calc!$O$300 -> 2 | F10: =Calc!$I$326 -> -0.89768276 | G10: =Calc!$K$326 -> -0.24853063 | H10: =Calc!$M$326 -> -1.7598085 | I10: =Calc!$O$326 -> 2 | J10: =Calc!$I$329 -> -0.86231014 | K10: =Calc!$K$329 -> -0.23899276 | L10: =Calc!$M$329 -> -1.0565048 | M10: =Calc!$O$329 -> 1 | N10: =Calc!$J$307 -> -0.043873592 | O10: =Calc!$L$307 -> -0.013612414 | P10: =Calc!$N$307 -> 0.058056673 | Q10: =Calc!$O$307 -> 1 | R10: =Calc!$I$331 -> -0.86121133 | S10: =Calc!$K$331 -> -0.25071002 | T10: =Calc!$M$331 -> -0.42233737 | U10: =Calc!$O$331 -> 1 | V10: =Calc!$J$309 -> -0.059016668 | W10: =Calc!$L$309 -> -0.018519326 | X10: =Calc!$N$309 -> 0.075072277 | Y10: =Calc!$O$309 -> 1
B12: FREE CASH FLOW | F12: CASH CONVERSION | J12: NWC % OF NET REVENUE | N12: CASH CONVERSION CYCLE (DAYS) | R12: NET DEBT | V12: NET DEBT / EBITDA
B13: =Calc!$E$310 -> 43.16 | F13: =Calc!$E$334 -> 0.52756387 | J13: =Calc!$E$335 -> 0.19178165 | N13: =Calc!$E$336 -> 84.065345 | R13: =Calc!$E$319 -> 125.675 | V13: =Calc!$E$338 -> 1.203023
B15: vs BU | C15: vs FC | D15: vs PY | E15: Status | F15: vs BU | G15: vs FC | H15: vs PY | I15: Status | J15: vs BU | K15: vs FC | L15: vs PY | M15: Status | N15: vs BU | O15: vs FC | P15: vs PY | Q15: Status | R15: vs BU | S15: vs FC | T15: vs PY | U15: Status | V15: vs BU | W15: vs FC | X15: vs PY | Y15: Status
B16: =Calc!$J$310 -> -0.23178242 | C16: =Calc!$L$310 -> -0.079881468 | D16: =Calc!$N$310 -> 1.0829111 | E16: =Calc!$O$310 -> 1 | F16: =Calc!$I$334 -> -12.904405 | G16: =Calc!$K$334 -> -3.7996364 | H16: =Calc!$M$334 -> 25.957716 | I16: =Calc!$O$334 -> 1 | J16: =Calc!$I$335 -> 1.9365503 | K16: =Calc!$K$335 -> 0.56658465 | L16: =Calc!$M$335 -> 2.1970528 | M16: =Calc!$O$335 -> 1 | N16: =Calc!$I$336 -> 11.390251 | O16: =Calc!$K$336 -> 3.2921442 | P16: =Calc!$M$336 -> 11.195458 | Q16: =Calc!$O$336 -> 1 | R16: =Calc!$J$319 -> 0.1152771 | S16: =Calc!$L$319 -> 0.030596011 | T16: =Calc!$N$319 -> -0.16922823 | U16: =Calc!$O$319 -> 1 | V16: =Calc!$I$338 -> 0.16176445 | W16: =Calc!$K$338 -> 0.048195587 | X16: =Calc!$M$338 -> -0.31007502 | Y16: =Calc!$O$338 -> 1
B18: ="Executive summary: generated from the numbers, "&PerLbl -> Executive summary: generated from the numbers, YTD Oct 2026
B19: Revenue | D19: ="Net revenue "&UnitLbl&" "&FIXED(Calc!$E$300,1)&" is "&IF(Calc!$J$300*100>=0,"+","-")&FIXED(ABS(Calc!$J$300*100),1)&"% vs budget, "&IF(Calc!$L$300*100>=0,"+","-")&FIXED(ABS(Calc!$L$300*100),1)&"% vs forecast and "&IF(Calc!$N$300*100>=0,"+","-")&FIXED(ABS(Calc!$N$300*100),1)&"% vs prior year. Trade and returns rate "&FIXED(Calc!$E$325*100,1)&"% of gross sales ("&IF(Calc!$I$325>=0,"+","-")&FIXED(ABS(Calc!$I$325),1)&"pp vs budget)." -> Net revenue $m 415.6 is -0.2% vs budget, -0.1% vs forecast and +8.1% vs prior year. Trade and returns rate 17.6% of gross sales (+0.2pp vs budget).
B20: Profit | D20: ="EBITDA "&UnitLbl&" "&FIXED(Calc!$E$307,1)&" ("&FIXED(Calc!$E$331*100,1)&"% margin) is "&IF(Calc!$I$307>=0,"+","-")&FIXED(ABS(Calc!$I$307),1)&" vs budget. Biggest tailwind: "&INDEX(Calc!$A$496:$A$501,MATCH(MAX(Calc!$B$496:$B$501),Calc!$B$496:$B$501,0))&" ("&IF(MAX(Calc!$B$496:$B$501)>=0,"+","-")&FIXED(ABS(MAX(Calc!$B$496:$B$501)),1)&"). Biggest headwind: "&INDEX(Calc!$A$496:$A$501,MATCH(MIN(Calc!$B$496:$B$501),Calc!$B$496:$B$501,0))&" ("&IF(MIN(Calc!$B$496:$B$501)>=0,"+","-")&FIXED(ABS(MIN(Calc!$B$496:$B$501)),1)&")." -> EBITDA $m 81.8 (19.7% margin) is -3.8 vs budget. Biggest tailwind: Price, mix, trade (+2.1). Biggest headwind: COGS rate (-4.6).
B21: Channels | D21: ="Net revenue vs budget, "&UnitLbl&". Best channel: "&INDEX(Channel!$B$14:$B$19,MATCH(MAX(Channel!$G$14:$G$19),Channel!$G$14:$G$19,0))&" ("&IF(MAX(Channel!$G$14:$G$19)>=0,"+","-")&FIXED(ABS(MAX(Channel!$G$14:$G$19)),1)&"). Weakest: "&INDEX(Channel!$B$14:$B$19,MATCH(MIN(Channel!$G$14:$G$19),Channel!$G$14:$G$19,0))&" ("&IF(MIN(Channel!$G$14:$G$19)>=0,"+","-")&FIXED(ABS(MIN(Channel!$G$14:$G$19)),1)&")." -> Net revenue vs budget, $m. Best channel: Marketplaces (+5.9). Weakest: Hypermarkets (-5.9).
B22: Brands | D22: ="Net revenue vs budget, "&UnitLbl&". Best brand: "&INDEX(Brand!$B$14:$B$19,MATCH(MAX(Brand!$G$14:$G$19),Brand!$G$14:$G$19,0))&" ("&IF(MAX(Brand!$G$14:$G$19)>=0,"+","-")&FIXED(ABS(MAX(Brand!$G$14:$G$19)),1)&"). Weakest: "&INDEX(Brand!$B$14:$B$19,MATCH(MIN(Brand!$G$14:$G$19),Brand!$G$14:$G$19,0))&" ("&IF(MIN(Brand!$G$14:$G$19)>=0,"+","-")&FIXED(ABS(MIN(Brand!$G$14:$G$19)),1)&")." -> Net revenue vs budget, $m. Best brand: Aurelia (+4.5). Weakest: Everwood (-3.1).
B23: Cash | D23: ="Free cash flow "&UnitLbl&" "&FIXED(Calc!$E$310,1)&" ("&IF(Calc!$I$310>=0,"+","-")&FIXED(ABS(Calc!$I$310),1)&" vs budget), cash conversion "&FIXED(Calc!$E$334*100,0)&"%. Cash cycle "&FIXED(Calc!$E$336,1)&" days ("&IF(Calc!$I$336>=0,"+","-")&FIXED(ABS(Calc!$I$336),1)&" vs budget). Leverage "&FIXED(Calc!$E$338,2)&"x." -> Free cash flow $m 43.2 (-13.0 vs budget), cash conversion 53%. Cash cycle 84.1 days (+11.4 vs budget). Leverage 1.20x.
B24: Outlook | D24: ="Full-year latest estimate: net revenue "&UnitLbl&" "&FIXED(SUM(Calc!$D$144:$O$144),1)&" ("&IF(SUM(Calc!$D$144:$O$144)-SUM(Calc!$D$156:$O$156)>=0,"+","-")&FIXED(ABS(SUM(Calc!$D$144:$O$144)-SUM(Calc!$D$156:$O$156)),1)&" vs budget), EBITDA "&UnitLbl&" "&FIXED(SUM(Calc!$D$151:$O$151),1)&" ("&IF(SUM(Calc!$D$151:$O$151)-SUM(Calc!$D$163:$O$163)>=0,"+","-")&FIXED(ABS(SUM(Calc!$D$151:$O$151)-SUM(Calc!$D$163:$O$163)),1)&" vs budget)." -> Full-year latest estimate: net revenue $m 519.5 (-1.0 vs budget), EBITDA $m 106.0 (-4.6 vs budget).
B26: Revenue and profit
B42: Profitability and outlook
B58: Channels and brands (detail on the Channel and Brand tabs)
B74: Cash and balance sheet
B90: Cost and productivity
B106: ="KPI scorecard: "&PerLbl -> KPI scorecard: YTD Oct 2026
B107: KPI | F107: =AcLbl -> Actual | G107: Budget | H107: Var vs BU | I107: Var % vs BU | J107: Forecast | K107: Var vs FC | L107: Var % vs FC | M107: Prior year | N107: Var vs PY | O107: Var % vs PY | P107: Status | Q107: Trend, Jan to Dec | T107: How it is measured
B108: Growth
B109: =Calc!$B$300 -> Net revenue | F109: =Calc!$E$300 -> 415.57 | G109: =Calc!$F$300 -> 416.422 | H109: =Calc!$I$300 -> -0.852 | I109: =Calc!$J$300 -> -0.0020460014 | J109: =Calc!$G$300 -> 416.007 | K109: =Calc!$K$300 -> -0.437 | L109: =Calc!$L$300 -> -0.0010504631 | M109: =Calc!$H$300 -> 384.518 | N109: =Calc!$M$300 -> 31.052 | O109: =Calc!$N$300 -> 0.080755647 | P109: =Calc!$O$300 -> 2 | T109: Net revenue / gross sales less trade and returns
B110: =Calc!$B$313 -> Volume (k units) | F110: =Calc!$E$313 -> 52604.6 | G110: =Calc!$F$313 -> 52974.3 | H110: =Calc!$I$313 -> -369.7 | I110: =Calc!$J$313 -> -0.0069788558 | J110: =Calc!$G$313 -> 52742.3 | K110: =Calc!$K$313 -> -137.7 | L110: =Calc!$L$313 -> -0.0026108076 | M110: =Calc!$H$313 -> 49700.5 | N110: =Calc!$M$313 -> 2904.1 | O110: =Calc!$N$313 -> 0.058432008 | P110: =Calc!$O$313 -> 2 | T110: Units sold, thousands
B111: =Calc!$B$324 -> Net revenue per unit | F111: =Calc!$E$324 -> 7.8998795 | G111: =Calc!$F$324 -> 7.8608306 | H111: =Calc!$I$324 -> 0.039048849 | I111: =Calc!$J$324 -> 0.004967522 | J111: =Calc!$G$324 -> 7.88754 | K111: =Calc!$K$324 -> 0.012339496 | L111: =Calc!$L$324 -> 0.001564429 | M111: =Calc!$H$324 -> 7.7367029 | N111: =Calc!$M$324 -> 0.16317663 | O111: =Calc!$N$324 -> 0.021091236 | P111: =Calc!$O$324 -> 3 | T111: Net revenue / units
B112: =Calc!$B$325 -> Trade and returns rate | F112: =Calc!$E$325 -> 0.1758014 | G112: =Calc!$F$325 -> 0.17376751 | H112: =Calc!$I$325 -> 0.20338882 | I112: =Calc!$J$325 -> 0.011704652 | J112: =Calc!$G$325 -> 0.17525857 | K112: =Calc!$K$325 -> 0.054283067 | L112: =Calc!$L$325 -> 0.0030973132 | M112: =Calc!$H$325 -> 0.17021189 | N112: =Calc!$M$325 -> 0.5589507 | O112: =Calc!$N$325 -> 0.032838522 | P112: =Calc!$O$325 -> 2 | T112: Trade and returns / gross sales
B113: Profitability
B114: =Calc!$B$326 -> Gross margin | F114: =Calc!$E$326 -> 0.56085858 | G114: =Calc!$F$326 -> 0.56983541 | H114: =Calc!$I$326 -> -0.89768276 | I114: =Calc!$J$326 -> -0.015753369 | J114: =Calc!$G$326 -> 0.56334389 | K114: =Calc!$K$326 -> -0.24853063 | L114: =Calc!$L$326 -> -0.0044117036 | M114: =Calc!$H$326 -> 0.57845667 | N114: =Calc!$M$326 -> -1.7598085 | O114: =Calc!$N$326 -> -0.030422478 | P114: =Calc!$O$326 -> 2 | T114: Gross profit / net revenue
B115: =Calc!$B$327 -> A&P as % of net revenue | F115: =Calc!$E$327 -> 0.085807445 | G115: =Calc!$F$327 -> 0.089056294 | H115: =Calc!$I$327 -> -0.32488487 | I115: =Calc!$J$327 -> -0.036480843 | J115: =Calc!$G$327 -> 0.086700464 | K115: =Calc!$K$327 -> -0.089301898 | L115: =Calc!$L$327 -> -0.010300048 | M115: =Calc!$H$327 -> 0.09644542 | N115: =Calc!$M$327 -> -1.0637975 | O115: =Calc!$N$327 -> -0.11030047 | T115: A&P / net revenue (neutral: spend is a choice)
B116: =Calc!$B$328 -> Cost to serve % | F116: =Calc!$E$328 -> 0.093418678 | G116: =Calc!$F$328 -> 0.090523555 | H116: =Calc!$I$328 -> 0.28951225 | I116: =Calc!$J$328 -> 0.03198198 | J116: =Calc!$G$328 -> 0.092621038 | K116: =Calc!$K$328 -> 0.079764033 | L116: =Calc!$L$328 -> 0.00861187 | M116: =Calc!$H$328 -> 0.089813741 | N116: =Calc!$M$328 -> 0.36049371 | O116: =Calc!$N$328 -> 0.040137924 | P116: =Calc!$O$328 -> 1 | T116: Logistics and selling / net revenue
B117: =Calc!$B$329 -> Contribution margin % | F117: =Calc!$E$329 -> 0.38163246 | G117: =Calc!$F$329 -> 0.39025556 | H117: =Calc!$I$329 -> -0.86231014 | I117: =Calc!$J$329 -> -0.022096037 | J117: =Calc!$G$329 -> 0.38402238 | K117: =Calc!$K$329 -> -0.23899276 | L117: =Calc!$L$329 -> -0.006223407 | M117: =Calc!$H$329 -> 0.3921975 | N117: =Calc!$M$329 -> -1.0565048 | O117: =Calc!$N$329 -> -0.02693808 | P117: =Calc!$O$329 -> 1 | T117: Contribution / net revenue
B118: =Calc!$B$330 -> Overheads % | F118: =Calc!$E$330 -> 0.18477032 | G118: =Calc!$F$330 -> 0.1847813 | H118: =Calc!$I$330 -> -0.0010988111 | I118: =Calc!$J$330 -> -5.9465492e-05 | J118: =Calc!$G$330 -> 0.18465314 | K118: =Calc!$K$330 -> 0.011717261 | L118: =Calc!$L$330 -> 0.00063455521 | M118: =Calc!$H$330 -> 0.19111199 | N118: =Calc!$M$330 -> -0.63416741 | O118: =Calc!$N$330 -> -0.033183026 | P118: =Calc!$O$330 -> 3 | T118: Overheads / net revenue
B119: =Calc!$B$307 -> EBITDA | F119: =Calc!$E$307 -> 81.81 | G119: =Calc!$F$307 -> 85.564 | H119: =Calc!$I$307 -> -3.754 | I119: =Calc!$J$307 -> -0.043873592 | J119: =Calc!$G$307 -> 82.939 | K119: =Calc!$K$307 -> -1.129 | L119: =Calc!$L$307 -> -0.013612414 | M119: =Calc!$H$307 -> 77.321 | N119: =Calc!$M$307 -> 4.489 | O119: =Calc!$N$307 -> 0.058056673 | P119: =Calc!$O$307 -> 1 | T119: Contribution less overheads
B120: =Calc!$B$331 -> EBITDA margin | F120: =Calc!$E$331 -> 0.19686214 | G120: =Calc!$F$331 -> 0.20547425 | H120: =Calc!$I$331 -> -0.86121133 | I120: =Calc!$J$331 -> -0.041913345 | J120: =Calc!$G$331 -> 0.19936924 | K120: =Calc!$K$331 -> -0.25071002 | L120: =Calc!$L$331 -> -0.012575161 | M120: =Calc!$H$331 -> 0.20108551 | N120: =Calc!$M$331 -> -0.42233737 | O120: =Calc!$N$331 -> -0.021002874 | P120: =Calc!$O$331 -> 1 | T120: EBITDA / net revenue
B121: =Calc!$B$308 -> EBIT | F121: =Calc!$E$308 -> 67.01 | G121: =Calc!$F$308 -> 70.764 | H121: =Calc!$I$308 -> -3.754 | I121: =Calc!$J$308 -> -0.053049573 | J121: =Calc!$G$308 -> 68.139 | K121: =Calc!$K$308 -> -1.129 | L121: =Calc!$L$308 -> -0.016569072 | M121: =Calc!$H$308 -> 63.191 | N121: =Calc!$M$308 -> 3.819 | O121: =Calc!$N$308 -> 0.060435822 | P121: =Calc!$O$308 -> 1 | T121: EBITDA less D&A
B122: =Calc!$B$309 -> Net income | F122: =Calc!$E$309 -> 44.995 | G122: =Calc!$F$309 -> 47.817 | H122: =Calc!$I$309 -> -2.822 | I122: =Calc!$J$309 -> -0.059016668 | J122: =Calc!$G$309 -> 45.844 | K122: =Calc!$K$309 -> -0.849 | L122: =Calc!$L$309 -> -0.018519326 | M122: =Calc!$H$309 -> 41.853 | N122: =Calc!$M$309 -> 3.142 | O122: =Calc!$N$309 -> 0.075072277 | P122: =Calc!$O$309 -> 1 | T122: After interest and tax
B123: Cash and working capital
B124: =Calc!$B$310 -> Free cash flow | F124: =Calc!$E$310 -> 43.16 | G124: =Calc!$F$310 -> 56.182 | H124: =Calc!$I$310 -> -13.022 | I124: =Calc!$J$310 -> -0.23178242 | J124: =Calc!$G$310 -> 46.907 | K124: =Calc!$K$310 -> -3.747 | L124: =Calc!$L$310 -> -0.079881468 | M124: =Calc!$H$310 -> 20.721 | N124: =Calc!$M$310 -> 22.439 | O124: =Calc!$N$310 -> 1.0829111 | P124: =Calc!$O$310 -> 1 | T124: EBITDA - interest - tax - change in NWC - capex
B125: =Calc!$B$334 -> Cash conversion (FCF / EBITDA) | F125: =Calc!$E$334 -> 0.52756387 | G125: =Calc!$F$334 -> 0.65660792 | H125: =Calc!$I$334 -> -12.904405 | I125: =Calc!$J$334 -> -0.19653137 | J125: =Calc!$G$334 -> 0.56556023 | K125: =Calc!$K$334 -> -3.7996364 | L125: =Calc!$L$334 -> -0.067183584 | M125: =Calc!$H$334 -> 0.2679867 | N125: =Calc!$M$334 -> 25.957716 | O125: =Calc!$N$334 -> 0.96861955 | P125: =Calc!$O$334 -> 1 | T125: FCF / EBITDA
B126: =Calc!$B$335 -> NWC % of LTM net revenue | F126: =Calc!$E$335 -> 0.19178165 | G126: =Calc!$F$335 -> 0.17241615 | H126: =Calc!$I$335 -> 1.9365503 | I126: =Calc!$J$335 -> 0.11231838 | J126: =Calc!$G$335 -> 0.18611581 | K126: =Calc!$K$335 -> 0.56658465 | L126: =Calc!$L$335 -> 0.030442587 | M126: =Calc!$H$335 -> 0.16981112 | N126: =Calc!$M$335 -> 2.1970528 | O126: =Calc!$N$335 -> 0.12938215 | P126: =Calc!$O$335 -> 1 | T126: NWC / LTM net revenue
B127: =Calc!$B$320 -> DSO | F127: =Calc!$E$320 -> 48.148777 | G127: =Calc!$F$320 -> 45.715512 | H127: =Calc!$I$320 -> 2.4332648 | I127: =Calc!$J$320 -> 0.05322624 | J127: =Calc!$G$320 -> 47.297772 | K127: =Calc!$K$320 -> 0.85100477 | L127: =Calc!$L$320 -> 0.017992492 | M127: =Calc!$H$320 -> 46.038411 | N127: =Calc!$M$320 -> 2.110366 | O127: =Calc!$N$320 -> 0.045839245 | P127: =Calc!$O$320 -> 1 | T127: Receivables / last 3 months net revenue x days
B128: =Calc!$B$321 -> DIO | F128: =Calc!$E$321 -> 96.834321 | G128: =Calc!$F$321 -> 90.121255 | H128: =Calc!$I$321 -> 6.7130661 | I128: =Calc!$J$321 -> 0.074489265 | J128: =Calc!$G$321 -> 94.911057 | K128: =Calc!$K$321 -> 1.923264 | L128: =Calc!$L$321 -> 0.020263856 | M128: =Calc!$H$321 -> 90.089249 | N128: =Calc!$M$321 -> 6.7450717 | O128: =Calc!$N$321 -> 0.074870995 | P128: =Calc!$O$321 -> 1 | T128: Inventory / last 3 months COGS x days
B129: =Calc!$B$322 -> DPO | F129: =Calc!$E$322 -> 60.917753 | G129: =Calc!$F$322 -> 63.161673 | H129: =Calc!$I$322 -> -2.2439201 | I129: =Calc!$J$322 -> -0.03552661 | J129: =Calc!$G$322 -> 61.435628 | K129: =Calc!$K$322 -> -0.51787549 | L129: =Calc!$L$322 -> -0.0084295629 | M129: =Calc!$H$322 -> 63.257773 | N129: =Calc!$M$322 -> -2.3400202 | O129: =Calc!$N$322 -> -0.036991821 | P129: =Calc!$O$322 -> 1 | T129: Payables / last 3 months COGS x days
B130: =Calc!$B$336 -> Cash conversion cycle | F130: =Calc!$E$336 -> 84.065345 | G130: =Calc!$F$336 -> 72.675094 | H130: =Calc!$I$336 -> 11.390251 | I130: =Calc!$J$336 -> 0.1567284 | J130: =Calc!$G$336 -> 80.773201 | K130: =Calc!$K$336 -> 3.2921442 | L130: =Calc!$L$336 -> 0.040757878 | M130: =Calc!$H$336 -> 72.869887 | N130: =Calc!$M$336 -> 11.195458 | O130: =Calc!$N$336 -> 0.15363628 | P130: =Calc!$O$336 -> 1 | T130: DSO + DIO - DPO
B131: =Calc!$B$337 -> Capex % of net revenue | F131: =Calc!$E$337 -> 0.032129364 | G131: =Calc!$F$337 -> 0.030997402 | H131: =Calc!$I$337 -> 0.11319628 | I131: =Calc!$J$337 -> 0.03651799 | J131: =Calc!$G$337 -> 0.031898502 | K131: =Calc!$K$337 -> 0.023086278 | L131: =Calc!$L$337 -> 0.0072374177 | M131: =Calc!$H$337 -> 0.030999849 | N131: =Calc!$M$337 -> 0.11295153 | O131: =Calc!$N$337 -> 0.036436156 | T131: Capex / net revenue (neutral)
B132: Balance sheet
B133: =Calc!$B$318 -> Cash | F133: =Calc!$E$318 -> 56.825 | G133: =Calc!$F$318 -> 69.815 | H133: =Calc!$I$318 -> -12.99 | I133: =Calc!$J$318 -> -0.18606317 | J133: =Calc!$G$318 -> 60.556 | K133: =Calc!$K$318 -> -3.731 | L133: =Calc!$L$318 -> -0.061612392 | M133: =Calc!$H$318 -> 41.225 | N133: =Calc!$M$318 -> 15.6 | O133: =Calc!$N$318 -> 0.37841116 | P133: =Calc!$O$318 -> 1 | T133: Closing cash
B134: =Calc!$B$319 -> Net debt | F134: =Calc!$E$319 -> 125.675 | G134: =Calc!$F$319 -> 112.685 | H134: =Calc!$I$319 -> 12.99 | I134: =Calc!$J$319 -> 0.1152771 | J134: =Calc!$G$319 -> 121.944 | K134: =Calc!$K$319 -> 3.731 | L134: =Calc!$L$319 -> 0.030596011 | M134: =Calc!$H$319 -> 151.275 | N134: =Calc!$M$319 -> -25.6 | O134: =Calc!$N$319 -> -0.16922823 | P134: =Calc!$O$319 -> 1 | T134: Gross debt less cash
B135: =Calc!$B$338 -> Net debt / LTM EBITDA | F135: =Calc!$E$338 -> 1.203023 | G135: =Calc!$F$338 -> 1.0412585 | H135: =Calc!$I$338 -> 0.16176445 | I135: =Calc!$J$338 -> 0.15535474 | J135: =Calc!$G$338 -> 1.1548274 | K135: =Calc!$K$338 -> 0.048195587 | L135: =Calc!$L$338 -> 0.041734017 | M135: =Calc!$H$338 -> 1.513098 | N135: =Calc!$M$338 -> -0.31007502 | O135: =Calc!$N$338 -> -0.20492725 | P135: =Calc!$O$338 -> 1 | T135: Net debt / LTM EBITDA
B136: =Calc!$B$339 -> Interest cover (EBITDA / interest) | F136: =Calc!$E$339 -> 11.668806 | G136: =Calc!$F$339 -> 12.20425 | H136: =Calc!$I$339 -> -0.5354443 | I136: =Calc!$J$339 -> -0.043873592 | J136: =Calc!$G$339 -> 11.829839 | K136: =Calc!$K$339 -> -0.16103266 | L136: =Calc!$L$339 -> -0.013612414 | M136: =Calc!$H$339 -> 10.465755 | N136: =Calc!$M$339 -> 1.2030509 | O136: =Calc!$N$339 -> 0.11495118 | P136: =Calc!$O$339 -> 1 | T136: EBITDA / net interest
B137: People and planning
B138: =Calc!$B$323 -> Headcount (FTE) | F138: =Calc!$E$323 -> 1197 | G138: =Calc!$F$323 -> 1196 | H138: =Calc!$I$323 -> 1 | I138: =Calc!$J$323 -> 0.0008361204 | J138: =Calc!$G$323 -> 1197 | K138: =Calc!$K$323 -> 0 | L138: =Calc!$L$323 -> 0 | M138: =Calc!$H$323 -> 1161 | N138: =Calc!$M$323 -> 36 | O138: =Calc!$N$323 -> 0.031007752 | P138: =Calc!$O$323 -> 2 | T138: Closing FTE
B139: =Calc!$B$340 -> LTM net revenue per FTE (k) | F139: =Calc!$E$340 -> 427.20802 | G139: =Calc!$F$340 -> 428.27759 | H139: =Calc!$I$340 -> -1.0695719 | I139: =Calc!$J$340 -> -0.0024973801 | J139: =Calc!$G$340 -> 427.5731 | K139: =Calc!$K$340 -> -0.36507937 | L139: =Calc!$L$340 -> -0.00085384082 | M139: =Calc!$H$340 -> 413.70887 | N139: =Calc!$M$340 -> 13.499148 | O139: =Calc!$N$340 -> 0.032629584 | P139: =Calc!$O$340 -> 2 | T139: LTM net revenue / FTE
B140: =Calc!$B$341 -> Forecast accuracy: net revenue | F140: =Calc!$E$341 -> 0.99894954 | G140: =Calc!$F$341 -> 0.97 | H140: =Calc!$I$341 -> 2.8949537 | I140: =Calc!$J$341 -> 0.029844883 | P140: =Calc!$O$341 -> 3 | T140: 1 - |actual - forecast| / forecast; target on Guide
B141: =Calc!$B$342 -> Forecast accuracy: EBITDA | F141: =Calc!$E$342 -> 0.98638759 | G141: =Calc!$F$342 -> 0.97 | H141: =Calc!$I$342 -> 1.6387586 | I141: =Calc!$J$342 -> 0.016894419 | P141: =Calc!$O$342 -> 3 | T141: 1 - |actual - forecast| / forecast; target on Guide
B143: Status: green = at or better than budget, amber = within the tolerance on the Guide tab, red = outside it. Blank status = neutral KPI.

Sheet P&L
B2: =Company&": P&L, actual versus budget" -> Coskun Finance: P&L, actual versus budget
B3: =selMonth&" "&selFY&" | "&UnitLbl&" | positive variance = favourable, costs shown as negatives" -> Oct 2026 | $m | positive variance = favourable, costs shown as negatives
B4: Summary | C4: P&L | D4: Channel | E4: Brand | F4: Data | G4: Guide
B5: =UnitLbl -> $m | C5: ="MONTH: "&selMonth&" "&selFY -> MONTH: Oct 2026 | J5: ="YEAR TO DATE: Jan to "&selMonth -> YEAR TO DATE: Jan to Oct | Q5: ="FULL YEAR "&selFY -> FULL YEAR 2026 | V5: COMMENTARY: type over the yellow cells
B6: P&L line | C6: Actual | D6: Budget | E6: Var | F6: Var % | G6: Var vs FC | H6: Var % vs PY | J6: Actual | K6: Budget | L6: Var | M6: Var % | N6: Var vs FC | O6: Var % vs PY | Q6: Latest est. | R6: Budget | S6: Var | T6: Var % | V6: Driver of the YTD variance
B7: Gross sales | C7: =INDEX(Calc!$D$119:$O$119,mSel) -> 61.573 | D7: =INDEX(Calc!$D$44:$O$44,mSel) -> 61.737 | E7: =C7-D7 -> -0.164 | F7: =IFERROR(E7/ABS(D7),0) -> -0.0026564297 | G7: =C7-INDEX(Calc!$D$69:$O$69,mSel) -> -0.197 | H7: =IFERROR((C7-INDEX(Calc!$D$94:$O$94,mSel))/ABS(INDEX(Calc!$D$94:$O$94,mSel)),0) -> 0.082640269 | J7: =SUM(INDEX(Calc!$D$119:$O$119,1):INDEX(Calc!$D$119:$O$119,mSel)) -> 504.211 | K7: =SUM(INDEX(Calc!$D$44:$O$44,1):INDEX(Calc!$D$44:$O$44,mSel)) -> 504.001 | L7: =J7-K7 -> 0.21 | M7: =IFERROR(L7/ABS(K7),0) -> 0.00041666584 | N7: =J7-SUM(INDEX(Calc!$D$69:$O$69,1):INDEX(Calc!$D$69:$O$69,mSel)) -> -0.198 | O7: =IFERROR((J7-SUM(INDEX(Calc!$D$94:$O$94,1):INDEX(Calc!$D$94:$O$94,mSel)))/ABS(SUM(INDEX(Calc!$D$94:$O$94,1):INDEX(Calc!$D$94:$O$94,mSel))),0) -> 0.08808506 | Q7: =SUM(Calc!$D$119:$O$119) -> 630.329 | R7: =SUM(Calc!$D$44:$O$44) -> 629.999 | S7: =Q7-R7 -> 0.33 | T7: =IFERROR(S7/ABS(R7),0) -> 0.00052381036 | V7: Dummy text. Gross sales +0.2m vs budget: Marketplaces (+5.9m net) ahead, Hypermarkets (-5.9m net) behind.
B8: Trade discounts | C8: =INDEX(Calc!$D$120:$O$120,mSel) -> -9.616 | D8: =INDEX(Calc!$D$45:$O$45,mSel) -> -9.545 | E8: =C8-D8 -> -0.071 | F8: =IFERROR(E8/ABS(D8),0) -> -0.0074384494 | G8: =C8-INDEX(Calc!$D$70:$O$70,mSel) -> 0.003 | H8: =IFERROR((C8-INDEX(Calc!$D$95:$O$95,mSel))/ABS(INDEX(Calc!$D$95:$O$95,mSel)),0) -> -0.11697061 | J8: =SUM(INDEX(Calc!$D$120:$O$120,1):INDEX(Calc!$D$120:$O$120,mSel)) -> -78.726 | K8: =SUM(INDEX(Calc!$D$45:$O$45,1):INDEX(Calc!$D$45:$O$45,mSel)) -> -77.914 | L8: =J8-K8 -> -0.812 | M8: =IFERROR(L8/ABS(K8),0) -> -0.010421747 | N8: =J8-SUM(INDEX(Calc!$D$70:$O$70,1):INDEX(Calc!$D$70:$O$70,mSel)) -> -0.173 | O8: =IFERROR((J8-SUM(INDEX(Calc!$D$95:$O$95,1):INDEX(Calc!$D$95:$O$95,mSel)))/ABS(SUM(INDEX(Calc!$D$95:$O$95,1):INDEX(Calc!$D$95:$O$95,mSel))),0) -> -0.12250834 | Q8: =SUM(Calc!$D$120:$O$120) -> -98.407 | R8: =SUM(Calc!$D$45:$O$45) -> -97.392 | S8: =Q8-R8 -> -1.015 | T8: =IFERROR(S8/ABS(R8),0) -> -0.010421801 | V8: Dummy text. Trade -0.8m: higher rates agreed at Discounters and Hypermarkets partly offset by lower Marketplaces volume deals.
B9: Returns | C9: =INDEX(Calc!$D$121:$O$121,mSel) -> -1.212 | D9: =INDEX(Calc!$D$46:$O$46,mSel) -> -1.188 | E9: =C9-D9 -> -0.024 | F9: =IFERROR(E9/ABS(D9),0) -> -0.02020202 | G9: =C9-INDEX(Calc!$D$71:$O$71,mSel) -> -0.003 | H9: =IFERROR((C9-INDEX(Calc!$D$96:$O$96,mSel))/ABS(INDEX(Calc!$D$96:$O$96,mSel)),0) -> -0.13059701 | J9: =SUM(INDEX(Calc!$D$121:$O$121,1):INDEX(Calc!$D$121:$O$121,mSel)) -> -9.915 | K9: =SUM(INDEX(Calc!$D$46:$O$46,1):INDEX(Calc!$D$46:$O$46,mSel)) -> -9.665 | L9: =J9-K9 -> -0.25 | M9: =IFERROR(L9/ABS(K9),0) -> -0.025866529 | N9: =J9-SUM(INDEX(Calc!$D$71:$O$71,1):INDEX(Calc!$D$71:$O$71,mSel)) -> -0.066 | O9: =IFERROR((J9-SUM(INDEX(Calc!$D$96:$O$96,1):INDEX(Calc!$D$96:$O$96,mSel)))/ABS(SUM(INDEX(Calc!$D$96:$O$96,1):INDEX(Calc!$D$96:$O$96,mSel))),0) -> -0.13430958 | Q9: =SUM(Calc!$D$121:$O$121) -> -12.391 | R9: =SUM(Calc!$D$46:$O$46) -> -12.081 | S9: =Q9-R9 -> -0.31 | T9: =IFERROR(S9/ABS(R9),0) -> -0.025660127
B10: Net revenue | C10: =INDEX(Calc!$D$144:$O$144,mSel) -> 50.745 | D10: =INDEX(Calc!$D$156:$O$156,mSel) -> 51.004 | E10: =C10-D10 -> -0.259 | F10: =IFERROR(E10/ABS(D10),0) -> -0.0050780331 | G10: =C10-INDEX(Calc!$D$168:$O$168,mSel) -> -0.197 | H10: =IFERROR((C10-INDEX(Calc!$D$180:$O$180,mSel))/ABS(INDEX(Calc!$D$180:$O$180,mSel)),0) -> 0.075288184 | J10: =SUM(INDEX(Calc!$D$144:$O$144,1):INDEX(Calc!$D$144:$O$144,mSel)) -> 415.57 | K10: =SUM(INDEX(Calc!$D$156:$O$156,1):INDEX(Calc!$D$156:$O$156,mSel)) -> 416.422 | L10: =J10-K10 -> -0.852 | M10: =IFERROR(L10/ABS(K10),0) -> -0.0020460014 | N10: =J10-SUM(INDEX(Calc!$D$168:$O$168,1):INDEX(Calc!$D$168:$O$168,mSel)) -> -0.437 | O10: =IFERROR((J10-SUM(INDEX(Calc!$D$180:$O$180,1):INDEX(Calc!$D$180:$O$180,mSel)))/ABS(SUM(INDEX(Calc!$D$180:$O$180,1):INDEX(Calc!$D$180:$O$180,mSel))),0) -> 0.080755647 | Q10: =SUM(Calc!$D$144:$O$144) -> 519.531 | R10: =SUM(Calc!$D$156:$O$156) -> 520.526 | S10: =Q10-R10 -> -0.995 | T10: =IFERROR(S10/ABS(R10),0) -> -0.001911528 | V10: Dummy text. Aurelia +4.5m is the strongest brand; Everwood -3.1m on weaker volumes.
B11: Material cost | C11: =INDEX(Calc!$D$122:$O$122,mSel) -> -15.921 | D11: =INDEX(Calc!$D$47:$O$47,mSel) -> -15.797 | E11: =C11-D11 -> -0.124 | F11: =IFERROR(E11/ABS(D11),0) -> -0.0078495917 | G11: =C11-INDEX(Calc!$D$72:$O$72,mSel) -> 0.006 | H11: =IFERROR((C11-INDEX(Calc!$D$97:$O$97,mSel))/ABS(INDEX(Calc!$D$97:$O$97,mSel)),0) -> -0.1111809 | J11: =SUM(INDEX(Calc!$D$122:$O$122,1):INDEX(Calc!$D$122:$O$122,mSel)) -> -130.389 | K11: =SUM(INDEX(Calc!$D$47:$O$47,1):INDEX(Calc!$D$47:$O$47,mSel)) -> -128.977 | L11: =J11-K11 -> -1.412 | M11: =IFERROR(L11/ABS(K11),0) -> -0.010947688 | N11: =J11-SUM(INDEX(Calc!$D$72:$O$72,1):INDEX(Calc!$D$72:$O$72,mSel)) -> -0.324 | O11: =IFERROR((J11-SUM(INDEX(Calc!$D$97:$O$97,1):INDEX(Calc!$D$97:$O$97,mSel)))/ABS(SUM(INDEX(Calc!$D$97:$O$97,1):INDEX(Calc!$D$97:$O$97,mSel))),0) -> -0.1164302 | Q11: =SUM(Calc!$D$122:$O$122) -> -162.991 | R11: =SUM(Calc!$D$47:$O$47) -> -161.227 | S11: =Q11-R11 -> -1.764 | T11: =IFERROR(S11/ABS(R11),0) -> -0.010941095 | V11: Dummy text. Material cost -1.4m, including about 1.5% input inflation against budget.
B12: Conversion cost | C12: =INDEX(Calc!$D$123:$O$123,mSel) -> -3.919 | D12: =INDEX(Calc!$D$48:$O$48,mSel) -> -3.947 | E12: =C12-D12 -> 0.028 | F12: =IFERROR(E12/ABS(D12),0) -> 0.0070939954 | G12: =C12-INDEX(Calc!$D$73:$O$73,mSel) -> 0.022 | H12: =IFERROR((C12-INDEX(Calc!$D$98:$O$98,mSel))/ABS(INDEX(Calc!$D$98:$O$98,mSel)),0) -> -0.077536431 | J12: =SUM(INDEX(Calc!$D$123:$O$123,1):INDEX(Calc!$D$123:$O$123,mSel)) -> -32.118 | K12: =SUM(INDEX(Calc!$D$48:$O$48,1):INDEX(Calc!$D$48:$O$48,mSel)) -> -32.244 | L12: =J12-K12 -> 0.126 | M12: =IFERROR(L12/ABS(K12),0) -> 0.0039077038 | N12: =J12-SUM(INDEX(Calc!$D$73:$O$73,1):INDEX(Calc!$D$73:$O$73,mSel)) -> 0.054 | O12: =IFERROR((J12-SUM(INDEX(Calc!$D$98:$O$98,1):INDEX(Calc!$D$98:$O$98,mSel)))/ABS(SUM(INDEX(Calc!$D$98:$O$98,1):INDEX(Calc!$D$98:$O$98,mSel))),0) -> -0.083530126 | Q12: =SUM(Calc!$D$123:$O$123) -> -40.154 | R12: =SUM(Calc!$D$48:$O$48) -> -40.306 | S12: =Q12-R12 -> 0.152 | T12: =IFERROR(S12/ABS(R12),0) -> 0.0037711507
B13: Inbound freight | C13: =INDEX(Calc!$D$124:$O$124,mSel) -> -2.44 | D13: =INDEX(Calc!$D$49:$O$49,mSel) -> -2.193 | E13: =C13-D13 -> -0.247 | F13: =IFERROR(E13/ABS(D13),0) -> -0.1126311 | G13: =C13-INDEX(Calc!$D$74:$O$74,mSel) -> -0.063 | H13: =IFERROR((C13-INDEX(Calc!$D$99:$O$99,mSel))/ABS(INDEX(Calc!$D$99:$O$99,mSel)),0) -> -0.27149557 | J13: =SUM(INDEX(Calc!$D$124:$O$124,1):INDEX(Calc!$D$124:$O$124,mSel)) -> -19.987 | K13: =SUM(INDEX(Calc!$D$49:$O$49,1):INDEX(Calc!$D$49:$O$49,mSel)) -> -17.909 | L13: =J13-K13 -> -2.078 | M13: =IFERROR(L13/ABS(K13),0) -> -0.11603105 | N13: =J13-SUM(INDEX(Calc!$D$74:$O$74,1):INDEX(Calc!$D$74:$O$74,mSel)) -> -0.572 | O13: =IFERROR((J13-SUM(INDEX(Calc!$D$99:$O$99,1):INDEX(Calc!$D$99:$O$99,mSel)))/ABS(SUM(INDEX(Calc!$D$99:$O$99,1):INDEX(Calc!$D$99:$O$99,mSel))),0) -> -0.27647209 | Q13: =SUM(Calc!$D$124:$O$124) -> -24.97 | R13: =SUM(Calc!$D$49:$O$49) -> -22.386 | S13: =Q13-R13 -> -2.584 | T13: =IFERROR(S13/ABS(R13),0) -> -0.11542929 | V13: Dummy text. Freight -2.1m: lane rates above the budget assumption. Tender planned for Q1.
B14: Gross profit | C14: =INDEX(Calc!$D$146:$O$146,mSel) -> 28.465 | D14: =INDEX(Calc!$D$158:$O$158,mSel) -> 29.067 | E14: =C14-D14 -> -0.602 | F14: =IFERROR(E14/ABS(D14),0) -> -0.020710772 | G14: =C14-INDEX(Calc!$D$170:$O$170,mSel) -> -0.232 | H14: =IFERROR((C14-INDEX(Calc!$D$182:$O$182,mSel))/ABS(INDEX(Calc!$D$182:$O$182,mSel)),0) -> 0.042368537 | J14: =SUM(INDEX(Calc!$D$146:$O$146,1):INDEX(Calc!$D$146:$O$146,mSel)) -> 233.076 | K14: =SUM(INDEX(Calc!$D$158:$O$158,1):INDEX(Calc!$D$158:$O$158,mSel)) -> 237.292 | L14: =J14-K14 -> -4.216 | M14: =IFERROR(L14/ABS(K14),0) -> -0.017767139 | N14: =J14-SUM(INDEX(Calc!$D$170:$O$170,1):INDEX(Calc!$D$170:$O$170,mSel)) -> -1.279 | O14: =IFERROR((J14-SUM(INDEX(Calc!$D$182:$O$182,1):INDEX(Calc!$D$182:$O$182,mSel)))/ABS(SUM(INDEX(Calc!$D$182:$O$182,1):INDEX(Calc!$D$182:$O$182,mSel))),0) -> 0.047876382 | Q14: =SUM(Calc!$D$146:$O$146) -> 291.416 | R14: =SUM(Calc!$D$158:$O$158) -> 296.607 | S14: =Q14-R14 -> -5.191 | T14: =IFERROR(S14/ABS(R14),0) -> -0.017501273
B15: Advertising | C15: =INDEX(Calc!$D$125:$O$125,mSel) -> -2.745 | D15: =INDEX(Calc!$D$50:$O$50,mSel) -> -2.953 | E15: =C15-D15 -> 0.208 | F15: =IFERROR(E15/ABS(D15),0) -> 0.070436844 | G15: =C15-INDEX(Calc!$D$75:$O$75,mSel) -> 0.058 | H15: =IFERROR((C15-INDEX(Calc!$D$100:$O$100,mSel))/ABS(INDEX(Calc!$D$100:$O$100,mSel)),0) -> 0.070436844 | J15: =SUM(INDEX(Calc!$D$125:$O$125,1):INDEX(Calc!$D$125:$O$125,mSel)) -> -22.417 | K15: =SUM(INDEX(Calc!$D$50:$O$50,1):INDEX(Calc!$D$50:$O$50,mSel)) -> -24.113 | L15: =J15-K15 -> 1.696 | M15: =IFERROR(L15/ABS(K15),0) -> 0.070335504 | N15: =J15-SUM(INDEX(Calc!$D$75:$O$75,1):INDEX(Calc!$D$75:$O$75,mSel)) -> 0.475 | O15: =IFERROR((J15-SUM(INDEX(Calc!$D$100:$O$100,1):INDEX(Calc!$D$100:$O$100,mSel)))/ABS(SUM(INDEX(Calc!$D$100:$O$100,1):INDEX(Calc!$D$100:$O$100,mSel))),0) -> 0.070335504 | Q15: =SUM(Calc!$D$125:$O$125) -> -28.033 | R15: =SUM(Calc!$D$50:$O$50) -> -30.142 | S15: =Q15-R15 -> 2.109 | T15: =IFERROR(S15/ABS(R15),0) -> 0.069968814 | V15: Dummy text. Advertising +1.7m: media underspend held as contingency; rephasing under review.
B16: Promotions | C16: =INDEX(Calc!$D$126:$O$126,mSel) -> -1.624 | D16: =INDEX(Calc!$D$51:$O$51,mSel) -> -1.59 | E16: =C16-D16 -> -0.034 | F16: =IFERROR(E16/ABS(D16),0) -> -0.021383648 | G16: =C16-INDEX(Calc!$D$76:$O$76,mSel) -> -0.011 | H16: =IFERROR((C16-INDEX(Calc!$D$101:$O$101,mSel))/ABS(INDEX(Calc!$D$101:$O$101,mSel)),0) -> -0.021383648 | J16: =SUM(INDEX(Calc!$D$126:$O$126,1):INDEX(Calc!$D$126:$O$126,mSel)) -> -13.242 | K16: =SUM(INDEX(Calc!$D$51:$O$51,1):INDEX(Calc!$D$51:$O$51,mSel)) -> -12.972 | L16: =J16-K16 -> -0.27 | M16: =IFERROR(L16/ABS(K16),0) -> -0.020814061 | N16: =J16-SUM(INDEX(Calc!$D$76:$O$76,1):INDEX(Calc!$D$76:$O$76,mSel)) -> -0.066 | O16: =IFERROR((J16-SUM(INDEX(Calc!$D$101:$O$101,1):INDEX(Calc!$D$101:$O$101,mSel)))/ABS(SUM(INDEX(Calc!$D$101:$O$101,1):INDEX(Calc!$D$101:$O$101,mSel))),0) -> -0.020814061 | Q16: =SUM(Calc!$D$126:$O$126) -> -16.551 | R16: =SUM(Calc!$D$51:$O$51) -> -16.219 | S16: =Q16-R16 -> -0.332 | T16: =IFERROR(S16/ABS(R16),0) -> -0.020469819
B17: Outbound logistics | C17: =INDEX(Calc!$D$127:$O$127,mSel) -> -3.139 | D17: =INDEX(Calc!$D$52:$O$52,mSel) -> -3.004 | E17: =C17-D17 -> -0.135 | F17: =IFERROR(E17/ABS(D17),0) -> -0.04494008 | G17: =C17-INDEX(Calc!$D$77:$O$77,mSel) -> -0.031 | H17: =IFERROR((C17-INDEX(Calc!$D$102:$O$102,mSel))/ABS(INDEX(Calc!$D$102:$O$102,mSel)),0) -> -0.14436748 | J17: =SUM(INDEX(Calc!$D$127:$O$127,1):INDEX(Calc!$D$127:$O$127,mSel)) -> -25.693 | K17: =SUM(INDEX(Calc!$D$52:$O$52,1):INDEX(Calc!$D$52:$O$52,mSel)) -> -24.535 | L17: =J17-K17 -> -1.158 | M17: =IFERROR(L17/ABS(K17),0) -> -0.047197881 | N17: =J17-SUM(INDEX(Calc!$D$77:$O$77,1):INDEX(Calc!$D$77:$O$77,mSel)) -> -0.3 | O17: =IFERROR((J17-SUM(INDEX(Calc!$D$102:$O$102,1):INDEX(Calc!$D$102:$O$102,mSel)))/ABS(SUM(INDEX(Calc!$D$102:$O$102,1):INDEX(Calc!$D$102:$O$102,mSel))),0) -> -0.14767499 | Q17: =SUM(Calc!$D$127:$O$127) -> -32.116 | R17: =SUM(Calc!$D$52:$O$52) -> -30.676 | S17: =Q17-R17 -> -1.44 | T17: =IFERROR(S17/ABS(R17),0) -> -0.046942235
B18: Direct selling | C18: =INDEX(Calc!$D$128:$O$128,mSel) -> -1.603 | D18: =INDEX(Calc!$D$53:$O$53,mSel) -> -1.611 | E18: =C18-D18 -> 0.008 | F18: =IFERROR(E18/ABS(D18),0) -> 0.0049658597 | G18: =C18-INDEX(Calc!$D$78:$O$78,mSel) -> 0.007 | H18: =IFERROR((C18-INDEX(Calc!$D$103:$O$103,mSel))/ABS(INDEX(Calc!$D$103:$O$103,mSel)),0) -> -0.072958501 | J18: =SUM(INDEX(Calc!$D$128:$O$128,1):INDEX(Calc!$D$128:$O$128,mSel)) -> -13.129 | K18: =SUM(INDEX(Calc!$D$53:$O$53,1):INDEX(Calc!$D$53:$O$53,mSel)) -> -13.161 | L18: =J18-K18 -> 0.032 | M18: =IFERROR(L18/ABS(K18),0) -> 0.0024314262 | N18: =J18-SUM(INDEX(Calc!$D$78:$O$78,1):INDEX(Calc!$D$78:$O$78,mSel)) -> 0.009 | O18: =IFERROR((J18-SUM(INDEX(Calc!$D$103:$O$103,1):INDEX(Calc!$D$103:$O$103,mSel)))/ABS(SUM(INDEX(Calc!$D$103:$O$103,1):INDEX(Calc!$D$103:$O$103,mSel))),0) -> -0.080754034 | Q18: =SUM(Calc!$D$128:$O$128) -> -16.411 | R18: =SUM(Calc!$D$53:$O$53) -> -16.45 | S18: =Q18-R18 -> 0.039 | T18: =IFERROR(S18/ABS(R18),0) -> 0.0023708207
B19: Contribution margin | C19: =INDEX(Calc!$D$149:$O$149,mSel) -> 19.354 | D19: =INDEX(Calc!$D$161:$O$161,mSel) -> 19.909 | E19: =C19-D19 -> -0.555 | F19: =IFERROR(E19/ABS(D19),0) -> -0.02787684 | G19: =C19-INDEX(Calc!$D$173:$O$173,mSel) -> -0.209 | H19: =IFERROR((C19-INDEX(Calc!$D$185:$O$185,mSel))/ABS(INDEX(Calc!$D$185:$O$185,mSel)),0) -> 0.044581174 | J19: =SUM(INDEX(Calc!$D$149:$O$149,1):INDEX(Calc!$D$149:$O$149,mSel)) -> 158.595 | K19: =SUM(INDEX(Calc!$D$161:$O$161,1):INDEX(Calc!$D$161:$O$161,mSel)) -> 162.511 | L19: =J19-K19 -> -3.916 | M19: =IFERROR(L19/ABS(K19),0) -> -0.02409683 | N19: =J19-SUM(INDEX(Calc!$D$173:$O$173,1):INDEX(Calc!$D$173:$O$173,mSel)) -> -1.161 | O19: =IFERROR((J19-SUM(INDEX(Calc!$D$185:$O$185,1):INDEX(Calc!$D$185:$O$185,mSel)))/ABS(SUM(INDEX(Calc!$D$185:$O$185,1):INDEX(Calc!$D$185:$O$185,mSel))),0) -> 0.051642165 | Q19: =SUM(Calc!$D$149:$O$149) -> 198.305 | R19: =SUM(Calc!$D$161:$O$161) -> 203.12 | S19: =Q19-R19 -> -4.815 | T19: =IFERROR(S19/ABS(R19),0) -> -0.023705199
B20: Personnel | C20: =INDEX(Calc!$D$129:$O$129,mSel) -> -4.39 | D20: =INDEX(Calc!$D$54:$O$54,mSel) -> -4.299 | E20: =C20-D20 -> -0.091 | F20: =IFERROR(E20/ABS(D20),0) -> -0.021167713 | G20: =C20-INDEX(Calc!$D$79:$O$79,mSel) -> -0.018 | H20: =IFERROR((C20-INDEX(Calc!$D$104:$O$104,mSel))/ABS(INDEX(Calc!$D$104:$O$104,mSel)),0) -> -0.069167073 | J20: =SUM(INDEX(Calc!$D$129:$O$129,1):INDEX(Calc!$D$129:$O$129,mSel)) -> -43.135 | K20: =SUM(INDEX(Calc!$D$54:$O$54,1):INDEX(Calc!$D$54:$O$54,mSel)) -> -42.247 | L20: =J20-K20 -> -0.888 | M20: =IFERROR(L20/ABS(K20),0) -> -0.021019244 | N20: =J20-SUM(INDEX(Calc!$D$79:$O$79,1):INDEX(Calc!$D$79:$O$79,mSel)) -> -0.178 | O20: =IFERROR((J20-SUM(INDEX(Calc!$D$104:$O$104,1):INDEX(Calc!$D$104:$O$104,mSel)))/ABS(SUM(INDEX(Calc!$D$104:$O$104,1):INDEX(Calc!$D$104:$O$104,mSel))),0) -> -0.069127051 | Q20: =SUM(Calc!$D$129:$O$129) -> -51.929 | R20: =SUM(Calc!$D$54:$O$54) -> -50.896 | S20: =Q20-R20 -> -1.033 | T20: =IFERROR(S20/ABS(R20),0) -> -0.02029629 | V20: Dummy text. Personnel -0.9m: pay award above budget, partly offset by open vacancies.
B21: Research and development | C21: =INDEX(Calc!$D$130:$O$130,mSel) -> -1 | D21: =INDEX(Calc!$D$55:$O$55,mSel) -> -1.02 | E21: =C21-D21 -> 0.02 | F21: =IFERROR(E21/ABS(D21),0) -> 0.019607843 | G21: =C21-INDEX(Calc!$D$80:$O$80,mSel) -> 0.004 | H21: =IFERROR((C21-INDEX(Calc!$D$105:$O$105,mSel))/ABS(INDEX(Calc!$D$105:$O$105,mSel)),0) -> -0.026694045 | J21: =SUM(INDEX(Calc!$D$130:$O$130,1):INDEX(Calc!$D$130:$O$130,mSel)) -> -10 | K21: =SUM(INDEX(Calc!$D$55:$O$55,1):INDEX(Calc!$D$55:$O$55,mSel)) -> -10.2 | L21: =J21-K21 -> 0.2 | M21: =IFERROR(L21/ABS(K21),0) -> 0.019607843 | N21: =J21-SUM(INDEX(Calc!$D$80:$O$80,1):INDEX(Calc!$D$80:$O$80,mSel)) -> 0.04 | O21: =IFERROR((J21-SUM(INDEX(Calc!$D$105:$O$105,1):INDEX(Calc!$D$105:$O$105,mSel)))/ABS(SUM(INDEX(Calc!$D$105:$O$105,1):INDEX(Calc!$D$105:$O$105,mSel))),0) -> -0.026694045 | Q21: =SUM(Calc!$D$130:$O$130) -> -12.008 | R21: =SUM(Calc!$D$55:$O$55) -> -12.24 | S21: =Q21-R21 -> 0.232 | T21: =IFERROR(S21/ABS(R21),0) -> 0.018954248
B22: IT and facilities | C22: =INDEX(Calc!$D$131:$O$131,mSel) -> -1.28 | D22: =INDEX(Calc!$D$56:$O$56,mSel) -> -1.32 | E22: =C22-D22 -> 0.04 | F22: =IFERROR(E22/ABS(D22),0) -> 0.03030303 | G22: =C22-INDEX(Calc!$D$81:$O$81,mSel) -> 0.008 | H22: =IFERROR((C22-INDEX(Calc!$D$106:$O$106,mSel))/ABS(INDEX(Calc!$D$106:$O$106,mSel)),0) -> -0.015067407 | J22: =SUM(INDEX(Calc!$D$131:$O$131,1):INDEX(Calc!$D$131:$O$131,mSel)) -> -12.8 | K22: =SUM(INDEX(Calc!$D$56:$O$56,1):INDEX(Calc!$D$56:$O$56,mSel)) -> -13.2 | L22: =J22-K22 -> 0.4 | M22: =IFERROR(L22/ABS(K22),0) -> 0.03030303 | N22: =J22-SUM(INDEX(Calc!$D$81:$O$81,1):INDEX(Calc!$D$81:$O$81,mSel)) -> 0.08 | O22: =IFERROR((J22-SUM(INDEX(Calc!$D$106:$O$106,1):INDEX(Calc!$D$106:$O$106,mSel)))/ABS(SUM(INDEX(Calc!$D$106:$O$106,1):INDEX(Calc!$D$106:$O$106,mSel))),0) -> -0.015067407 | Q22: =SUM(Calc!$D$131:$O$131) -> -15.376 | R22: =SUM(Calc!$D$56:$O$56) -> -15.84 | S22: =Q22-R22 -> 0.464 | T22: =IFERROR(S22/ABS(R22),0) -> 0.029292929
B23: Other admin | C23: =INDEX(Calc!$D$132:$O$132,mSel) -> -1.085 | D23: =INDEX(Calc!$D$57:$O$57,mSel) -> -1.13 | E23: =C23-D23 -> 0.045 | F23: =IFERROR(E23/ABS(D23),0) -> 0.039823009 | G23: =C23-INDEX(Calc!$D$82:$O$82,mSel) -> 0.009 | H23: =IFERROR((C23-INDEX(Calc!$D$107:$O$107,mSel))/ABS(INDEX(Calc!$D$107:$O$107,mSel)),0) -> -0.0055607044 | J23: =SUM(INDEX(Calc!$D$132:$O$132,1):INDEX(Calc!$D$132:$O$132,mSel)) -> -10.85 | K23: =SUM(INDEX(Calc!$D$57:$O$57,1):INDEX(Calc!$D$57:$O$57,mSel)) -> -11.3 | L23: =J23-K23 -> 0.45 | M23: =IFERROR(L23/ABS(K23),0) -> 0.039823009 | N23: =J23-SUM(INDEX(Calc!$D$82:$O$82,1):INDEX(Calc!$D$82:$O$82,mSel)) -> 0.09 | O23: =IFERROR((J23-SUM(INDEX(Calc!$D$107:$O$107,1):INDEX(Calc!$D$107:$O$107,mSel)))/ABS(SUM(INDEX(Calc!$D$107:$O$107,1):INDEX(Calc!$D$107:$O$107,mSel))),0) -> -0.0055607044 | Q23: =SUM(Calc!$D$132:$O$132) -> -13.038 | R23: =SUM(Calc!$D$57:$O$57) -> -13.56 | S23: =Q23-R23 -> 0.522 | T23: =IFERROR(S23/ABS(R23),0) -> 0.038495575
B24: EBITDA | C24: =INDEX(Calc!$D$151:$O$151,mSel) -> 11.599 | D24: =INDEX(Calc!$D$163:$O$163,mSel) -> 12.14 | E24: =C24-D24 -> -0.541 | F24: =IFERROR(E24/ABS(D24),0) -> -0.044563427 | G24: =C24-INDEX(Calc!$D$175:$O$175,mSel) -> -0.206 | H24: =IFERROR((C24-INDEX(Calc!$D$187:$O$187,mSel))/ABS(INDEX(Calc!$D$187:$O$187,mSel)),0) -> 0.044202377 | J24: =SUM(INDEX(Calc!$D$151:$O$151,1):INDEX(Calc!$D$151:$O$151,mSel)) -> 81.81 | K24: =SUM(INDEX(Calc!$D$163:$O$163,1):INDEX(Calc!$D$163:$O$163,mSel)) -> 85.564 | L24: =J24-K24 -> -3.754 | M24: =IFERROR(L24/ABS(K24),0) -> -0.043873592 | N24: =J24-SUM(INDEX(Calc!$D$175:$O$175,1):INDEX(Calc!$D$175:$O$175,mSel)) -> -1.129 | O24: =IFERROR((J24-SUM(INDEX(Calc!$D$187:$O$187,1):INDEX(Calc!$D$187:$O$187,mSel)))/ABS(SUM(INDEX(Calc!$D$187:$O$187,1):INDEX(Calc!$D$187:$O$187,mSel))),0) -> 0.058056673 | Q24: =SUM(Calc!$D$151:$O$151) -> 105.954 | R24: =SUM(Calc!$D$163:$O$163) -> 110.584 | S24: =Q24-R24 -> -4.63 | T24: =IFERROR(S24/ABS(R24),0) -> -0.041868625 | V24: Dummy text. See key messages below. Bridge shows what moved EBITDA against budget.
B25: Depreciation and amortisation | C25: =INDEX(Calc!$D$133:$O$133,mSel) -> -1.48 | D25: =INDEX(Calc!$D$58:$O$58,mSel) -> -1.48 | E25: =C25-D25 -> 0 | F25: =IFERROR(E25/ABS(D25),0) -> 0 | G25: =C25-INDEX(Calc!$D$83:$O$83,mSel) -> 0 | H25: =IFERROR((C25-INDEX(Calc!$D$108:$O$108,mSel))/ABS(INDEX(Calc!$D$108:$O$108,mSel)),0) -> -0.047416844 | J25: =SUM(INDEX(Calc!$D$133:$O$133,1):INDEX(Calc!$D$133:$O$133,mSel)) -> -14.8 | K25: =SUM(INDEX(Calc!$D$58:$O$58,1):INDEX(Calc!$D$58:$O$58,mSel)) -> -14.8 | L25: =J25-K25 -> 0 | M25: =IFERROR(L25/ABS(K25),0) -> 0 | N25: =J25-SUM(INDEX(Calc!$D$83:$O$83,1):INDEX(Calc!$D$83:$O$83,mSel)) -> 0 | O25: =IFERROR((J25-SUM(INDEX(Calc!$D$108:$O$108,1):INDEX(Calc!$D$108:$O$108,mSel)))/ABS(SUM(INDEX(Calc!$D$108:$O$108,1):INDEX(Calc!$D$108:$O$108,mSel))),0) -> -0.047416844 | Q25: =SUM(Calc!$D$133:$O$133) -> -17.76 | R25: =SUM(Calc!$D$58:$O$58) -> -17.76 | S25: =Q25-R25 -> 0 | T25: =IFERROR(S25/ABS(R25),0) -> 0
B26: EBIT | C26: =INDEX(Calc!$D$152:$O$152,mSel) -> 10.119 | D26: =INDEX(Calc!$D$164:$O$164,mSel) -> 10.66 | E26: =C26-D26 -> -0.541 | F26: =IFERROR(E26/ABS(D26),0) -> -0.050750469 | G26: =C26-INDEX(Calc!$D$176:$O$176,mSel) -> -0.206 | H26: =IFERROR((C26-INDEX(Calc!$D$188:$O$188,mSel))/ABS(INDEX(Calc!$D$188:$O$188,mSel)),0) -> 0.043733883 | J26: =SUM(INDEX(Calc!$D$152:$O$152,1):INDEX(Calc!$D$152:$O$152,mSel)) -> 67.01 | K26: =SUM(INDEX(Calc!$D$164:$O$164,1):INDEX(Calc!$D$164:$O$164,mSel)) -> 70.764 | L26: =J26-K26 -> -3.754 | M26: =IFERROR(L26/ABS(K26),0) -> -0.053049573 | N26: =J26-SUM(INDEX(Calc!$D$176:$O$176,1):INDEX(Calc!$D$176:$O$176,mSel)) -> -1.129 | O26: =IFERROR((J26-SUM(INDEX(Calc!$D$188:$O$188,1):INDEX(Calc!$D$188:$O$188,mSel)))/ABS(SUM(INDEX(Calc!$D$188:$O$188,1):INDEX(Calc!$D$188:$O$188,mSel))),0) -> 0.060435822 | Q26: =SUM(Calc!$D$152:$O$152) -> 88.194 | R26: =SUM(Calc!$D$164:$O$164) -> 92.824 | S26: =Q26-R26 -> -4.63 | T26: =IFERROR(S26/ABS(R26),0) -> -0.049879342
B27: Net interest | C27: =INDEX(Calc!$D$134:$O$134,mSel) -> -0.684 | D27: =INDEX(Calc!$D$59:$O$59,mSel) -> -0.684 | E27: =C27-D27 -> 0 | F27: =IFERROR(E27/ABS(D27),0) -> 0 | G27: =C27-INDEX(Calc!$D$84:$O$84,mSel) -> 0 | H27: =IFERROR((C27-INDEX(Calc!$D$109:$O$109,mSel))/ABS(INDEX(Calc!$D$109:$O$109,mSel)),0) -> 0.052631579 | J27: =SUM(INDEX(Calc!$D$134:$O$134,1):INDEX(Calc!$D$134:$O$134,mSel)) -> -7.011 | K27: =SUM(INDEX(Calc!$D$59:$O$59,1):INDEX(Calc!$D$59:$O$59,mSel)) -> -7.011 | L27: =J27-K27 -> 0 | M27: =IFERROR(L27/ABS(K27),0) -> 0 | N27: =J27-SUM(INDEX(Calc!$D$84:$O$84,1):INDEX(Calc!$D$84:$O$84,mSel)) -> 0 | O27: =IFERROR((J27-SUM(INDEX(Calc!$D$109:$O$109,1):INDEX(Calc!$D$109:$O$109,mSel)))/ABS(SUM(INDEX(Calc!$D$109:$O$109,1):INDEX(Calc!$D$109:$O$109,mSel))),0) -> 0.051028695 | Q27: =SUM(Calc!$D$134:$O$134) -> -8.379 | R27: =SUM(Calc!$D$59:$O$59) -> -8.379 | S27: =Q27-R27 -> 0 | T27: =IFERROR(S27/ABS(R27),0) -> 0
B28: Profit before tax | C28: =INDEX(Calc!$D$153:$O$153,mSel) -> 9.435 | D28: =INDEX(Calc!$D$165:$O$165,mSel) -> 9.976 | E28: =C28-D28 -> -0.541 | F28: =IFERROR(E28/ABS(D28),0) -> -0.054230152 | G28: =C28-INDEX(Calc!$D$177:$O$177,mSel) -> -0.206 | H28: =IFERROR((C28-INDEX(Calc!$D$189:$O$189,mSel))/ABS(INDEX(Calc!$D$189:$O$189,mSel)),0) -> 0.051487797 | J28: =SUM(INDEX(Calc!$D$153:$O$153,1):INDEX(Calc!$D$153:$O$153,mSel)) -> 59.999 | K28: =SUM(INDEX(Calc!$D$165:$O$165,1):INDEX(Calc!$D$165:$O$165,mSel)) -> 63.753 | L28: =J28-K28 -> -3.754 | M28: =IFERROR(L28/ABS(K28),0) -> -0.058883504 | N28: =J28-SUM(INDEX(Calc!$D$177:$O$177,1):INDEX(Calc!$D$177:$O$177,mSel)) -> -1.129 | O28: =IFERROR((J28-SUM(INDEX(Calc!$D$189:$O$189,1):INDEX(Calc!$D$189:$O$189,mSel)))/ABS(SUM(INDEX(Calc!$D$189:$O$189,1):INDEX(Calc!$D$189:$O$189,mSel))),0) -> 0.07519309 | Q28: =SUM(Calc!$D$153:$O$153) -> 79.815 | R28: =SUM(Calc!$D$165:$O$165) -> 84.445 | S28: =Q28-R28 -> -4.63 | T28: =IFERROR(S28/ABS(R28),0) -> -0.054828587
B29: Tax | C29: =INDEX(Calc!$D$135:$O$135,mSel) -> -2.359 | D29: =INDEX(Calc!$D$60:$O$60,mSel) -> -2.493 | E29: =C29-D29 -> 0.134 | F29: =IFERROR(E29/ABS(D29),0) -> 0.053750501 | G29: =C29-INDEX(Calc!$D$85:$O$85,mSel) -> 0.052 | H29: =IFERROR((C29-INDEX(Calc!$D$110:$O$110,mSel))/ABS(INDEX(Calc!$D$110:$O$110,mSel)),0) -> -0.051247772 | J29: =SUM(INDEX(Calc!$D$135:$O$135,1):INDEX(Calc!$D$135:$O$135,mSel)) -> -15.004 | K29: =SUM(INDEX(Calc!$D$60:$O$60,1):INDEX(Calc!$D$60:$O$60,mSel)) -> -15.936 | L29: =J29-K29 -> 0.932 | M29: =IFERROR(L29/ABS(K29),0) -> 0.058483936 | N29: =J29-SUM(INDEX(Calc!$D$85:$O$85,1):INDEX(Calc!$D$85:$O$85,mSel)) -> 0.28 | O29: =IFERROR((J29-SUM(INDEX(Calc!$D$110:$O$110,1):INDEX(Calc!$D$110:$O$110,mSel)))/ABS(SUM(INDEX(Calc!$D$110:$O$110,1):INDEX(Calc!$D$110:$O$110,mSel))),0) -> -0.075555556 | Q29: =SUM(Calc!$D$135:$O$135) -> -19.958 | R29: =SUM(Calc!$D$60:$O$60) -> -21.113 | S29: =Q29-R29 -> 1.155 | T29: =IFERROR(S29/ABS(R29),0) -> 0.054705632
B30: Net income | C30: =INDEX(Calc!$D$154:$O$154,mSel) -> 7.076 | D30: =INDEX(Calc!$D$166:$O$166,mSel) -> 7.483 | E30: =C30-D30 -> -0.407 | F30: =IFERROR(E30/ABS(D30),0) -> -0.054389951 | G30: =C30-INDEX(Calc!$D$178:$O$178,mSel) -> -0.154 | H30: =IFERROR((C30-INDEX(Calc!$D$190:$O$190,mSel))/ABS(INDEX(Calc!$D$190:$O$190,mSel)),0) -> 0.051567841 | J30: =SUM(INDEX(Calc!$D$154:$O$154,1):INDEX(Calc!$D$154:$O$154,mSel)) -> 44.995 | K30: =SUM(INDEX(Calc!$D$166:$O$166,1):INDEX(Calc!$D$166:$O$166,mSel)) -> 47.817 | L30: =J30-K30 -> -2.822 | M30: =IFERROR(L30/ABS(K30),0) -> -0.059016668 | N30: =J30-SUM(INDEX(Calc!$D$178:$O$178,1):INDEX(Calc!$D$178:$O$178,mSel)) -> -0.849 | O30: =IFERROR((J30-SUM(INDEX(Calc!$D$190:$O$190,1):INDEX(Calc!$D$190:$O$190,mSel)))/ABS(SUM(INDEX(Calc!$D$190:$O$190,1):INDEX(Calc!$D$190:$O$190,mSel))),0) -> 0.075072277 | Q30: =SUM(Calc!$D$154:$O$154) -> 59.857 | R30: =SUM(Calc!$D$166:$O$166) -> 63.332 | S30: =Q30-R30 -> -3.475 | T30: =IFERROR(S30/ABS(R30),0) -> -0.054869576
B31: Gross margin % | C31: =IFERROR(C14/C10,0) -> 0.56094196 | D31: =IFERROR(D14/D10,0) -> 0.56989648 | E31: =(C31-D31)*100 -> -0.8954514 | G31: =(C31-IFERROR(INDEX(Calc!$D$170:$O$170,mSel)/INDEX(Calc!$D$168:$O$168,mSel),0))*100 -> -0.23849561 | H31: =(C31-IFERROR(INDEX(Calc!$D$182:$O$182,mSel)/INDEX(Calc!$D$180:$O$180,mSel),0))*100 -> -1.7715435 | J31: =IFERROR(J14/J10,0) -> 0.56085858 | K31: =IFERROR(K14/K10,0) -> 0.56983541 | L31: =(J31-K31)*100 -> -0.89768276 | N31: =(J31-IFERROR(SUM(INDEX(Calc!$D$170:$O$170,1):INDEX(Calc!$D$170:$O$170,mSel))/SUM(INDEX(Calc!$D$168:$O$168,1):INDEX(Calc!$D$168:$O$168,mSel)),0))*100 -> -0.24853063 | O31: =(J31-IFERROR(SUM(INDEX(Calc!$D$182:$O$182,1):INDEX(Calc!$D$182:$O$182,mSel))/SUM(INDEX(Calc!$D$180:$O$180,1):INDEX(Calc!$D$180:$O$180,mSel)),0))*100 -> -1.7598085 | Q31: =IFERROR(Q14/Q10,0) -> 0.56092129 | R31: =IFERROR(R14/R10,0) -> 0.56982168 | S31: =(Q31-R31)*100 -> -0.89003879
B32: Contribution margin % | C32: =IFERROR(C19/C10,0) -> 0.38139718 | D32: =IFERROR(D19/D10,0) -> 0.39034193 | E32: =(C32-D32)*100 -> -0.8944752 | G32: =(C32-IFERROR(INDEX(Calc!$D$173:$O$173,mSel)/INDEX(Calc!$D$168:$O$168,mSel),0))*100 -> -0.26277876 | H32: =(C32-IFERROR(INDEX(Calc!$D$185:$O$185,mSel)/INDEX(Calc!$D$180:$O$180,mSel),0))*100 -> -1.1211735 | J32: =IFERROR(J19/J10,0) -> 0.38163246 | K32: =IFERROR(K19/K10,0) -> 0.39025556 | L32: =(J32-K32)*100 -> -0.86231014 | N32: =(J32-IFERROR(SUM(INDEX(Calc!$D$173:$O$173,1):INDEX(Calc!$D$173:$O$173,mSel))/SUM(INDEX(Calc!$D$168:$O$168,1):INDEX(Calc!$D$168:$O$168,mSel)),0))*100 -> -0.23899276 | O32: =(J32-IFERROR(SUM(INDEX(Calc!$D$185:$O$185,1):INDEX(Calc!$D$185:$O$185,mSel))/SUM(INDEX(Calc!$D$180:$O$180,1):INDEX(Calc!$D$180:$O$180,mSel)),0))*100 -> -1.0565048 | Q32: =IFERROR(Q19/Q10,0) -> 0.38170003 | R32: =IFERROR(R19/R10,0) -> 0.39022066 | S32: =(Q32-R32)*100 -> -0.85206281
B33: EBITDA margin % | C33: =IFERROR(C24/C10,0) -> 0.22857424 | D33: =IFERROR(D24/D10,0) -> 0.23802055 | E33: =(C33-D33)*100 -> -0.94463036 | G33: =(C33-IFERROR(INDEX(Calc!$D$175:$O$175,mSel)/INDEX(Calc!$D$168:$O$168,mSel),0))*100 -> -0.31598852 | H33: =(C33-IFERROR(INDEX(Calc!$D$187:$O$187,mSel)/INDEX(Calc!$D$180:$O$180,mSel),0))*100 -> -0.6804634 | J33: =IFERROR(J24/J10,0) -> 0.19686214 | K33: =IFERROR(K24/K10,0) -> 0.20547425 | L33: =(J33-K33)*100 -> -0.86121133 | N33: =(J33-IFERROR(SUM(INDEX(Calc!$D$175:$O$175,1):INDEX(Calc!$D$175:$O$175,mSel))/SUM(INDEX(Calc!$D$168:$O$168,1):INDEX(Calc!$D$168:$O$168,mSel)),0))*100 -> -0.25071002 | O33: =(J33-IFERROR(SUM(INDEX(Calc!$D$187:$O$187,1):INDEX(Calc!$D$187:$O$187,mSel))/SUM(INDEX(Calc!$D$180:$O$180,1):INDEX(Calc!$D$180:$O$180,mSel)),0))*100 -> -0.42233737 | Q33: =IFERROR(Q24/Q10,0) -> 0.20394163 | R33: =IFERROR(R24/R10,0) -> 0.21244664 | S33: =(Q33-R33)*100 -> -0.85050085
B34: EBIT margin % | C34: =IFERROR(C26/C10,0) -> 0.19940881 | D34: =IFERROR(D26/D10,0) -> 0.20900322 | E34: =(C34-D34)*100 -> -0.95944067 | G34: =(C34-IFERROR(INDEX(Calc!$D$176:$O$176,mSel)/INDEX(Calc!$D$168:$O$168,mSel),0))*100 -> -0.32726722 | H34: =(C34-IFERROR(INDEX(Calc!$D$188:$O$188,mSel)/INDEX(Calc!$D$180:$O$180,mSel),0))*100 -> -0.60285535 | J34: =IFERROR(J26/J10,0) -> 0.16124841 | K34: =IFERROR(K26/K10,0) -> 0.16993338 | L34: =(J34-K34)*100 -> -0.86849791 | N34: =(J34-IFERROR(SUM(INDEX(Calc!$D$176:$O$176,1):INDEX(Calc!$D$176:$O$176,mSel))/SUM(INDEX(Calc!$D$168:$O$168,1):INDEX(Calc!$D$168:$O$168,mSel)),0))*100 -> -0.25445111 | O34: =(J34-IFERROR(SUM(INDEX(Calc!$D$188:$O$188,1):INDEX(Calc!$D$188:$O$188,mSel))/SUM(INDEX(Calc!$D$180:$O$180,1):INDEX(Calc!$D$180:$O$180,mSel)),0))*100 -> -0.30898046 | Q34: =IFERROR(Q26/Q10,0) -> 0.16975695 | R34: =IFERROR(R26/R10,0) -> 0.17832731 | S34: =(Q34-R34)*100 -> -0.85703535
B35: Net income margin % | C35: =IFERROR(C30/C10,0) -> 0.13944231 | D35: =IFERROR(D30/D10,0) -> 0.14671398 | E35: =(C35-D35)*100 -> -0.72716736 | G35: =(C35-IFERROR(INDEX(Calc!$D$178:$O$178,mSel)/INDEX(Calc!$D$168:$O$168,mSel),0))*100 -> -0.24838025 | H35: =(C35-IFERROR(INDEX(Calc!$D$190:$O$190,mSel)/INDEX(Calc!$D$180:$O$180,mSel),0))*100 -> -0.31454171 | J35: =IFERROR(J30/J10,0) -> 0.10827297 | K35: =IFERROR(K30/K10,0) -> 0.11482823 | L35: =(J35-K35)*100 -> -0.65552527 | N35: =(J35-IFERROR(SUM(INDEX(Calc!$D$178:$O$178,1):INDEX(Calc!$D$178:$O$178,mSel))/SUM(INDEX(Calc!$D$168:$O$168,1):INDEX(Calc!$D$168:$O$168,mSel)),0))*100 -> -0.19270943 | O35: =(J35-IFERROR(SUM(INDEX(Calc!$D$190:$O$190,1):INDEX(Calc!$D$190:$O$190,mSel))/SUM(INDEX(Calc!$D$180:$O$180,1):INDEX(Calc!$D$180:$O$180,mSel)),0))*100 -> -0.057238518 | Q35: =IFERROR(Q30/Q10,0) -> 0.11521353 | R35: =IFERROR(R30/R10,0) -> 0.12166923 | S35: =(Q35-R35)*100 -> -0.64557055
B37: Executive commentary (type over the yellow cells) | Q37: Risks and opportunities to the full-year EBITDA outlook
B38: Key message | C38: Dummy text. Net revenue is -0.9m vs budget year to date. Marketplaces and Aurelia are ahead; Hypermarkets and Everwood are behind. Replace with your own view each month. | Q38: Type | R38: Impact | S38: Prob. | T38: Weighted | V38: Item and owner
Q39: Risk | R39: -1.8 | S39: 0.6 | T39: =R39*S39 -> -1.08 | V39: Dummy: Discounter trade terms renewal above plan (Sales)
Q40: Risk | R40: -1.2 | S40: 0.4 | T40: =R40*S40 -> -0.48 | V40: Dummy: Freight rates stay elevated into Q4 (Supply Chain)
B41: What changed vs forecast | C41: Dummy text. Actuals moved broadly as the last forecast expected. Marketplaces came in a little ahead and the Everwood recovery was slower. | Q41: Risk | R41: -0.9 | S41: 0.3 | T41: =R41*S41 -> -0.27 | V41: Dummy: Everwood clearance to reduce excess stock (Commercial)
Q42: Opp | R42: 1.5 | S42: 0.5 | T42: =R42*S42 -> 0.75 | V42: Dummy: Marketplaces peak-season momentum (E-commerce)
Q43: Opp | R43: 1 | S43: 0.6 | T43: =R43*S43 -> 0.6 | V43: Dummy: A&P rephasing into next year (Marketing)
B44: Actions and owners | C44: Dummy text. 1) Reset trade terms with Discounters (Sales Director, Dec). 2) Rephase Tindra launch A&P (Marketing, Nov). 3) Freight tender (Supply Chain, Q1). | Q44: Opp | R44: 0.6 | S44: 0.5 | T44: =R44*S44 -> 0.3 | V44: Dummy: Vacancy savings in overheads (HR)
Q45: FY EBITDA latest estimate | T45: =Q24 -> 105.954
Q46: Weighted risks and opportunities | T46: =SUM(T39:T44) -> -0.18
B47: Decisions needed | C47: Dummy text. Approve Q4 A&P rephasing and the inventory reduction plan for Everwood. | Q47: Risk-adjusted FY EBITDA | T47: =T45+T46 -> 105.774
Q48: Gap to FY budget | T48: =T47-R24 -> -4.81
V49: Impact in reporting units. Probability 0 to 100%. Weighted = impact x probability.
B51: Variance visuals

Sheet Channel
B2: =Company&": Channel profitability" -> Coskun Finance: Channel profitability
B3: =PerLbl&" | "&UnitLbl&" | period set on Summary" -> YTD Oct 2026 | $m | period set on Summary
B4: Summary | D4: P&L | F4: Channel | H4: Brand | J4: Data | L4: Guide
B5: ="Channel scoreboard: "&PerLbl -> Channel scoreboard: YTD Oct 2026 | V5: Focus channel: | W5: Marketplaces
B6: LARGEST CHANNEL | F6: HIGHEST CM % | J6: LOWEST CM % | N6: BIGGEST BEAT VS BUDGET | R6: BIGGEST MISS VS BUDGET | V6: TOTAL CONTRIBUTION MARGIN
B7: =INDEX($B$14:$B$19,MATCH(MAX($E$14:$E$19),$E$14:$E$19,0)) -> Hypermarkets | F7: =INDEX($B$14:$B$19,MATCH(MAX($R$14:$R$19),$R$14:$R$19,0)) -> Distributors | J7: =INDEX($B$14:$B$19,MATCH(MIN($R$14:$R$19),$R$14:$R$19,0)) -> Discounters | N7: =INDEX($B$14:$B$19,MATCH(MAX($G$14:$G$19),$G$14:$G$19,0)) -> Marketplaces | R7: =INDEX($B$14:$B$19,MATCH(MIN($G$14:$G$19),$G$14:$G$19,0)) -> Hypermarkets | V7: =$O$20 -> 158.595
B9: =UnitLbl&" "&FIXED(MAX($E$14:$E$19),1)&" | "&FIXED(INDEX($K$14:$K$19,MATCH(MAX($E$14:$E$19),$E$14:$E$19,0))*100,1)&"% of net revenue" -> $m 114.3 | 27.5% of net revenue | F9: ="CM "&FIXED(MAX($R$14:$R$19)*100,1)&"% vs total "&FIXED($R$20*100,1)&"%" -> CM 46.9% vs total 38.2% | J9: ="CM "&FIXED(MIN($R$14:$R$19)*100,1)&"%, gap to total "&FIXED(($R$20-MIN($R$14:$R$19))*100,1)&"pp" -> CM 35.2%, gap to total 3.0pp | N9: =IF(MAX($G$14:$G$19)>=0,"+","-")&FIXED(ABS(MAX($G$14:$G$19)),1)&" "&UnitLbl&" net revenue" -> +5.9 $m net revenue | R9: =IF(MIN($G$14:$G$19)>=0,"+","-")&FIXED(ABS(MIN($G$14:$G$19)),1)&" "&UnitLbl&" net revenue" -> -5.9 $m net revenue | V9: ="CM % "&FIXED($R$20*100,1)&"%, "&IF($T$20>=0,"+","-")&FIXED(ABS($T$20),1)&"pp vs budget" -> CM % 38.2%, -0.9pp vs budget
B12: Channel scorecard, ranked by net revenue
B13: Channel | E13: ="NR "&AcLbl -> NR Actual | F13: NR Budget | G13: Var vs BU | H13: Var % vs BU | I13: Var % vs FC | J13: Var % vs PY | K13: Mix % | L13: Gross margin | M13: Trade rate % GS | N13: Cost to serve % | O13: ="CM "&AcLbl -> CM Actual | P13: CM Budget | Q13: CM var vs BU | R13: CM % | S13: CM % Budget | T13: CM % var | U13: DSO days | V13: Net revenue trend (Jan to Dec)
B14: =INDEX(lstChannel,Calc!$C$374) -> Hypermarkets | E14: =INDEX(Calc!$G$346:$G$351,Calc!$C$374) -> 114.257 | F14: =INDEX(Calc!$G$353:$G$358,Calc!$C$374) -> 120.205 | G14: =E14-F14 -> -5.948 | H14: =IFERROR(G14/ABS(F14),0) -> -0.049482135 | I14: =IFERROR(E14/INDEX(Calc!$G$360:$G$365,Calc!$C$374)-1,0) -> -0.012036421 | J14: =IFERROR(E14/INDEX(Calc!$G$367:$G$372,Calc!$C$374)-1,0) -> 0.013797448 | K14: =IFERROR(E14/E$20,0) -> 0.27494044 | L14: =IFERROR(INDEX(Calc!$I$346:$I$351,Calc!$C$374)/E14,0) -> 0.54134101 | M14: =IFERROR(-(INDEX(Calc!$E$346:$E$351,Calc!$C$374)+INDEX(Calc!$F$346:$F$351,Calc!$C$374))/INDEX(Calc!$D$346:$D$351,Calc!$C$374),0) -> 0.21102495 | N14: =IFERROR(-INDEX(Calc!$K$346:$K$351,Calc!$C$374)/E14,0) -> 0.090261428 | O14: =INDEX(Calc!$L$346:$L$351,Calc!$C$374) -> 40.838 | P14: =INDEX(Calc!$L$353:$L$358,Calc!$C$374) -> 44.757 | Q14: =O14-P14 -> -3.919 | R14: =IFERROR(O14/E14,0) -> 0.3574223 | S14: =IFERROR(P14/F14,0) -> 0.37233892 | T14: =(R14-S14)*100 -> -1.4916619 | U14: =IFERROR(INDEX(Calc!$M$346:$M$351,Calc!$C$374)/INDEX(Calc!$N$346:$N$351,Calc!$C$374)*30.4*WinM,0) -> 58.001327
B15: =INDEX(lstChannel,Calc!$C$375) -> Supermarkets | E15: =INDEX(Calc!$G$346:$G$351,Calc!$C$375) -> 100.114 | F15: =INDEX(Calc!$G$353:$G$358,Calc!$C$375) -> 100.15 | G15: =E15-F15 -> -0.036 | H15: =IFERROR(G15/ABS(F15),0) -> -0.00035946081 | I15: =IFERROR(E15/INDEX(Calc!$G$360:$G$365,Calc!$C$375)-1,0) -> -0.0038011463 | J15: =IFERROR(E15/INDEX(Calc!$G$367:$G$372,Calc!$C$375)-1,0) -> 0.064114283 | K15: =IFERROR(E15/E$20,0) -> 0.24090767 | L15: =IFERROR(INDEX(Calc!$I$346:$I$351,Calc!$C$375)/E15,0) -> 0.56173962 | M15: =IFERROR(-(INDEX(Calc!$E$346:$E$351,Calc!$C$375)+INDEX(Calc!$F$346:$F$351,Calc!$C$375))/INDEX(Calc!$D$346:$D$351,Calc!$C$375),0) -> 0.17399053 | N15: =IFERROR(-INDEX(Calc!$K$346:$K$351,Calc!$C$375)/E15,0) -> 0.086171764 | O15: =INDEX(Calc!$L$346:$L$351,Calc!$C$375) -> 39.053 | P15: =INDEX(Calc!$L$353:$L$358,Calc!$C$375) -> 39.795 | Q15: =O15-P15 -> -0.742 | R15: =IFERROR(O15/E15,0) -> 0.3900853 | S15: =IFERROR(P15/F15,0) -> 0.39735397 | T15: =(R15-S15)*100 -> -0.72686663 | U15: =IFERROR(INDEX(Calc!$M$346:$M$351,Calc!$C$375)/INDEX(Calc!$N$346:$N$351,Calc!$C$375)*30.4*WinM,0) -> 52.998684
B16: =INDEX(lstChannel,Calc!$C$376) -> Marketplaces | E16: =INDEX(Calc!$G$346:$G$351,Calc!$C$376) -> 74.471 | F16: =INDEX(Calc!$G$353:$G$358,Calc!$C$376) -> 68.543 | G16: =E16-F16 -> 5.928 | H16: =IFERROR(G16/ABS(F16),0) -> 0.086485856 | I16: =IFERROR(E16/INDEX(Calc!$G$360:$G$365,Calc!$C$376)-1,0) -> 0.021592109 | J16: =IFERROR(E16/INDEX(Calc!$G$367:$G$372,Calc!$C$376)-1,0) -> 0.27641231 | K16: =IFERROR(E16/E$20,0) -> 0.17920206 | L16: =IFERROR(INDEX(Calc!$I$346:$I$351,Calc!$C$376)/E16,0) -> 0.5751232 | M16: =IFERROR(-(INDEX(Calc!$E$346:$E$351,Calc!$C$376)+INDEX(Calc!$F$346:$F$351,Calc!$C$376))/INDEX(Calc!$D$346:$D$351,Calc!$C$376),0) -> 0.1479973 | N16: =IFERROR(-INDEX(Calc!$K$346:$K$351,Calc!$C$376)/E16,0) -> 0.11417867 | O16: =INDEX(Calc!$L$346:$L$351,Calc!$C$376) -> 28.623 | P16: =INDEX(Calc!$L$353:$L$358,Calc!$C$376) -> 26.287 | Q16: =O16-P16 -> 2.336 | R16: =IFERROR(O16/E16,0) -> 0.38435096 | S16: =IFERROR(P16/F16,0) -> 0.38351108 | T16: =(R16-S16)*100 -> 0.083987477 | U16: =IFERROR(INDEX(Calc!$M$346:$M$351,Calc!$C$376)/INDEX(Calc!$N$346:$N$351,Calc!$C$376)*30.4*WinM,0) -> 28.000127
B17: =INDEX(lstChannel,Calc!$C$377) -> Discounters | E17: =INDEX(Calc!$G$346:$G$351,Calc!$C$377) -> 51.363 | F17: =INDEX(Calc!$G$353:$G$358,Calc!$C$377) -> 54.338 | G17: =E17-F17 -> -2.975 | H17: =IFERROR(G17/ABS(F17),0) -> -0.054749899 | I17: =IFERROR(E17/INDEX(Calc!$G$360:$G$365,Calc!$C$377)-1,0) -> -0.017182985 | J17: =IFERROR(E17/INDEX(Calc!$G$367:$G$372,Calc!$C$377)-1,0) -> 0.0040464462 | K17: =IFERROR(E17/E$20,0) -> 0.12359651 | L17: =IFERROR(INDEX(Calc!$I$346:$I$351,Calc!$C$377)/E17,0) -> 0.52259409 | M17: =IFERROR(-(INDEX(Calc!$E$346:$E$351,Calc!$C$377)+INDEX(Calc!$F$346:$F$351,Calc!$C$377))/INDEX(Calc!$D$346:$D$351,Calc!$C$377),0) -> 0.24197524 | N17: =IFERROR(-INDEX(Calc!$K$346:$K$351,Calc!$C$377)/E17,0) -> 0.07390534 | O17: =INDEX(Calc!$L$346:$L$351,Calc!$C$377) -> 18.056 | P17: =INDEX(Calc!$L$353:$L$358,Calc!$C$377) -> 20.187 | Q17: =O17-P17 -> -2.131 | R17: =IFERROR(O17/E17,0) -> 0.3515371 | S17: =IFERROR(P17/F17,0) -> 0.37150797 | T17: =(R17-S17)*100 -> -1.997087 | U17: =IFERROR(INDEX(Calc!$M$346:$M$351,Calc!$C$377)/INDEX(Calc!$N$346:$N$351,Calc!$C$377)*30.4*WinM,0) -> 48.005035
B18: =INDEX(lstChannel,Calc!$C$378) -> Distributors | E18: =INDEX(Calc!$G$346:$G$351,Calc!$C$378) -> 45.909 | F18: =INDEX(Calc!$G$353:$G$358,Calc!$C$378) -> 45.361 | G18: =E18-F18 -> 0.548 | H18: =IFERROR(G18/ABS(F18),0) -> 0.012080862 | I18: =IFERROR(E18/INDEX(Calc!$G$360:$G$365,Calc!$C$378)-1,0) -> 0.0056295453 | J18: =IFERROR(E18/INDEX(Calc!$G$367:$G$372,Calc!$C$378)-1,0) -> 0.088716562 | K18: =IFERROR(E18/E$20,0) -> 0.11047236 | L18: =IFERROR(INDEX(Calc!$I$346:$I$351,Calc!$C$378)/E18,0) -> 0.5977695 | M18: =IFERROR(-(INDEX(Calc!$E$346:$E$351,Calc!$C$378)+INDEX(Calc!$F$346:$F$351,Calc!$C$378))/INDEX(Calc!$D$346:$D$351,Calc!$C$378),0) -> 0.099947066 | N18: =IFERROR(-INDEX(Calc!$K$346:$K$351,Calc!$C$378)/E18,0) -> 0.051013962 | O18: =INDEX(Calc!$L$346:$L$351,Calc!$C$378) -> 21.535 | P18: =INDEX(Calc!$L$353:$L$358,Calc!$C$378) -> 21.476 | Q18: =O18-P18 -> 0.059 | R18: =IFERROR(O18/E18,0) -> 0.46908014 | S18: =IFERROR(P18/F18,0) -> 0.47344635 | T18: =(R18-S18)*100 -> -0.43662158 | U18: =IFERROR(INDEX(Calc!$M$346:$M$351,Calc!$C$378)/INDEX(Calc!$N$346:$N$351,Calc!$C$378)*30.4*WinM,0) -> 73.00026
B19: =INDEX(lstChannel,Calc!$C$379) -> Direct to Consumer | E19: =INDEX(Calc!$G$346:$G$351,Calc!$C$379) -> 29.456 | F19: =INDEX(Calc!$G$353:$G$358,Calc!$C$379) -> 27.825 | G19: =E19-F19 -> 1.631 | H19: =IFERROR(G19/ABS(F19),0) -> 0.058616352 | I19: =IFERROR(E19/INDEX(Calc!$G$360:$G$365,Calc!$C$379)-1,0) -> 0.013906099 | J19: =IFERROR(E19/INDEX(Calc!$G$367:$G$372,Calc!$C$379)-1,0) -> 0.13005448 | K19: =IFERROR(E19/E$20,0) -> 0.070880959 | L19: =IFERROR(INDEX(Calc!$I$346:$I$351,Calc!$C$379)/E19,0) -> 0.60670152 | M19: =IFERROR(-(INDEX(Calc!$E$346:$E$351,Calc!$C$379)+INDEX(Calc!$F$346:$F$351,Calc!$C$379))/INDEX(Calc!$D$346:$D$351,Calc!$C$379),0) -> 0.080046223 | N19: =IFERROR(-INDEX(Calc!$K$346:$K$351,Calc!$C$379)/E19,0) -> 0.1779264 | O19: =INDEX(Calc!$L$346:$L$351,Calc!$C$379) -> 10.49 | P19: =INDEX(Calc!$L$353:$L$358,Calc!$C$379) -> 10.009 | Q19: =O19-P19 -> 0.481 | R19: =IFERROR(O19/E19,0) -> 0.35612439 | S19: =IFERROR(P19/F19,0) -> 0.35971249 | T19: =(R19-S19)*100 -> -0.35880999 | U19: =IFERROR(INDEX(Calc!$M$346:$M$351,Calc!$C$379)/INDEX(Calc!$N$346:$N$351,Calc!$C$379)*30.4*WinM,0) -> 5.9922487
B20: Total | E20: =SUM(Calc!$G$346:$G$351) -> 415.57 | F20: =SUM(Calc!$G$353:$G$358) -> 416.422 | G20: =E20-F20 -> -0.852 | H20: =IFERROR(G20/ABS(F20),0) -> -0.0020460014 | I20: =IFERROR(E20/SUM(Calc!$G$360:$G$365)-1,0) -> -0.0010504631 | J20: =IFERROR(E20/SUM(Calc!$G$367:$G$372)-1,0) -> 0.080755647 | K20: =IFERROR(E20/E$20,0) -> 1 | L20: =IFERROR(SUM(Calc!$I$346:$I$351)/E20,0) -> 0.56085858 | M20: =IFERROR(-(SUM(Calc!$E$346:$E$351)+SUM(Calc!$F$346:$F$351))/SUM(Calc!$D$346:$D$351),0) -> 0.1758014 | N20: =IFERROR(-SUM(Calc!$K$346:$K$351)/E20,0) -> 0.093418678 | O20: =SUM(Calc!$L$346:$L$351) -> 158.595 | P20: =SUM(Calc!$L$353:$L$358) -> 162.511 | Q20: =O20-P20 -> -3.916 | R20: =IFERROR(O20/E20,0) -> 0.38163246 | S20: =IFERROR(P20/F20,0) -> 0.39025556 | T20: =(R20-S20)*100 -> -0.86231014 | U20: =IFERROR(SUM(Calc!$M$346:$M$351)/SUM(Calc!$N$346:$N$351)*30.4*WinM,0) -> 48.148777
B22: Channel performance
B53: ="Channel P&L: "&PerLbl&", "&UnitLbl -> Channel P&L: YTD Oct 2026, $m | N53: ="Contribution margin % heatmap: channel x brand" -> Contribution margin % heatmap: channel x brand
B54: Line | E54: =$B$14 -> Hypermarkets | F54: =$B$15 -> Supermarkets | G54: =$B$16 -> Marketplaces | H54: =$B$17 -> Discounters | I54: =$B$18 -> Distributors | J54: =$B$19 -> Direct to Consumer | K54: Total | L54: Budget | N54: Channel / Brand | Q54: =INDEX(lstBrand,1) -> Aurelia | R54: =INDEX(lstBrand,2) -> Novara | S54: =INDEX(lstBrand,3) -> Kestrel | T54: =INDEX(lstBrand,4) -> Lumio | U54: =INDEX(lstBrand,5) -> Everwood | V54: =INDEX(lstBrand,6) -> Tindra | W54: Total
B55: Gross sales | E55: =INDEX(Calc!$D$346:$D$351,Calc!$C$374) -> 144.817 | F55: =INDEX(Calc!$D$346:$D$351,Calc!$C$375) -> 121.202 | G55: =INDEX(Calc!$D$346:$D$351,Calc!$C$376) -> 87.407 | H55: =INDEX(Calc!$D$346:$D$351,Calc!$C$377) -> 67.759 | I55: =INDEX(Calc!$D$346:$D$351,Calc!$C$378) -> 51.007 | J55: =INDEX(Calc!$D$346:$D$351,Calc!$C$379) -> 32.019 | K55: =SUM(E55:J55) -> 504.211 | L55: =SUM(Calc!$D$353:$D$358) -> 504.001 | N55: =$B$14 -> Hypermarkets | Q55: =IFERROR(SUMIFS(Calc!$F$447:$F$482,Calc!$A$447:$A$482,$N55,Calc!$B$447:$B$482,Q$54)/SUMIFS(Calc!$E$447:$E$482,Calc!$A$447:$A$482,$N55,Calc!$B$447:$B$482,Q$54),0) -> 0.41156645 | R55: =IFERROR(SUMIFS(Calc!$F$447:$F$482,Calc!$A$447:$A$482,$N55,Calc!$B$447:$B$482,R$54)/SUMIFS(Calc!$E$447:$E$482,Calc!$A$447:$A$482,$N55,Calc!$B$447:$B$482,R$54),0) -> 0.36666302 | S55: =IFERROR(SUMIFS(Calc!$F$447:$F$482,Calc!$A$447:$A$482,$N55,Calc!$B$447:$B$482,S$54)/SUMIFS(Calc!$E$447:$E$482,Calc!$A$447:$A$482,$N55,Calc!$B$447:$B$482,S$54),0) -> 0.3399678 | T55: =IFERROR(SUMIFS(Calc!$F$447:$F$482,Calc!$A$447:$A$482,$N55,Calc!$B$447:$B$482,T$54)/SUMIFS(Calc!$E$447:$E$482,Calc!$A$447:$A$482,$N55,Calc!$B$447:$B$482,T$54),0) -> 0.34457595 | U55: =IFERROR(SUMIFS(Calc!$F$447:$F$482,Calc!$A$447:$A$482,$N55,Calc!$B$447:$B$482,U$54)/SUMIFS(Calc!$E$447:$E$482,Calc!$A$447:$A$482,$N55,Calc!$B$447:$B$482,U$54),0) -> 0.29749953 | V55: =IFERROR(SUMIFS(Calc!$F$447:$F$482,Calc!$A$447:$A$482,$N55,Calc!$B$447:$B$482,V$54)/SUMIFS(Calc!$E$447:$E$482,Calc!$A$447:$A$482,$N55,Calc!$B$447:$B$482,V$54),0) -> 0.21120835 | W55: =$R$14 -> 0.3574223
B56: Trade discounts | E56: =INDEX(Calc!$E$346:$E$351,Calc!$C$374) -> -28.385 | F56: =INDEX(Calc!$E$346:$E$351,Calc!$C$375) -> -19.634 | G56: =INDEX(Calc!$E$346:$E$351,Calc!$C$376) -> -9.439 | H56: =INDEX(Calc!$E$346:$E$351,Calc!$C$377) -> -15.717 | I56: =INDEX(Calc!$E$346:$E$351,Calc!$C$378) -> -4.59 | J56: =INDEX(Calc!$E$346:$E$351,Calc!$C$379) -> -0.961 | K56: =SUM(E56:J56) -> -78.726 | L56: =SUM(Calc!$E$353:$E$358) -> -77.914 | N56: =$B$15 -> Supermarkets | Q56: =IFERROR(SUMIFS(Calc!$F$447:$F$482,Calc!$A$447:$A$482,$N56,Calc!$B$447:$B$482,Q$54)/SUMIFS(Calc!$E$447:$E$482,Calc!$A$447:$A$482,$N56,Calc!$B$447:$B$482,Q$54),0) -> 0.44161913 | R56: =IFERROR(SUMIFS(Calc!$F$447:$F$482,Calc!$A$447:$A$482,$N56,Calc!$B$447:$B$482,R$54)/SUMIFS(Calc!$E$447:$E$482,Calc!$A$447:$A$482,$N56,Calc!$B$447:$B$482,R$54),0) -> 0.39891794 | S56: =IFERROR(SUMIFS(Calc!$F$447:$F$482,Calc!$A$447:$A$482,$N56,Calc!$B$447:$B$482,S$54)/SUMIFS(Calc!$E$447:$E$482,Calc!$A$447:$A$482,$N56,Calc!$B$447:$B$482,S$54),0) -> 0.37136591 | T56: =IFERROR(SUMIFS(Calc!$F$447:$F$482,Calc!$A$447:$A$482,$N56,Calc!$B$447:$B$482,T$54)/SUMIFS(Calc!$E$447:$E$482,Calc!$A$447:$A$482,$N56,Calc!$B$447:$B$482,T$54),0) -> 0.38022575 | U56: =IFERROR(SUMIFS(Calc!$F$447:$F$482,Calc!$A$447:$A$482,$N56,Calc!$B$447:$B$482,U$54)/SUMIFS(Calc!$E$447:$E$482,Calc!$A$447:$A$482,$N56,Calc!$B$447:$B$482,U$54),0) -> 0.33197991 | V56: =IFERROR(SUMIFS(Calc!$F$447:$F$482,Calc!$A$447:$A$482,$N56,Calc!$B$447:$B$482,V$54)/SUMIFS(Calc!$E$447:$E$482,Calc!$A$447:$A$482,$N56,Calc!$B$447:$B$482,V$54),0) -> 0.25900094 | W56: =$R$15 -> 0.3900853
B57: Returns | E57: =INDEX(Calc!$F$346:$F$351,Calc!$C$374) -> -2.175 | F57: =INDEX(Calc!$F$346:$F$351,Calc!$C$375) -> -1.454 | G57: =INDEX(Calc!$F$346:$F$351,Calc!$C$376) -> -3.497 | H57: =INDEX(Calc!$F$346:$F$351,Calc!$C$377) -> -0.679 | I57: =INDEX(Calc!$F$346:$F$351,Calc!$C$378) -> -0.508 | J57: =INDEX(Calc!$F$346:$F$351,Calc!$C$379) -> -1.602 | K57: =SUM(E57:J57) -> -9.915 | L57: =SUM(Calc!$F$353:$F$358) -> -9.665 | N57: =$B$16 -> Marketplaces | Q57: =IFERROR(SUMIFS(Calc!$F$447:$F$482,Calc!$A$447:$A$482,$N57,Calc!$B$447:$B$482,Q$54)/SUMIFS(Calc!$E$447:$E$482,Calc!$A$447:$A$482,$N57,Calc!$B$447:$B$482,Q$54),0) -> 0.43555679 | R57: =IFERROR(SUMIFS(Calc!$F$447:$F$482,Calc!$A$447:$A$482,$N57,Calc!$B$447:$B$482,R$54)/SUMIFS(Calc!$E$447:$E$482,Calc!$A$447:$A$482,$N57,Calc!$B$447:$B$482,R$54),0) -> 0.39226184 | S57: =IFERROR(SUMIFS(Calc!$F$447:$F$482,Calc!$A$447:$A$482,$N57,Calc!$B$447:$B$482,S$54)/SUMIFS(Calc!$E$447:$E$482,Calc!$A$447:$A$482,$N57,Calc!$B$447:$B$482,S$54),0) -> 0.36325174 | T57: =IFERROR(SUMIFS(Calc!$F$447:$F$482,Calc!$A$447:$A$482,$N57,Calc!$B$447:$B$482,T$54)/SUMIFS(Calc!$E$447:$E$482,Calc!$A$447:$A$482,$N57,Calc!$B$447:$B$482,T$54),0) -> 0.37715904 | U57: =IFERROR(SUMIFS(Calc!$F$447:$F$482,Calc!$A$447:$A$482,$N57,Calc!$B$447:$B$482,U$54)/SUMIFS(Calc!$E$447:$E$482,Calc!$A$447:$A$482,$N57,Calc!$B$447:$B$482,U$54),0) -> 0.32328967 | V57: =IFERROR(SUMIFS(Calc!$F$447:$F$482,Calc!$A$447:$A$482,$N57,Calc!$B$447:$B$482,V$54)/SUMIFS(Calc!$E$447:$E$482,Calc!$A$447:$A$482,$N57,Calc!$B$447:$B$482,V$54),0) -> 0.26396578 | W57: =$R$16 -> 0.38435096
B58: Net revenue | E58: =INDEX(Calc!$G$346:$G$351,Calc!$C$374) -> 114.257 | F58: =INDEX(Calc!$G$346:$G$351,Calc!$C$375) -> 100.114 | G58: =INDEX(Calc!$G$346:$G$351,Calc!$C$376) -> 74.471 | H58: =INDEX(Calc!$G$346:$G$351,Calc!$C$377) -> 51.363 | I58: =INDEX(Calc!$G$346:$G$351,Calc!$C$378) -> 45.909 | J58: =INDEX(Calc!$G$346:$G$351,Calc!$C$379) -> 29.456 | K58: =SUM(E58:J58) -> 415.57 | L58: =SUM(Calc!$G$353:$G$358) -> 416.422 | N58: =$B$17 -> Discounters | Q58: =IFERROR(SUMIFS(Calc!$F$447:$F$482,Calc!$A$447:$A$482,$N58,Calc!$B$447:$B$482,Q$54)/SUMIFS(Calc!$E$447:$E$482,Calc!$A$447:$A$482,$N58,Calc!$B$447:$B$482,Q$54),0) -> 0.40758041 | R58: =IFERROR(SUMIFS(Calc!$F$447:$F$482,Calc!$A$447:$A$482,$N58,Calc!$B$447:$B$482,R$54)/SUMIFS(Calc!$E$447:$E$482,Calc!$A$447:$A$482,$N58,Calc!$B$447:$B$482,R$54),0) -> 0.36173297 | S58: =IFERROR(SUMIFS(Calc!$F$447:$F$482,Calc!$A$447:$A$482,$N58,Calc!$B$447:$B$482,S$54)/SUMIFS(Calc!$E$447:$E$482,Calc!$A$447:$A$482,$N58,Calc!$B$447:$B$482,S$54),0) -> 0.33333333 | T58: =IFERROR(SUMIFS(Calc!$F$447:$F$482,Calc!$A$447:$A$482,$N58,Calc!$B$447:$B$482,T$54)/SUMIFS(Calc!$E$447:$E$482,Calc!$A$447:$A$482,$N58,Calc!$B$447:$B$482,T$54),0) -> 0.33722527 | U58: =IFERROR(SUMIFS(Calc!$F$447:$F$482,Calc!$A$447:$A$482,$N58,Calc!$B$447:$B$482,U$54)/SUMIFS(Calc!$E$447:$E$482,Calc!$A$447:$A$482,$N58,Calc!$B$447:$B$482,U$54),0) -> 0.29018044 | V58: =IFERROR(SUMIFS(Calc!$F$447:$F$482,Calc!$A$447:$A$482,$N58,Calc!$B$447:$B$482,V$54)/SUMIFS(Calc!$E$447:$E$482,Calc!$A$447:$A$482,$N58,Calc!$B$447:$B$482,V$54),0) -> 0.20331492 | W58: =$R$17 -> 0.3515371
B59: COGS | E59: =INDEX(Calc!$H$346:$H$351,Calc!$C$374) -> -52.405 | F59: =INDEX(Calc!$H$346:$H$351,Calc!$C$375) -> -43.876 | G59: =INDEX(Calc!$H$346:$H$351,Calc!$C$376) -> -31.641 | H59: =INDEX(Calc!$H$346:$H$351,Calc!$C$377) -> -24.521 | I59: =INDEX(Calc!$H$346:$H$351,Calc!$C$378) -> -18.466 | J59: =INDEX(Calc!$H$346:$H$351,Calc!$C$379) -> -11.585 | K59: =SUM(E59:J59) -> -182.494 | L59: =SUM(Calc!$H$353:$H$358) -> -179.13 | N59: =$B$18 -> Distributors | Q59: =IFERROR(SUMIFS(Calc!$F$447:$F$482,Calc!$A$447:$A$482,$N59,Calc!$B$447:$B$482,Q$54)/SUMIFS(Calc!$E$447:$E$482,Calc!$A$447:$A$482,$N59,Calc!$B$447:$B$482,Q$54),0) -> 0.51592453 | R59: =IFERROR(SUMIFS(Calc!$F$447:$F$482,Calc!$A$447:$A$482,$N59,Calc!$B$447:$B$482,R$54)/SUMIFS(Calc!$E$447:$E$482,Calc!$A$447:$A$482,$N59,Calc!$B$447:$B$482,R$54),0) -> 0.47746542 | S59: =IFERROR(SUMIFS(Calc!$F$447:$F$482,Calc!$A$447:$A$482,$N59,Calc!$B$447:$B$482,S$54)/SUMIFS(Calc!$E$447:$E$482,Calc!$A$447:$A$482,$N59,Calc!$B$447:$B$482,S$54),0) -> 0.45128957 | T59: =IFERROR(SUMIFS(Calc!$F$447:$F$482,Calc!$A$447:$A$482,$N59,Calc!$B$447:$B$482,T$54)/SUMIFS(Calc!$E$447:$E$482,Calc!$A$447:$A$482,$N59,Calc!$B$447:$B$482,T$54),0) -> 0.46171342 | U59: =IFERROR(SUMIFS(Calc!$F$447:$F$482,Calc!$A$447:$A$482,$N59,Calc!$B$447:$B$482,U$54)/SUMIFS(Calc!$E$447:$E$482,Calc!$A$447:$A$482,$N59,Calc!$B$447:$B$482,U$54),0) -> 0.4149788 | V59: =IFERROR(SUMIFS(Calc!$F$447:$F$482,Calc!$A$447:$A$482,$N59,Calc!$B$447:$B$482,V$54)/SUMIFS(Calc!$E$447:$E$482,Calc!$A$447:$A$482,$N59,Calc!$B$447:$B$482,V$54),0) -> 0.34950658 | W59: =$R$18 -> 0.46908014
B60: Gross profit | E60: =INDEX(Calc!$I$346:$I$351,Calc!$C$374) -> 61.852 | F60: =INDEX(Calc!$I$346:$I$351,Calc!$C$375) -> 56.238 | G60: =INDEX(Calc!$I$346:$I$351,Calc!$C$376) -> 42.83 | H60: =INDEX(Calc!$I$346:$I$351,Calc!$C$377) -> 26.842 | I60: =INDEX(Calc!$I$346:$I$351,Calc!$C$378) -> 27.443 | J60: =INDEX(Calc!$I$346:$I$351,Calc!$C$379) -> 17.871 | K60: =SUM(E60:J60) -> 233.076 | L60: =SUM(Calc!$I$353:$I$358) -> 237.292 | N60: =$B$19 -> Direct to Consumer | Q60: =IFERROR(SUMIFS(Calc!$F$447:$F$482,Calc!$A$447:$A$482,$N60,Calc!$B$447:$B$482,Q$54)/SUMIFS(Calc!$E$447:$E$482,Calc!$A$447:$A$482,$N60,Calc!$B$447:$B$482,Q$54),0) -> 0.40294324 | R60: =IFERROR(SUMIFS(Calc!$F$447:$F$482,Calc!$A$447:$A$482,$N60,Calc!$B$447:$B$482,R$54)/SUMIFS(Calc!$E$447:$E$482,Calc!$A$447:$A$482,$N60,Calc!$B$447:$B$482,R$54),0) -> 0.36330634 | S60: =IFERROR(SUMIFS(Calc!$F$447:$F$482,Calc!$A$447:$A$482,$N60,Calc!$B$447:$B$482,S$54)/SUMIFS(Calc!$E$447:$E$482,Calc!$A$447:$A$482,$N60,Calc!$B$447:$B$482,S$54),0) -> 0.33788396 | T60: =IFERROR(SUMIFS(Calc!$F$447:$F$482,Calc!$A$447:$A$482,$N60,Calc!$B$447:$B$482,T$54)/SUMIFS(Calc!$E$447:$E$482,Calc!$A$447:$A$482,$N60,Calc!$B$447:$B$482,T$54),0) -> 0.34805443 | U60: =IFERROR(SUMIFS(Calc!$F$447:$F$482,Calc!$A$447:$A$482,$N60,Calc!$B$447:$B$482,U$54)/SUMIFS(Calc!$E$447:$E$482,Calc!$A$447:$A$482,$N60,Calc!$B$447:$B$482,U$54),0) -> 0.30199115 | V60: =IFERROR(SUMIFS(Calc!$F$447:$F$482,Calc!$A$447:$A$482,$N60,Calc!$B$447:$B$482,V$54)/SUMIFS(Calc!$E$447:$E$482,Calc!$A$447:$A$482,$N60,Calc!$B$447:$B$482,V$54),0) -> 0.24341683 | W60: =$R$19 -> 0.35612439
B61: A&P | E61: =INDEX(Calc!$J$346:$J$351,Calc!$C$374) -> -10.701 | F61: =INDEX(Calc!$J$346:$J$351,Calc!$C$375) -> -8.558 | G61: =INDEX(Calc!$J$346:$J$351,Calc!$C$376) -> -5.704 | H61: =INDEX(Calc!$J$346:$J$351,Calc!$C$377) -> -4.99 | I61: =INDEX(Calc!$J$346:$J$351,Calc!$C$378) -> -3.566 | J61: =INDEX(Calc!$J$346:$J$351,Calc!$C$379) -> -2.14 | K61: =SUM(E61:J61) -> -35.659 | L61: =SUM(Calc!$J$353:$J$358) -> -37.085 | N61: ="Net revenue variance to budget, "&UnitLbl -> Net revenue variance to budget, $m
B62: Cost to serve | E62: =INDEX(Calc!$K$346:$K$351,Calc!$C$374) -> -10.313 | F62: =INDEX(Calc!$K$346:$K$351,Calc!$C$375) -> -8.627 | G62: =INDEX(Calc!$K$346:$K$351,Calc!$C$376) -> -8.503 | H62: =INDEX(Calc!$K$346:$K$351,Calc!$C$377) -> -3.796 | I62: =INDEX(Calc!$K$346:$K$351,Calc!$C$378) -> -2.342 | J62: =INDEX(Calc!$K$346:$K$351,Calc!$C$379) -> -5.241 | K62: =SUM(E62:J62) -> -38.822 | L62: =SUM(Calc!$K$353:$K$358) -> -37.696 | N62: Brand | Q62: =INDEX(lstBrand,1) -> Aurelia | R62: =INDEX(lstBrand,2) -> Novara | S62: =INDEX(lstBrand,3) -> Kestrel | T62: =INDEX(lstBrand,4) -> Lumio | U62: =INDEX(lstBrand,5) -> Everwood | V62: =INDEX(lstBrand,6) -> Tindra | W62: Total
B63: Contribution margin | E63: =INDEX(Calc!$L$346:$L$351,Calc!$C$374) -> 40.838 | F63: =INDEX(Calc!$L$346:$L$351,Calc!$C$375) -> 39.053 | G63: =INDEX(Calc!$L$346:$L$351,Calc!$C$376) -> 28.623 | H63: =INDEX(Calc!$L$346:$L$351,Calc!$C$377) -> 18.056 | I63: =INDEX(Calc!$L$346:$L$351,Calc!$C$378) -> 21.535 | J63: =INDEX(Calc!$L$346:$L$351,Calc!$C$379) -> 10.49 | K63: =SUM(E63:J63) -> 158.595 | L63: =SUM(Calc!$L$353:$L$358) -> 162.511 | N63: NR variance | Q63: =SUMIFS(Calc!$E$447:$E$482,Calc!$B$447:$B$482,Q$62)-SUMIFS(Calc!$I$447:$I$482,Calc!$B$447:$B$482,Q$62) -> 4.509 | R63: =SUMIFS(Calc!$E$447:$E$482,Calc!$B$447:$B$482,R$62)-SUMIFS(Calc!$I$447:$I$482,Calc!$B$447:$B$482,R$62) -> 0.597 | S63: =SUMIFS(Calc!$E$447:$E$482,Calc!$B$447:$B$482,S$62)-SUMIFS(Calc!$I$447:$I$482,Calc!$B$447:$B$482,S$62) -> -0.785 | T63: =SUMIFS(Calc!$E$447:$E$482,Calc!$B$447:$B$482,T$62)-SUMIFS(Calc!$I$447:$I$482,Calc!$B$447:$B$482,T$62) -> 1.018 | U63: =SUMIFS(Calc!$E$447:$E$482,Calc!$B$447:$B$482,U$62)-SUMIFS(Calc!$I$447:$I$482,Calc!$B$447:$B$482,U$62) -> -3.131 | V63: =SUMIFS(Calc!$E$447:$E$482,Calc!$B$447:$B$482,V$62)-SUMIFS(Calc!$I$447:$I$482,Calc!$B$447:$B$482,V$62) -> -3.06 | W63: =SUM(Q63:V63) -> -0.852
B64: Gross margin % | E64: =IFERROR(E60/E58,0) -> 0.54134101 | F64: =IFERROR(F60/F58,0) -> 0.56173962 | G64: =IFERROR(G60/G58,0) -> 0.5751232 | H64: =IFERROR(H60/H58,0) -> 0.52259409 | I64: =IFERROR(I60/I58,0) -> 0.5977695 | J64: =IFERROR(J60/J58,0) -> 0.60670152 | K64: =IFERROR(K60/K58,0) -> 0.56085858 | L64: =IFERROR(L60/L58,0) -> 0.56983541 | N64: NR variance % | Q64: =IFERROR(Q63/SUMIFS(Calc!$I$447:$I$482,Calc!$B$447:$B$482,Q$62),0) -> 0.038671664 | R64: =IFERROR(R63/SUMIFS(Calc!$I$447:$I$482,Calc!$B$447:$B$482,R$62),0) -> 0.0059734646 | S64: =IFERROR(S63/SUMIFS(Calc!$I$447:$I$482,Calc!$B$447:$B$482,S$62),0) -> -0.010472811 | T64: =IFERROR(T63/SUMIFS(Calc!$I$447:$I$482,Calc!$B$447:$B$482,T$62),0) -> 0.017461407 | U64: =IFERROR(U63/SUMIFS(Calc!$I$447:$I$482,Calc!$B$447:$B$482,U$62),0) -> -0.075188512 | V64: =IFERROR(V63/SUMIFS(Calc!$I$447:$I$482,Calc!$B$447:$B$482,V$62),0) -> -0.12247348 | W64: =H20 -> -0.0020460014
B65: CM % | E65: =IFERROR(E63/E58,0) -> 0.3574223 | F65: =IFERROR(F63/F58,0) -> 0.3900853 | G65: =IFERROR(G63/G58,0) -> 0.38435096 | H65: =IFERROR(H63/H58,0) -> 0.3515371 | I65: =IFERROR(I63/I58,0) -> 0.46908014 | J65: =IFERROR(J63/J58,0) -> 0.35612439 | K65: =IFERROR(K63/K58,0) -> 0.38163246 | L65: =IFERROR(L63/L58,0) -> 0.39025556 | N65: CM variance | Q65: =SUMIFS(Calc!$F$447:$F$482,Calc!$B$447:$B$482,Q$62)-SUMIFS(Calc!$J$447:$J$482,Calc!$B$447:$B$482,Q$62) -> 1.481 | R65: =SUMIFS(Calc!$F$447:$F$482,Calc!$B$447:$B$482,R$62)-SUMIFS(Calc!$J$447:$J$482,Calc!$B$447:$B$482,R$62) -> -0.826 | S65: =SUMIFS(Calc!$F$447:$F$482,Calc!$B$447:$B$482,S$62)-SUMIFS(Calc!$J$447:$J$482,Calc!$B$447:$B$482,S$62) -> -1.331 | T65: =SUMIFS(Calc!$F$447:$F$482,Calc!$B$447:$B$482,T$62)-SUMIFS(Calc!$J$447:$J$482,Calc!$B$447:$B$482,T$62) -> 0.065 | U65: =SUMIFS(Calc!$F$447:$F$482,Calc!$B$447:$B$482,U$62)-SUMIFS(Calc!$J$447:$J$482,Calc!$B$447:$B$482,U$62) -> -1.77 | V65: =SUMIFS(Calc!$F$447:$F$482,Calc!$B$447:$B$482,V$62)-SUMIFS(Calc!$J$447:$J$482,Calc!$B$447:$B$482,V$62) -> -1.535 | W65: =SUM(Q65:V65) -> -3.916
B66: Unallocated overheads | K66: =Calc!$E$306 -> -76.785 | L66: =Calc!$F$306 -> -76.947 | N66: CM % | Q66: =IFERROR(SUMIFS(Calc!$F$447:$F$482,Calc!$B$447:$B$482,Q$62)/SUMIFS(Calc!$E$447:$E$482,Calc!$B$447:$B$482,Q$62),0) -> 0.43339719 | R66: =IFERROR(SUMIFS(Calc!$F$447:$F$482,Calc!$B$447:$B$482,R$62)/SUMIFS(Calc!$E$447:$E$482,Calc!$B$447:$B$482,R$62),0) -> 0.39054496 | S66: =IFERROR(SUMIFS(Calc!$F$447:$F$482,Calc!$B$447:$B$482,S$62)/SUMIFS(Calc!$E$447:$E$482,Calc!$B$447:$B$482,S$62),0) -> 0.36295857 | T66: =IFERROR(SUMIFS(Calc!$F$447:$F$482,Calc!$B$447:$B$482,T$62)/SUMIFS(Calc!$E$447:$E$482,Calc!$B$447:$B$482,T$62),0) -> 0.37138811 | U66: =IFERROR(SUMIFS(Calc!$F$447:$F$482,Calc!$B$447:$B$482,U$62)/SUMIFS(Calc!$E$447:$E$482,Calc!$B$447:$B$482,U$62),0) -> 0.32284282 | V66: =IFERROR(SUMIFS(Calc!$F$447:$F$482,Calc!$B$447:$B$482,V$62)/SUMIFS(Calc!$E$447:$E$482,Calc!$B$447:$B$482,V$62),0) -> 0.24898518 | W66: =R20 -> 0.38163246
B67: EBITDA (ties to P&L) | K67: =K63+K66 -> 81.81 | L67: =L63+L66 -> 85.564
B69: ="Net revenue variance drivers vs budget, "&UnitLbl -> Net revenue variance drivers vs budget, $m
B70: Channel | E70: Volume | F70: Mix | G70: Gross price | H70: Trade & returns | I70: Total var
B71: =$B$14 -> Hypermarkets | E71: =SUMIFS(Calc!$K$447:$K$482,Calc!$A$447:$A$482,$B71) -> -0.83889336 | F71: =SUMIFS(Calc!$L$447:$L$482,Calc!$A$447:$A$482,$B71) -> -4.4937621 | G71: =SUMIFS(Calc!$M$447:$M$482,Calc!$A$447:$A$482,$B71) -> 0.32303716 | H71: =SUMIFS(Calc!$N$447:$N$482,Calc!$A$447:$A$482,$B71) -> -0.93838169 | I71: =SUM(E71:H71) -> -5.948
B72: =$B$15 -> Supermarkets | E72: =SUMIFS(Calc!$K$447:$K$482,Calc!$A$447:$A$482,$B72) -> -0.69893241 | F72: =SUMIFS(Calc!$L$447:$L$482,Calc!$A$447:$A$482,$B72) -> 0.27394619 | G72: =SUMIFS(Calc!$M$447:$M$482,Calc!$A$447:$A$482,$B72) -> 0.75424116 | H72: =SUMIFS(Calc!$N$447:$N$482,Calc!$A$447:$A$482,$B72) -> -0.36525494 | I72: =SUM(E72:H72) -> -0.036
B73: =$B$16 -> Marketplaces | E73: =SUMIFS(Calc!$K$447:$K$482,Calc!$A$447:$A$482,$B73) -> -0.47835171 | F73: =SUMIFS(Calc!$L$447:$L$482,Calc!$A$447:$A$482,$B73) -> 5.9159235 | G73: =SUMIFS(Calc!$M$447:$M$482,Calc!$A$447:$A$482,$B73) -> 0.36870101 | H73: =SUMIFS(Calc!$N$447:$N$482,Calc!$A$447:$A$482,$B73) -> 0.12172723 | I73: =SUM(E73:H73) -> 5.928
B74: =$B$17 -> Discounters | E74: =SUMIFS(Calc!$K$447:$K$482,Calc!$A$447:$A$482,$B74) -> -0.37921707 | F74: =SUMIFS(Calc!$L$447:$L$482,Calc!$A$447:$A$482,$B74) -> -1.4786076 | G74: =SUMIFS(Calc!$M$447:$M$482,Calc!$A$447:$A$482,$B74) -> -0.3890176 | H74: =SUMIFS(Calc!$N$447:$N$482,Calc!$A$447:$A$482,$B74) -> -0.72815777 | I74: =SUM(E74:H74) -> -2.975
B75: =$B$18 -> Distributors | E75: =SUMIFS(Calc!$K$447:$K$482,Calc!$A$447:$A$482,$B75) -> -0.31656788 | F75: =SUMIFS(Calc!$L$447:$L$482,Calc!$A$447:$A$482,$B75) -> 0.75804956 | G75: =SUMIFS(Calc!$M$447:$M$482,Calc!$A$447:$A$482,$B75) -> 0.11732075 | H75: =SUMIFS(Calc!$N$447:$N$482,Calc!$A$447:$A$482,$B75) -> -0.010802429 | I75: =SUM(E75:H75) -> 0.548
B76: =$B$19 -> Direct to Consumer | E76: =SUMIFS(Calc!$K$447:$K$482,Calc!$A$447:$A$482,$B76) -> -0.19418666 | F76: =SUMIFS(Calc!$L$447:$L$482,Calc!$A$447:$A$482,$B76) -> 1.5877112 | G76: =SUMIFS(Calc!$M$447:$M$482,Calc!$A$447:$A$482,$B76) -> 0.26641856 | H76: =SUMIFS(Calc!$N$447:$N$482,Calc!$A$447:$A$482,$B76) -> -0.02894307 | I76: =SUM(E76:H76) -> 1.631
B77: Total | E77: =SUM(E71:E76) -> -2.9061491 | F77: =SUM(F71:F76) -> 2.5632607 | G77: =SUM(G71:G76) -> 1.440701 | H77: =SUM(H71:H76) -> -1.9498127 | I77: =SUM(E77:H77) -> -0.852
B79: How to read: volume at budget net price, mix from shifts in the channel x brand portfolio, price and trade on actual units. Each row sums to the net revenue variance on the scorecard.
B85: ="Focus: "&focusChannel&" (change the channel in the yellow cell at the top of this page)" -> Focus: Marketplaces (change the channel in the yellow cell at the top of this page)

Sheet Brand
B2: =Company&": Brand profitability" -> Coskun Finance: Brand profitability
B3: =PerLbl&" | "&UnitLbl&" | period set on Summary" -> YTD Oct 2026 | $m | period set on Summary
B4: Summary | D4: P&L | F4: Channel | H4: Brand | J4: Data | L4: Guide
B5: ="Brand scoreboard: "&PerLbl -> Brand scoreboard: YTD Oct 2026 | V5: Focus brand: | W5: Aurelia
B6: LARGEST BRAND | F6: HIGHEST CM % | J6: LOWEST CM % | N6: BIGGEST BEAT VS BUDGET | R6: BIGGEST MISS VS BUDGET | V6: TOTAL CONTRIBUTION MARGIN
B7: =INDEX($B$14:$B$19,MATCH(MAX($E$14:$E$19),$E$14:$E$19,0)) -> Aurelia | F7: =INDEX($B$14:$B$19,MATCH(MAX($R$14:$R$19),$R$14:$R$19,0)) -> Aurelia | J7: =INDEX($B$14:$B$19,MATCH(MIN($R$14:$R$19),$R$14:$R$19,0)) -> Tindra | N7: =INDEX($B$14:$B$19,MATCH(MAX($G$14:$G$19),$G$14:$G$19,0)) -> Aurelia | R7: =INDEX($B$14:$B$19,MATCH(MIN($G$14:$G$19),$G$14:$G$19,0)) -> Everwood | V7: =$O$20 -> 158.595
B9: =UnitLbl&" "&FIXED(MAX($E$14:$E$19),1)&" | "&FIXED(INDEX($K$14:$K$19,MATCH(MAX($E$14:$E$19),$E$14:$E$19,0))*100,1)&"% of net revenue" -> $m 121.1 | 29.1% of net revenue | F9: ="CM "&FIXED(MAX($R$14:$R$19)*100,1)&"% vs total "&FIXED($R$20*100,1)&"%" -> CM 43.3% vs total 38.2% | J9: ="CM "&FIXED(MIN($R$14:$R$19)*100,1)&"%, gap to total "&FIXED(($R$20-MIN($R$14:$R$19))*100,1)&"pp" -> CM 24.9%, gap to total 13.3pp | N9: =IF(MAX($G$14:$G$19)>=0,"+","-")&FIXED(ABS(MAX($G$14:$G$19)),1)&" "&UnitLbl&" net revenue" -> +4.5 $m net revenue | R9: =IF(MIN($G$14:$G$19)>=0,"+","-")&FIXED(ABS(MIN($G$14:$G$19)),1)&" "&UnitLbl&" net revenue" -> -3.1 $m net revenue | V9: ="CM % "&FIXED($R$20*100,1)&"%, "&IF($T$20>=0,"+","-")&FIXED(ABS($T$20),1)&"pp vs budget" -> CM % 38.2%, -0.9pp vs budget
B12: Brand scorecard, ranked by net revenue
B13: Brand | E13: ="NR "&AcLbl -> NR Actual | F13: NR Budget | G13: Var vs BU | H13: Var % vs BU | I13: Var % vs FC | J13: Var % vs PY | K13: Mix % | L13: Gross margin | M13: A&P % NR | N13: Cost to serve % | O13: ="CM "&AcLbl -> CM Actual | P13: CM Budget | Q13: CM var vs BU | R13: CM % | S13: CM % Budget | T13: CM % var | U13: DIO days | V13: Net revenue trend (Jan to Dec)
B14: =INDEX(lstBrand,Calc!$C$410) -> Aurelia | E14: =INDEX(Calc!$G$382:$G$387,Calc!$C$410) -> 121.106 | F14: =INDEX(Calc!$G$389:$G$394,Calc!$C$410) -> 116.597 | G14: =E14-F14 -> 4.509 | H14: =IFERROR(G14/ABS(F14),0) -> 0.038671664 | I14: =IFERROR(E14/INDEX(Calc!$G$396:$G$401,Calc!$C$410)-1,0) -> 0.012151907 | J14: =IFERROR(E14/INDEX(Calc!$G$403:$G$408,Calc!$C$410)-1,0) -> 0.12546815 | K14: =IFERROR(E14/E$20,0) -> 0.29142142 | L14: =IFERROR(INDEX(Calc!$I$382:$I$387,Calc!$C$410)/E14,0) -> 0.62764025 | M14: =IFERROR(-INDEX(Calc!$J$382:$J$387,Calc!$C$410)/E14,0) -> 0.10080425 | N14: =IFERROR(-INDEX(Calc!$K$382:$K$387,Calc!$C$410)/E14,0) -> 0.093438806 | O14: =INDEX(Calc!$L$382:$L$387,Calc!$C$410) -> 52.487 | P14: =INDEX(Calc!$L$389:$L$394,Calc!$C$410) -> 51.006 | Q14: =O14-P14 -> 1.481 | R14: =IFERROR(O14/E14,0) -> 0.43339719 | S14: =IFERROR(P14/F14,0) -> 0.43745551 | T14: =(R14-S14)*100 -> -0.40583199 | U14: =IFERROR(INDEX(Calc!$M$382:$M$387,Calc!$C$410)/INDEX(Calc!$N$382:$N$387,Calc!$C$410)*30.4*WinM,0) -> 101.03571
B15: =INDEX(lstBrand,Calc!$C$411) -> Novara | E15: =INDEX(Calc!$G$382:$G$387,Calc!$C$411) -> 100.539 | F15: =INDEX(Calc!$G$389:$G$394,Calc!$C$411) -> 99.942 | G15: =E15-F15 -> 0.597 | H15: =IFERROR(G15/ABS(F15),0) -> 0.0059734646 | I15: =IFERROR(E15/INDEX(Calc!$G$396:$G$401,Calc!$C$411)-1,0) -> -0.00070569526 | J15: =IFERROR(E15/INDEX(Calc!$G$403:$G$408,Calc!$C$411)-1,0) -> 0.089357691 | K15: =IFERROR(E15/E$20,0) -> 0.24193036 | L15: =IFERROR(INDEX(Calc!$I$382:$I$387,Calc!$C$411)/E15,0) -> 0.55332756 | M15: =IFERROR(-INDEX(Calc!$J$382:$J$387,Calc!$C$411)/E15,0) -> 0.069376063 | N15: =IFERROR(-INDEX(Calc!$K$382:$K$387,Calc!$C$411)/E15,0) -> 0.093406539 | O15: =INDEX(Calc!$L$382:$L$387,Calc!$C$411) -> 39.265 | P15: =INDEX(Calc!$L$389:$L$394,Calc!$C$411) -> 40.091 | Q15: =O15-P15 -> -0.826 | R15: =IFERROR(O15/E15,0) -> 0.39054496 | S15: =IFERROR(P15/F15,0) -> 0.40114266 | T15: =(R15-S15)*100 -> -1.05977 | U15: =IFERROR(INDEX(Calc!$M$382:$M$387,Calc!$C$411)/INDEX(Calc!$N$382:$N$387,Calc!$C$411)*30.4*WinM,0) -> 85.999284
B16: =INDEX(lstBrand,Calc!$C$412) -> Kestrel | E16: =INDEX(Calc!$G$382:$G$387,Calc!$C$412) -> 74.171 | F16: =INDEX(Calc!$G$389:$G$394,Calc!$C$412) -> 74.956 | G16: =E16-F16 -> -0.785 | H16: =IFERROR(G16/ABS(F16),0) -> -0.010472811 | I16: =IFERROR(E16/INDEX(Calc!$G$396:$G$401,Calc!$C$412)-1,0) -> -0.002622166 | J16: =IFERROR(E16/INDEX(Calc!$G$403:$G$408,Calc!$C$412)-1,0) -> 0.074646112 | K16: =IFERROR(E16/E$20,0) -> 0.17848016 | L16: =IFERROR(INDEX(Calc!$I$382:$I$387,Calc!$C$412)/E16,0) -> 0.50341778 | M16: =IFERROR(-INDEX(Calc!$J$382:$J$387,Calc!$C$412)/E16,0) -> 0.047039948 | N16: =IFERROR(-INDEX(Calc!$K$382:$K$387,Calc!$C$412)/E16,0) -> 0.093419261 | O16: =INDEX(Calc!$L$382:$L$387,Calc!$C$412) -> 26.921 | P16: =INDEX(Calc!$L$389:$L$394,Calc!$C$412) -> 28.252 | Q16: =O16-P16 -> -1.331 | R16: =IFERROR(O16/E16,0) -> 0.36295857 | S16: =IFERROR(P16/F16,0) -> 0.37691446 | T16: =(R16-S16)*100 -> -1.3955888 | U16: =IFERROR(INDEX(Calc!$M$382:$M$387,Calc!$C$412)/INDEX(Calc!$N$382:$N$387,Calc!$C$412)*30.4*WinM,0) -> 80.978929
B17: =INDEX(lstBrand,Calc!$C$413) -> Lumio | E17: =INDEX(Calc!$G$382:$G$387,Calc!$C$413) -> 59.318 | F17: =INDEX(Calc!$G$389:$G$394,Calc!$C$413) -> 58.3 | G17: =E17-F17 -> 1.018 | H17: =IFERROR(G17/ABS(F17),0) -> 0.017461407 | I17: =IFERROR(E17/INDEX(Calc!$G$396:$G$401,Calc!$C$413)-1,0) -> 0.0026537753 | J17: =IFERROR(E17/INDEX(Calc!$G$403:$G$408,Calc!$C$413)-1,0) -> 0.097262301 | K17: =IFERROR(E17/E$20,0) -> 0.14273889 | L17: =IFERROR(INDEX(Calc!$I$382:$I$387,Calc!$C$413)/E17,0) -> 0.59063016 | M17: =IFERROR(-INDEX(Calc!$J$382:$J$387,Calc!$C$413)/E17,0) -> 0.12584713 | N17: =IFERROR(-INDEX(Calc!$K$382:$K$387,Calc!$C$413)/E17,0) -> 0.093394922 | O17: =INDEX(Calc!$L$382:$L$387,Calc!$C$413) -> 22.03 | P17: =INDEX(Calc!$L$389:$L$394,Calc!$C$413) -> 21.965 | Q17: =O17-P17 -> 0.065 | R17: =IFERROR(O17/E17,0) -> 0.37138811 | S17: =IFERROR(P17/F17,0) -> 0.37675815 | T17: =(R17-S17)*100 -> -0.5370036 | U17: =IFERROR(INDEX(Calc!$M$382:$M$387,Calc!$C$413)/INDEX(Calc!$N$382:$N$387,Calc!$C$413)*30.4*WinM,0) -> 95.997667
B18: =INDEX(lstBrand,Calc!$C$414) -> Everwood | E18: =INDEX(Calc!$G$382:$G$387,Calc!$C$414) -> 38.511 | F18: =INDEX(Calc!$G$389:$G$394,Calc!$C$414) -> 41.642 | G18: =E18-F18 -> -3.131 | H18: =IFERROR(G18/ABS(F18),0) -> -0.075188512 | I18: =IFERROR(E18/INDEX(Calc!$G$396:$G$401,Calc!$C$414)-1,0) -> -0.022737077 | J18: =IFERROR(E18/INDEX(Calc!$G$403:$G$408,Calc!$C$414)-1,0) -> -0.00046718057 | K18: =IFERROR(E18/E$20,0) -> 0.092670308 | L18: =IFERROR(INDEX(Calc!$I$382:$I$387,Calc!$C$414)/E18,0) -> 0.45392226 | M18: =IFERROR(-INDEX(Calc!$J$382:$J$387,Calc!$C$414)/E18,0) -> 0.037755446 | N18: =IFERROR(-INDEX(Calc!$K$382:$K$387,Calc!$C$414)/E18,0) -> 0.093323985 | O18: =INDEX(Calc!$L$382:$L$387,Calc!$C$414) -> 12.433 | P18: =INDEX(Calc!$L$389:$L$394,Calc!$C$414) -> 14.203 | Q18: =O18-P18 -> -1.77 | R18: =IFERROR(O18/E18,0) -> 0.32284282 | S18: =IFERROR(P18/F18,0) -> 0.34107392 | T18: =(R18-S18)*100 -> -1.8231092 | U18: =IFERROR(INDEX(Calc!$M$382:$M$387,Calc!$C$414)/INDEX(Calc!$N$382:$N$387,Calc!$C$414)*30.4*WinM,0) -> 125.01386
B19: =INDEX(lstBrand,Calc!$C$415) -> Tindra | E19: =INDEX(Calc!$G$382:$G$387,Calc!$C$415) -> 21.925 | F19: =INDEX(Calc!$G$389:$G$394,Calc!$C$415) -> 24.985 | G19: =E19-F19 -> -3.06 | H19: =IFERROR(G19/ABS(F19),0) -> -0.12247348 | I19: =IFERROR(E19/INDEX(Calc!$G$396:$G$401,Calc!$C$415)-1,0) -> -0.03884091 | J19: =IFERROR(E19/INDEX(Calc!$G$403:$G$408,Calc!$C$415)-1,0) -> -0.047277626 | K19: =IFERROR(E19/E$20,0) -> 0.052758861 | L19: =IFERROR(INDEX(Calc!$I$382:$I$387,Calc!$C$415)/E19,0) -> 0.52811859 | M19: =IFERROR(-INDEX(Calc!$J$382:$J$387,Calc!$C$415)/E19,0) -> 0.18554162 | N19: =IFERROR(-INDEX(Calc!$K$382:$K$387,Calc!$C$415)/E19,0) -> 0.09359179 | O19: =INDEX(Calc!$L$382:$L$387,Calc!$C$415) -> 5.459 | P19: =INDEX(Calc!$L$389:$L$394,Calc!$C$415) -> 6.994 | Q19: =O19-P19 -> -1.535 | R19: =IFERROR(O19/E19,0) -> 0.24898518 | S19: =IFERROR(P19/F19,0) -> 0.27992796 | T19: =(R19-S19)*100 -> -3.094278 | U19: =IFERROR(INDEX(Calc!$M$382:$M$387,Calc!$C$415)/INDEX(Calc!$N$382:$N$387,Calc!$C$415)*30.4*WinM,0) -> 125.93295
B20: Total | E20: =SUM(Calc!$G$382:$G$387) -> 415.57 | F20: =SUM(Calc!$G$389:$G$394) -> 416.422 | G20: =E20-F20 -> -0.852 | H20: =IFERROR(G20/ABS(F20),0) -> -0.0020460014 | I20: =IFERROR(E20/SUM(Calc!$G$396:$G$401)-1,0) -> -0.0010504631 | J20: =IFERROR(E20/SUM(Calc!$G$403:$G$408)-1,0) -> 0.080755647 | K20: =IFERROR(E20/E$20,0) -> 1 | L20: =IFERROR(SUM(Calc!$I$382:$I$387)/E20,0) -> 0.56085858 | M20: =IFERROR(-SUM(Calc!$J$382:$J$387)/E20,0) -> 0.085807445 | N20: =IFERROR(-SUM(Calc!$K$382:$K$387)/E20,0) -> 0.093418678 | O20: =SUM(Calc!$L$382:$L$387) -> 158.595 | P20: =SUM(Calc!$L$389:$L$394) -> 162.511 | Q20: =O20-P20 -> -3.916 | R20: =IFERROR(O20/E20,0) -> 0.38163246 | S20: =IFERROR(P20/F20,0) -> 0.39025556 | T20: =(R20-S20)*100 -> -0.86231014 | U20: =IFERROR(SUM(Calc!$M$382:$M$387)/SUM(Calc!$N$382:$N$387)*30.4*WinM,0) -> 96.834321
B22: Brand performance
B53: ="Brand P&L: "&PerLbl&", "&UnitLbl -> Brand P&L: YTD Oct 2026, $m | N53: ="Contribution margin % heatmap: brand x channel" -> Contribution margin % heatmap: brand x channel
B54: Line | E54: =$B$14 -> Aurelia | F54: =$B$15 -> Novara | G54: =$B$16 -> Kestrel | H54: =$B$17 -> Lumio | I54: =$B$18 -> Everwood | J54: =$B$19 -> Tindra | K54: Total | L54: Budget | N54: Brand / Channel | Q54: =INDEX(lstChannel,1) -> Hypermarkets | R54: =INDEX(lstChannel,2) -> Supermarkets | S54: =INDEX(lstChannel,3) -> Discounters | T54: =INDEX(lstChannel,4) -> Marketplaces | U54: =INDEX(lstChannel,5) -> Direct to Consumer | V54: =INDEX(lstChannel,6) -> Distributors | W54: Total
B55: Gross sales | E55: =INDEX(Calc!$D$382:$D$387,Calc!$C$410) -> 146.967 | F55: =INDEX(Calc!$D$382:$D$387,Calc!$C$411) -> 121.96 | G55: =INDEX(Calc!$D$382:$D$387,Calc!$C$412) -> 90.001 | H55: =INDEX(Calc!$D$382:$D$387,Calc!$C$413) -> 71.955 | I55: =INDEX(Calc!$D$382:$D$387,Calc!$C$414) -> 46.73 | J55: =INDEX(Calc!$D$382:$D$387,Calc!$C$415) -> 26.598 | K55: =SUM(E55:J55) -> 504.211 | L55: =SUM(Calc!$D$389:$D$394) -> 504.001 | N55: =$B$14 -> Aurelia | Q55: =IFERROR(SUMIFS(Calc!$F$447:$F$482,Calc!$B$447:$B$482,$N55,Calc!$A$447:$A$482,Q$54)/SUMIFS(Calc!$E$447:$E$482,Calc!$B$447:$B$482,$N55,Calc!$A$447:$A$482,Q$54),0) -> 0.41156645 | R55: =IFERROR(SUMIFS(Calc!$F$447:$F$482,Calc!$B$447:$B$482,$N55,Calc!$A$447:$A$482,R$54)/SUMIFS(Calc!$E$447:$E$482,Calc!$B$447:$B$482,$N55,Calc!$A$447:$A$482,R$54),0) -> 0.44161913 | S55: =IFERROR(SUMIFS(Calc!$F$447:$F$482,Calc!$B$447:$B$482,$N55,Calc!$A$447:$A$482,S$54)/SUMIFS(Calc!$E$447:$E$482,Calc!$B$447:$B$482,$N55,Calc!$A$447:$A$482,S$54),0) -> 0.40758041 | T55: =IFERROR(SUMIFS(Calc!$F$447:$F$482,Calc!$B$447:$B$482,$N55,Calc!$A$447:$A$482,T$54)/SUMIFS(Calc!$E$447:$E$482,Calc!$B$447:$B$482,$N55,Calc!$A$447:$A$482,T$54),0) -> 0.43555679 | U55: =IFERROR(SUMIFS(Calc!$F$447:$F$482,Calc!$B$447:$B$482,$N55,Calc!$A$447:$A$482,U$54)/SUMIFS(Calc!$E$447:$E$482,Calc!$B$447:$B$482,$N55,Calc!$A$447:$A$482,U$54),0) -> 0.40294324 | V55: =IFERROR(SUMIFS(Calc!$F$447:$F$482,Calc!$B$447:$B$482,$N55,Calc!$A$447:$A$482,V$54)/SUMIFS(Calc!$E$447:$E$482,Calc!$B$447:$B$482,$N55,Calc!$A$447:$A$482,V$54),0) -> 0.51592453 | W55: =$R$14 -> 0.43339719
B56: Trade discounts | E56: =INDEX(Calc!$E$382:$E$387,Calc!$C$410) -> -22.975 | F56: =INDEX(Calc!$E$382:$E$387,Calc!$C$411) -> -19.018 | G56: =INDEX(Calc!$E$382:$E$387,Calc!$C$412) -> -14.061 | H56: =INDEX(Calc!$E$382:$E$387,Calc!$C$413) -> -11.227 | I56: =INDEX(Calc!$E$382:$E$387,Calc!$C$414) -> -7.301 | J56: =INDEX(Calc!$E$382:$E$387,Calc!$C$415) -> -4.144 | K56: =SUM(E56:J56) -> -78.726 | L56: =SUM(Calc!$E$389:$E$394) -> -77.914 | N56: =$B$15 -> Novara | Q56: =IFERROR(SUMIFS(Calc!$F$447:$F$482,Calc!$B$447:$B$482,$N56,Calc!$A$447:$A$482,Q$54)/SUMIFS(Calc!$E$447:$E$482,Calc!$B$447:$B$482,$N56,Calc!$A$447:$A$482,Q$54),0) -> 0.36666302 | R56: =IFERROR(SUMIFS(Calc!$F$447:$F$482,Calc!$B$447:$B$482,$N56,Calc!$A$447:$A$482,R$54)/SUMIFS(Calc!$E$447:$E$482,Calc!$B$447:$B$482,$N56,Calc!$A$447:$A$482,R$54),0) -> 0.39891794 | S56: =IFERROR(SUMIFS(Calc!$F$447:$F$482,Calc!$B$447:$B$482,$N56,Calc!$A$447:$A$482,S$54)/SUMIFS(Calc!$E$447:$E$482,Calc!$B$447:$B$482,$N56,Calc!$A$447:$A$482,S$54),0) -> 0.36173297 | T56: =IFERROR(SUMIFS(Calc!$F$447:$F$482,Calc!$B$447:$B$482,$N56,Calc!$A$447:$A$482,T$54)/SUMIFS(Calc!$E$447:$E$482,Calc!$B$447:$B$482,$N56,Calc!$A$447:$A$482,T$54),0) -> 0.39226184 | U56: =IFERROR(SUMIFS(Calc!$F$447:$F$482,Calc!$B$447:$B$482,$N56,Calc!$A$447:$A$482,U$54)/SUMIFS(Calc!$E$447:$E$482,Calc!$B$447:$B$482,$N56,Calc!$A$447:$A$482,U$54),0) -> 0.36330634 | V56: =IFERROR(SUMIFS(Calc!$F$447:$F$482,Calc!$B$447:$B$482,$N56,Calc!$A$447:$A$482,V$54)/SUMIFS(Calc!$E$447:$E$482,Calc!$B$447:$B$482,$N56,Calc!$A$447:$A$482,V$54),0) -> 0.47746542 | W56: =$R$15 -> 0.39054496
B57: Returns | E57: =INDEX(Calc!$F$382:$F$387,Calc!$C$410) -> -2.886 | F57: =INDEX(Calc!$F$382:$F$387,Calc!$C$411) -> -2.403 | G57: =INDEX(Calc!$F$382:$F$387,Calc!$C$412) -> -1.769 | H57: =INDEX(Calc!$F$382:$F$387,Calc!$C$413) -> -1.41 | I57: =INDEX(Calc!$F$382:$F$387,Calc!$C$414) -> -0.918 | J57: =INDEX(Calc!$F$382:$F$387,Calc!$C$415) -> -0.529 | K57: =SUM(E57:J57) -> -9.915 | L57: =SUM(Calc!$F$389:$F$394) -> -9.665 | N57: =$B$16 -> Kestrel | Q57: =IFERROR(SUMIFS(Calc!$F$447:$F$482,Calc!$B$447:$B$482,$N57,Calc!$A$447:$A$482,Q$54)/SUMIFS(Calc!$E$447:$E$482,Calc!$B$447:$B$482,$N57,Calc!$A$447:$A$482,Q$54),0) -> 0.3399678 | R57: =IFERROR(SUMIFS(Calc!$F$447:$F$482,Calc!$B$447:$B$482,$N57,Calc!$A$447:$A$482,R$54)/SUMIFS(Calc!$E$447:$E$482,Calc!$B$447:$B$482,$N57,Calc!$A$447:$A$482,R$54),0) -> 0.37136591 | S57: =IFERROR(SUMIFS(Calc!$F$447:$F$482,Calc!$B$447:$B$482,$N57,Calc!$A$447:$A$482,S$54)/SUMIFS(Calc!$E$447:$E$482,Calc!$B$447:$B$482,$N57,Calc!$A$447:$A$482,S$54),0) -> 0.33333333 | T57: =IFERROR(SUMIFS(Calc!$F$447:$F$482,Calc!$B$447:$B$482,$N57,Calc!$A$447:$A$482,T$54)/SUMIFS(Calc!$E$447:$E$482,Calc!$B$447:$B$482,$N57,Calc!$A$447:$A$482,T$54),0) -> 0.36325174 | U57: =IFERROR(SUMIFS(Calc!$F$447:$F$482,Calc!$B$447:$B$482,$N57,Calc!$A$447:$A$482,U$54)/SUMIFS(Calc!$E$447:$E$482,Calc!$B$447:$B$482,$N57,Calc!$A$447:$A$482,U$54),0) -> 0.33788396 | V57: =IFERROR(SUMIFS(Calc!$F$447:$F$482,Calc!$B$447:$B$482,$N57,Calc!$A$447:$A$482,V$54)/SUMIFS(Calc!$E$447:$E$482,Calc!$B$447:$B$482,$N57,Calc!$A$447:$A$482,V$54),0) -> 0.45128957 | W57: =$R$16 -> 0.36295857
B58: Net revenue | E58: =INDEX(Calc!$G$382:$G$387,Calc!$C$410) -> 121.106 | F58: =INDEX(Calc!$G$382:$G$387,Calc!$C$411) -> 100.539 | G58: =INDEX(Calc!$G$382:$G$387,Calc!$C$412) -> 74.171 | H58: =INDEX(Calc!$G$382:$G$387,Calc!$C$413) -> 59.318 | I58: =INDEX(Calc!$G$382:$G$387,Calc!$C$414) -> 38.511 | J58: =INDEX(Calc!$G$382:$G$387,Calc!$C$415) -> 21.925 | K58: =SUM(E58:J58) -> 415.57 | L58: =SUM(Calc!$G$389:$G$394) -> 416.422 | N58: =$B$17 -> Lumio | Q58: =IFERROR(SUMIFS(Calc!$F$447:$F$482,Calc!$B$447:$B$482,$N58,Calc!$A$447:$A$482,Q$54)/SUMIFS(Calc!$E$447:$E$482,Calc!$B$447:$B$482,$N58,Calc!$A$447:$A$482,Q$54),0) -> 0.34457595 | R58: =IFERROR(SUMIFS(Calc!$F$447:$F$482,Calc!$B$447:$B$482,$N58,Calc!$A$447:$A$482,R$54)/SUMIFS(Calc!$E$447:$E$482,Calc!$B$447:$B$482,$N58,Calc!$A$447:$A$482,R$54),0) -> 0.38022575 | S58: =IFERROR(SUMIFS(Calc!$F$447:$F$482,Calc!$B$447:$B$482,$N58,Calc!$A$447:$A$482,S$54)/SUMIFS(Calc!$E$447:$E$482,Calc!$B$447:$B$482,$N58,Calc!$A$447:$A$482,S$54),0) -> 0.33722527 | T58: =IFERROR(SUMIFS(Calc!$F$447:$F$482,Calc!$B$447:$B$482,$N58,Calc!$A$447:$A$482,T$54)/SUMIFS(Calc!$E$447:$E$482,Calc!$B$447:$B$482,$N58,Calc!$A$447:$A$482,T$54),0) -> 0.37715904 | U58: =IFERROR(SUMIFS(Calc!$F$447:$F$482,Calc!$B$447:$B$482,$N58,Calc!$A$447:$A$482,U$54)/SUMIFS(Calc!$E$447:$E$482,Calc!$B$447:$B$482,$N58,Calc!$A$447:$A$482,U$54),0) -> 0.34805443 | V58: =IFERROR(SUMIFS(Calc!$F$447:$F$482,Calc!$B$447:$B$482,$N58,Calc!$A$447:$A$482,V$54)/SUMIFS(Calc!$E$447:$E$482,Calc!$B$447:$B$482,$N58,Calc!$A$447:$A$482,V$54),0) -> 0.46171342 | W58: =$R$17 -> 0.37138811
B59: COGS | E59: =INDEX(Calc!$H$382:$H$387,Calc!$C$410) -> -45.095 | F59: =INDEX(Calc!$H$382:$H$387,Calc!$C$411) -> -44.908 | G59: =INDEX(Calc!$H$382:$H$387,Calc!$C$412) -> -36.832 | H59: =INDEX(Calc!$H$382:$H$387,Calc!$C$413) -> -24.283 | I59: =INDEX(Calc!$H$382:$H$387,Calc!$C$414) -> -21.03 | J59: =INDEX(Calc!$H$382:$H$387,Calc!$C$415) -> -10.346 | K59: =SUM(E59:J59) -> -182.494 | L59: =SUM(Calc!$H$389:$H$394) -> -179.13 | N59: =$B$18 -> Everwood | Q59: =IFERROR(SUMIFS(Calc!$F$447:$F$482,Calc!$B$447:$B$482,$N59,Calc!$A$447:$A$482,Q$54)/SUMIFS(Calc!$E$447:$E$482,Calc!$B$447:$B$482,$N59,Calc!$A$447:$A$482,Q$54),0) -> 0.29749953 | R59: =IFERROR(SUMIFS(Calc!$F$447:$F$482,Calc!$B$447:$B$482,$N59,Calc!$A$447:$A$482,R$54)/SUMIFS(Calc!$E$447:$E$482,Calc!$B$447:$B$482,$N59,Calc!$A$447:$A$482,R$54),0) -> 0.33197991 | S59: =IFERROR(SUMIFS(Calc!$F$447:$F$482,Calc!$B$447:$B$482,$N59,Calc!$A$447:$A$482,S$54)/SUMIFS(Calc!$E$447:$E$482,Calc!$B$447:$B$482,$N59,Calc!$A$447:$A$482,S$54),0) -> 0.29018044 | T59: =IFERROR(SUMIFS(Calc!$F$447:$F$482,Calc!$B$447:$B$482,$N59,Calc!$A$447:$A$482,T$54)/SUMIFS(Calc!$E$447:$E$482,Calc!$B$447:$B$482,$N59,Calc!$A$447:$A$482,T$54),0) -> 0.32328967 | U59: =IFERROR(SUMIFS(Calc!$F$447:$F$482,Calc!$B$447:$B$482,$N59,Calc!$A$447:$A$482,U$54)/SUMIFS(Calc!$E$447:$E$482,Calc!$B$447:$B$482,$N59,Calc!$A$447:$A$482,U$54),0) -> 0.30199115 | V59: =IFERROR(SUMIFS(Calc!$F$447:$F$482,Calc!$B$447:$B$482,$N59,Calc!$A$447:$A$482,V$54)/SUMIFS(Calc!$E$447:$E$482,Calc!$B$447:$B$482,$N59,Calc!$A$447:$A$482,V$54),0) -> 0.4149788 | W59: =$R$18 -> 0.32284282
B60: Gross profit | E60: =INDEX(Calc!$I$382:$I$387,Calc!$C$410) -> 76.011 | F60: =INDEX(Calc!$I$382:$I$387,Calc!$C$411) -> 55.631 | G60: =INDEX(Calc!$I$382:$I$387,Calc!$C$412) -> 37.339 | H60: =INDEX(Calc!$I$382:$I$387,Calc!$C$413) -> 35.035 | I60: =INDEX(Calc!$I$382:$I$387,Calc!$C$414) -> 17.481 | J60: =INDEX(Calc!$I$382:$I$387,Calc!$C$415) -> 11.579 | K60: =SUM(E60:J60) -> 233.076 | L60: =SUM(Calc!$I$389:$I$394) -> 237.292 | N60: =$B$19 -> Tindra | Q60: =IFERROR(SUMIFS(Calc!$F$447:$F$482,Calc!$B$447:$B$482,$N60,Calc!$A$447:$A$482,Q$54)/SUMIFS(Calc!$E$447:$E$482,Calc!$B$447:$B$482,$N60,Calc!$A$447:$A$482,Q$54),0) -> 0.21120835 | R60: =IFERROR(SUMIFS(Calc!$F$447:$F$482,Calc!$B$447:$B$482,$N60,Calc!$A$447:$A$482,R$54)/SUMIFS(Calc!$E$447:$E$482,Calc!$B$447:$B$482,$N60,Calc!$A$447:$A$482,R$54),0) -> 0.25900094 | S60: =IFERROR(SUMIFS(Calc!$F$447:$F$482,Calc!$B$447:$B$482,$N60,Calc!$A$447:$A$482,S$54)/SUMIFS(Calc!$E$447:$E$482,Calc!$B$447:$B$482,$N60,Calc!$A$447:$A$482,S$54),0) -> 0.20331492 | T60: =IFERROR(SUMIFS(Calc!$F$447:$F$482,Calc!$B$447:$B$482,$N60,Calc!$A$447:$A$482,T$54)/SUMIFS(Calc!$E$447:$E$482,Calc!$B$447:$B$482,$N60,Calc!$A$447:$A$482,T$54),0) -> 0.26396578 | U60: =IFERROR(SUMIFS(Calc!$F$447:$F$482,Calc!$B$447:$B$482,$N60,Calc!$A$447:$A$482,U$54)/SUMIFS(Calc!$E$447:$E$482,Calc!$B$447:$B$482,$N60,Calc!$A$447:$A$482,U$54),0) -> 0.24341683 | V60: =IFERROR(SUMIFS(Calc!$F$447:$F$482,Calc!$B$447:$B$482,$N60,Calc!$A$447:$A$482,V$54)/SUMIFS(Calc!$E$447:$E$482,Calc!$B$447:$B$482,$N60,Calc!$A$447:$A$482,V$54),0) -> 0.34950658 | W60: =$R$19 -> 0.24898518
B61: A&P | E61: =INDEX(Calc!$J$382:$J$387,Calc!$C$410) -> -12.208 | F61: =INDEX(Calc!$J$382:$J$387,Calc!$C$411) -> -6.975 | G61: =INDEX(Calc!$J$382:$J$387,Calc!$C$412) -> -3.489 | H61: =INDEX(Calc!$J$382:$J$387,Calc!$C$413) -> -7.465 | I61: =INDEX(Calc!$J$382:$J$387,Calc!$C$414) -> -1.454 | J61: =INDEX(Calc!$J$382:$J$387,Calc!$C$415) -> -4.068 | K61: =SUM(E61:J61) -> -35.659 | L61: =SUM(Calc!$J$389:$J$394) -> -37.085 | N61: ="Net revenue variance to budget, "&UnitLbl -> Net revenue variance to budget, $m
B62: Cost to serve | E62: =INDEX(Calc!$K$382:$K$387,Calc!$C$410) -> -11.316 | F62: =INDEX(Calc!$K$382:$K$387,Calc!$C$411) -> -9.391 | G62: =INDEX(Calc!$K$382:$K$387,Calc!$C$412) -> -6.929 | H62: =INDEX(Calc!$K$382:$K$387,Calc!$C$413) -> -5.54 | I62: =INDEX(Calc!$K$382:$K$387,Calc!$C$414) -> -3.594 | J62: =INDEX(Calc!$K$382:$K$387,Calc!$C$415) -> -2.052 | K62: =SUM(E62:J62) -> -38.822 | L62: =SUM(Calc!$K$389:$K$394) -> -37.696 | N62: Channel | Q62: =INDEX(lstChannel,1) -> Hypermarkets | R62: =INDEX(lstChannel,2) -> Supermarkets | S62: =INDEX(lstChannel,3) -> Discounters | T62: =INDEX(lstChannel,4) -> Marketplaces | U62: =INDEX(lstChannel,5) -> Direct to Consumer | V62: =INDEX(lstChannel,6) -> Distributors | W62: Total
B63: Contribution margin | E63: =INDEX(Calc!$L$382:$L$387,Calc!$C$410) -> 52.487 | F63: =INDEX(Calc!$L$382:$L$387,Calc!$C$411) -> 39.265 | G63: =INDEX(Calc!$L$382:$L$387,Calc!$C$412) -> 26.921 | H63: =INDEX(Calc!$L$382:$L$387,Calc!$C$413) -> 22.03 | I63: =INDEX(Calc!$L$382:$L$387,Calc!$C$414) -> 12.433 | J63: =INDEX(Calc!$L$382:$L$387,Calc!$C$415) -> 5.459 | K63: =SUM(E63:J63) -> 158.595 | L63: =SUM(Calc!$L$389:$L$394) -> 162.511 | N63: NR variance | Q63: =SUMIFS(Calc!$E$447:$E$482,Calc!$A$447:$A$482,Q$62)-SUMIFS(Calc!$I$447:$I$482,Calc!$A$447:$A$482,Q$62) -> -5.948 | R63: =SUMIFS(Calc!$E$447:$E$482,Calc!$A$447:$A$482,R$62)-SUMIFS(Calc!$I$447:$I$482,Calc!$A$447:$A$482,R$62) -> -0.036 | S63: =SUMIFS(Calc!$E$447:$E$482,Calc!$A$447:$A$482,S$62)-SUMIFS(Calc!$I$447:$I$482,Calc!$A$447:$A$482,S$62) -> -2.975 | T63: =SUMIFS(Calc!$E$447:$E$482,Calc!$A$447:$A$482,T$62)-SUMIFS(Calc!$I$447:$I$482,Calc!$A$447:$A$482,T$62) -> 5.928 | U63: =SUMIFS(Calc!$E$447:$E$482,Calc!$A$447:$A$482,U$62)-SUMIFS(Calc!$I$447:$I$482,Calc!$A$447:$A$482,U$62) -> 1.631 | V63: =SUMIFS(Calc!$E$447:$E$482,Calc!$A$447:$A$482,V$62)-SUMIFS(Calc!$I$447:$I$482,Calc!$A$447:$A$482,V$62) -> 0.548 | W63: =SUM(Q63:V63) -> -0.852
B64: Gross margin % | E64: =IFERROR(E60/E58,0) -> 0.62764025 | F64: =IFERROR(F60/F58,0) -> 0.55332756 | G64: =IFERROR(G60/G58,0) -> 0.50341778 | H64: =IFERROR(H60/H58,0) -> 0.59063016 | I64: =IFERROR(I60/I58,0) -> 0.45392226 | J64: =IFERROR(J60/J58,0) -> 0.52811859 | K64: =IFERROR(K60/K58,0) -> 0.56085858 | L64: =IFERROR(L60/L58,0) -> 0.56983541 | N64: NR variance % | Q64: =IFERROR(Q63/SUMIFS(Calc!$I$447:$I$482,Calc!$A$447:$A$482,Q$62),0) -> -0.049482135 | R64: =IFERROR(R63/SUMIFS(Calc!$I$447:$I$482,Calc!$A$447:$A$482,R$62),0) -> -0.00035946081 | S64: =IFERROR(S63/SUMIFS(Calc!$I$447:$I$482,Calc!$A$447:$A$482,S$62),0) -> -0.054749899 | T64: =IFERROR(T63/SUMIFS(Calc!$I$447:$I$482,Calc!$A$447:$A$482,T$62),0) -> 0.086485856 | U64: =IFERROR(U63/SUMIFS(Calc!$I$447:$I$482,Calc!$A$447:$A$482,U$62),0) -> 0.058616352 | V64: =IFERROR(V63/SUMIFS(Calc!$I$447:$I$482,Calc!$A$447:$A$482,V$62),0) -> 0.012080862 | W64: =H20 -> -0.0020460014
B65: CM % | E65: =IFERROR(E63/E58,0) -> 0.43339719 | F65: =IFERROR(F63/F58,0) -> 0.39054496 | G65: =IFERROR(G63/G58,0) -> 0.36295857 | H65: =IFERROR(H63/H58,0) -> 0.37138811 | I65: =IFERROR(I63/I58,0) -> 0.32284282 | J65: =IFERROR(J63/J58,0) -> 0.24898518 | K65: =IFERROR(K63/K58,0) -> 0.38163246 | L65: =IFERROR(L63/L58,0) -> 0.39025556 | N65: CM variance | Q65: =SUMIFS(Calc!$F$447:$F$482,Calc!$A$447:$A$482,Q$62)-SUMIFS(Calc!$J$447:$J$482,Calc!$A$447:$A$482,Q$62) -> -3.919 | R65: =SUMIFS(Calc!$F$447:$F$482,Calc!$A$447:$A$482,R$62)-SUMIFS(Calc!$J$447:$J$482,Calc!$A$447:$A$482,R$62) -> -0.742 | S65: =SUMIFS(Calc!$F$447:$F$482,Calc!$A$447:$A$482,S$62)-SUMIFS(Calc!$J$447:$J$482,Calc!$A$447:$A$482,S$62) -> -2.131 | T65: =SUMIFS(Calc!$F$447:$F$482,Calc!$A$447:$A$482,T$62)-SUMIFS(Calc!$J$447:$J$482,Calc!$A$447:$A$482,T$62) -> 2.336 | U65: =SUMIFS(Calc!$F$447:$F$482,Calc!$A$447:$A$482,U$62)-SUMIFS(Calc!$J$447:$J$482,Calc!$A$447:$A$482,U$62) -> 0.481 | V65: =SUMIFS(Calc!$F$447:$F$482,Calc!$A$447:$A$482,V$62)-SUMIFS(Calc!$J$447:$J$482,Calc!$A$447:$A$482,V$62) -> 0.059 | W65: =SUM(Q65:V65) -> -3.916
B66: Unallocated overheads | K66: =Calc!$E$306 -> -76.785 | L66: =Calc!$F$306 -> -76.947 | N66: CM % | Q66: =IFERROR(SUMIFS(Calc!$F$447:$F$482,Calc!$A$447:$A$482,Q$62)/SUMIFS(Calc!$E$447:$E$482,Calc!$A$447:$A$482,Q$62),0) -> 0.3574223 | R66: =IFERROR(SUMIFS(Calc!$F$447:$F$482,Calc!$A$447:$A$482,R$62)/SUMIFS(Calc!$E$447:$E$482,Calc!$A$447:$A$482,R$62),0) -> 0.3900853 | S66: =IFERROR(SUMIFS(Calc!$F$447:$F$482,Calc!$A$447:$A$482,S$62)/SUMIFS(Calc!$E$447:$E$482,Calc!$A$447:$A$482,S$62),0) -> 0.3515371 | T66: =IFERROR(SUMIFS(Calc!$F$447:$F$482,Calc!$A$447:$A$482,T$62)/SUMIFS(Calc!$E$447:$E$482,Calc!$A$447:$A$482,T$62),0) -> 0.38435096 | U66: =IFERROR(SUMIFS(Calc!$F$447:$F$482,Calc!$A$447:$A$482,U$62)/SUMIFS(Calc!$E$447:$E$482,Calc!$A$447:$A$482,U$62),0) -> 0.35612439 | V66: =IFERROR(SUMIFS(Calc!$F$447:$F$482,Calc!$A$447:$A$482,V$62)/SUMIFS(Calc!$E$447:$E$482,Calc!$A$447:$A$482,V$62),0) -> 0.46908014 | W66: =R20 -> 0.38163246
B67: EBITDA (ties to P&L) | K67: =K63+K66 -> 81.81 | L67: =L63+L66 -> 85.564
B69: ="Net revenue variance drivers vs budget, "&UnitLbl -> Net revenue variance drivers vs budget, $m
B70: Brand | E70: Volume | F70: Mix | G70: Gross price | H70: Trade & returns | I70: Total var
B71: =$B$14 -> Aurelia | E71: =SUMIFS(Calc!$K$447:$K$482,Calc!$B$447:$B$482,$B71) -> -0.81371365 | F71: =SUMIFS(Calc!$L$447:$L$482,Calc!$B$447:$B$482,$B71) -> 5.0139142 | G71: =SUMIFS(Calc!$M$447:$M$482,Calc!$B$447:$B$482,$B71) -> 0.9679662 | H71: =SUMIFS(Calc!$N$447:$N$482,Calc!$B$447:$B$482,$B71) -> -0.65916679 | I71: =SUM(E71:H71) -> 4.509
B72: =$B$15 -> Novara | E72: =SUMIFS(Calc!$K$447:$K$482,Calc!$B$447:$B$482,$B72) -> -0.6974808 | F72: =SUMIFS(Calc!$L$447:$L$482,Calc!$B$447:$B$482,$B72) -> 1.4532958 | G72: =SUMIFS(Calc!$M$447:$M$482,Calc!$B$447:$B$482,$B72) -> 0.31111766 | H72: =SUMIFS(Calc!$N$447:$N$482,Calc!$B$447:$B$482,$B72) -> -0.46993261 | I72: =SUM(E72:H72) -> 0.597
B73: =$B$16 -> Kestrel | E73: =SUMIFS(Calc!$K$447:$K$482,Calc!$B$447:$B$482,$B73) -> -0.52310711 | F73: =SUMIFS(Calc!$L$447:$L$482,Calc!$B$447:$B$482,$B73) -> -0.0017262892 | G73: =SUMIFS(Calc!$M$447:$M$482,Calc!$B$447:$B$482,$B73) -> 0.048501477 | H73: =SUMIFS(Calc!$N$447:$N$482,Calc!$B$447:$B$482,$B73) -> -0.30866807 | I73: =SUM(E73:H73) -> -0.785
B74: =$B$17 -> Lumio | E74: =SUMIFS(Calc!$K$447:$K$482,Calc!$B$447:$B$482,$B74) -> -0.40686729 | F74: =SUMIFS(Calc!$L$447:$L$482,Calc!$B$447:$B$482,$B74) -> 1.4515084 | G74: =SUMIFS(Calc!$M$447:$M$482,Calc!$B$447:$B$482,$B74) -> 0.25414521 | H74: =SUMIFS(Calc!$N$447:$N$482,Calc!$B$447:$B$482,$B74) -> -0.28078628 | I74: =SUM(E74:H74) -> 1.018
B75: =$B$18 -> Everwood | E75: =SUMIFS(Calc!$K$447:$K$482,Calc!$B$447:$B$482,$B75) -> -0.29061351 | F75: =SUMIFS(Calc!$L$447:$L$482,Calc!$B$447:$B$482,$B75) -> -2.5481821 | G75: =SUMIFS(Calc!$M$447:$M$482,Calc!$B$447:$B$482,$B75) -> -0.15769981 | H75: =SUMIFS(Calc!$N$447:$N$482,Calc!$B$447:$B$482,$B75) -> -0.13450459 | I75: =SUM(E75:H75) -> -3.131
B76: =$B$19 -> Tindra | E76: =SUMIFS(Calc!$K$447:$K$482,Calc!$B$447:$B$482,$B76) -> -0.17436671 | F76: =SUMIFS(Calc!$L$447:$L$482,Calc!$B$447:$B$482,$B76) -> -2.8055493 | G76: =SUMIFS(Calc!$M$447:$M$482,Calc!$B$447:$B$482,$B76) -> 0.016670304 | H76: =SUMIFS(Calc!$N$447:$N$482,Calc!$B$447:$B$482,$B76) -> -0.096754335 | I76: =SUM(E76:H76) -> -3.06
B77: Total | E77: =SUM(E71:E76) -> -2.9061491 | F77: =SUM(F71:F76) -> 2.5632607 | G77: =SUM(G71:G76) -> 1.440701 | H77: =SUM(H71:H76) -> -1.9498127 | I77: =SUM(E77:H77) -> -0.852
B79: How to read: volume at budget net price, mix from shifts in the channel x brand portfolio, price and trade on actual units. Each row sums to the net revenue variance on the scorecard.
B85: ="Focus: "&focusBrand&" (change the brand in the yellow cell at the top of this page)" -> Focus: Aurelia (change the brand in the yellow cell at the top of this page)

Sheet Data
B2: Data: raw input | G2: Back to Summary
B3: All figures below are dummy. Paste your own extract into table tblData. Everything else in the workbook recalculates from here.
B4: One row per Scenario x Year x Month x Channel x Brand. Money in thousands: revenue positive, costs negative. Balances (Receivables to Headcount) are closing values, positive.
B5: Example row: Actual | 2026 | 10 | Marketplaces | Aurelia | 220.6 units | 3,113 gross sales | (336) trade ... Overheads, capex, payables, cash and debt go on Corporate rows. Black columns on the right are formulas and fill down.
B7: Scenario | C7: Year | D7: Month | E7: Channel | F7: Brand | G7: Units | H7: Gross Sales | I7: Trade Discounts | J7: Returns | K7: Material Cost | L7: Conversion Cost | M7: Inbound Freight | N7: Advertising | O7: Promotions | P7: Outbound Logistics | Q7: Direct Selling | R7: Personnel | S7: Research and Development | T7: IT and Facilities | U7: Other Admin | V7: Depreciation | W7: Net Interest | X7: Tax | Y7: Capex | Z7: Receivables | AA7: Inventory | AB7: Payables | AC7: Cash | AD7: Gross Debt | AE7: Headcount | AF7: Net Revenue | AG7: COGS | AH7: Gross Profit | AI7: AP Spend | AJ7: Cost to Serve | AK7: Contribution Margin
B8: Actual | C8: 2024 | D8: 12 | E8: Hypermarkets | F8: Aurelia | G8: 0 | H8: 0 | I8: 0 | J8: 0 | K8: 0 | L8: 0 | M8: 0 | N8: 0 | O8: 0 | P8: 0 | Q8: 0 | R8: 0 | S8: 0 | T8: 0 | U8: 0 | V8: 0 | W8: 0 | X8: 0 | Y8: 0 | Z8: 4502 | AA8: 2874 | AB8: 0 | AC8: 0 | AD8: 0 | AE8: 0 | AF8: =tblData[[#This Row],[Gross Sales]]+tblData[[#This Row],[Trade Discounts]]+tblData[[#This Row],[Returns]] -> 0 | AG8: =tblData[[#This Row],[Material Cost]]+tblData[[#This Row],[Conversion Cost]]+tblData[[#This Row],[Inbound Freight]] -> 0 | AH8: =tblData[[#This Row],[Net Revenue]]+tblData[[#This Row],[COGS]] -> 0 | AI8: =tblData[[#This Row],[Advertising]]+tblData[[#This Row],[Promotions]] -> 0 | AJ8: =tblData[[#This Row],[Outbound Logistics]]+tblData[[#This Row],[Direct Selling]] -> 0 | AK8: =tblData[[#This Row],[Gross Profit]]+tblData[[#This Row],[AP Spend]]+tblData[[#This Row],[Cost to Serve]] -> 0
B9: Actual | C9: 2024 | D9: 12 | E9: Hypermarkets | F9: Novara | G9: 0 | H9: 0 | I9: 0 | J9: 0 | K9: 0 | L9: 0 | M9: 0 | N9: 0 | O9: 0 | P9: 0 | Q9: 0 | R9: 0 | S9: 0 | T9: 0 | U9: 0 | V9: 0 | W9: 0 | X9: 0 | Y9: 0 | Z9: 3839 | AA9: 2476 | AB9: 0 | AC9: 0 | AD9: 0 | AE9: 0 | AF9: =tblData[[#This Row],[Gross Sales]]+tblData[[#This Row],[Trade Discounts]]+tblData[[#This Row],[Returns]] -> 0 | AG9: =tblData[[#This Row],[Material Cost]]+tblData[[#This Row],[Conversion Cost]]+tblData[[#This Row],[Inbound Freight]] -> 0 | AH9: =tblData[[#This Row],[Net Revenue]]+tblData[[#This Row],[COGS]] -> 0 | AI9: =tblData[[#This Row],[Advertising]]+tblData[[#This Row],[Promotions]] -> 0 | AJ9: =tblData[[#This Row],[Outbound Logistics]]+tblData[[#This Row],[Direct Selling]] -> 0 | AK9: =tblData[[#This Row],[Gross Profit]]+tblData[[#This Row],[AP Spend]]+tblData[[#This Row],[Cost to Serve]] -> 0
B10: Actual | C10: 2024 | D10: 12 | E10: Hypermarkets | F10: Kestrel | G10: 0 | H10: 0 | I10: 0 | J10: 0 | K10: 0 | L10: 0 | M10: 0 | N10: 0 | O10: 0 | P10: 0 | Q10: 0 | R10: 0 | S10: 0 | T10: 0 | U10: 0 | V10: 0 | W10: 0 | X10: 0 | Y10: 0 | Z10: 2820 | AA10: 1895 | AB10: 0 | AC10: 0 | AD10: 0 | AE10: 0 | AF10: =tblData[[#This Row],[Gross Sales]]+tblData[[#This Row],[Trade Discounts]]+tblData[[#This Row],[Returns]] -> 0 | AG10: =tblData[[#This Row],[Material Cost]]+tblData[[#This Row],[Conversion Cost]]+tblData[[#This Row],[Inbound Freight]] -> 0 | AH10: =tblData[[#This Row],[Net Revenue]]+tblData[[#This Row],[COGS]] -> 0 | AI10: =tblData[[#This Row],[Advertising]]+tblData[[#This Row],[Promotions]] -> 0 | AJ10: =tblData[[#This Row],[Outbound Logistics]]+tblData[[#This Row],[Direct Selling]] -> 0 | AK10: =tblData[[#This Row],[Gross Profit]]+tblData[[#This Row],[AP Spend]]+tblData[[#This Row],[Cost to Serve]] -> 0
B11: Actual | C11: 2024 | D11: 12 | E11: Hypermarkets | F11: Lumio | G11: 0 | H11: 0 | I11: 0 | J11: 0 | K11: 0 | L11: 0 | M11: 0 | N11: 0 | O11: 0 | P11: 0 | Q11: 0 | R11: 0 | S11: 0 | T11: 0 | U11: 0 | V11: 0 | W11: 0 | X11: 0 | Y11: 0 | Z11: 2221 | AA11: 1477 | AB11: 0 | AC11: 0 | AD11: 0 | AE11: 0 | AF11: =tblData[[#This Row],[Gross Sales]]+tblData[[#This Row],[Trade Discounts]]+tblData[[#This Row],[Returns]] -> 0 | AG11: =tblData[[#This Row],[Material Cost]]+tblData[[#This Row],[Conversion Cost]]+tblData[[#This Row],[Inbound Freight]] -> 0 | AH11: =tblData[[#This Row],[Net Revenue]]+tblData[[#This Row],[COGS]] -> 0 | AI11: =tblData[[#This Row],[Advertising]]+tblData[[#This Row],[Promotions]] -> 0 | AJ11: =tblData[[#This Row],[Outbound Logistics]]+tblData[[#This Row],[Direct Selling]] -> 0 | AK11: =tblData[[#This Row],[Gross Profit]]+tblData[[#This Row],[AP Spend]]+tblData[[#This Row],[Cost to Serve]] -> 0
B12: Actual | C12: 2024 | D12: 12 | E12: Hypermarkets | F12: Everwood | G12: 0 | H12: 0 | I12: 0 | J12: 0 | K12: 0 | L12: 0 | M12: 0 | N12: 0 | O12: 0 | P12: 0 | Q12: 0 | R12: 0 | S12: 0 | T12: 0 | U12: 0 | V12: 0 | W12: 0 | X12: 0 | Y12: 0 | Z12: 1600 | AA12: 1734 | AB12: 0 | AC12: 0 | AD12: 0 | AE12: 0 | AF12: =tblData[[#This Row],[Gross Sales]]+tblData[[#This Row],[Trade Discounts]]+tblData[[#This Row],[Returns]] -> 0 | AG12: =tblData[[#This Row],[Material Cost]]+tblData[[#This Row],[Conversion Cost]]+tblData[[#This Row],[Inbound Freight]] -> 0 | AH12: =tblData[[#This Row],[Net Revenue]]+tblData[[#This Row],[COGS]] -> 0 | AI12: =tblData[[#This Row],[Advertising]]+tblData[[#This Row],[Promotions]] -> 0 | AJ12: =tblData[[#This Row],[Outbound Logistics]]+tblData[[#This Row],[Direct Selling]] -> 0 | AK12: =tblData[[#This Row],[Gross Profit]]+tblData[[#This Row],[AP Spend]]+tblData[[#This Row],[Cost to Serve]] -> 0
B13: Actual | C13: 2024 | D13: 12 | E13: Hypermarkets | F13: Tindra | G13: 0 | H13: 0 | I13: 0 | J13: 0 | K13: 0 | L13: 0 | M13: 0 | N13: 0 | O13: 0 | P13: 0 | Q13: 0 | R13: 0 | S13: 0 | T13: 0 | U13: 0 | V13: 0 | W13: 0 | X13: 0 | Y13: 0 | Z13: 951 | AA13: 971 | AB13: 0 | AC13: 0 | AD13: 0 | AE13: 0 | AF13: =tblData[[#This Row],[Gross Sales]]+tblData[[#This Row],[Trade Discounts]]+tblData[[#This Row],[Returns]] -> 0 | AG13: =tblData[[#This Row],[Material Cost]]+tblData[[#This Row],[Conversion Cost]]+tblData[[#This Row],[Inbound Freight]] -> 0 | AH13: =tblData[[#This Row],[Net Revenue]]+tblData[[#This Row],[COGS]] -> 0 | AI13: =tblData[[#This Row],[Advertising]]+tblData[[#This Row],[Promotions]] -> 0 | AJ13: =tblData[[#This Row],[Outbound Logistics]]+tblData[[#This Row],[Direct Selling]] -> 0 | AK13: =tblData[[#This Row],[Gross Profit]]+tblData[[#This Row],[AP Spend]]+tblData[[#This Row],[Cost to Serve]] -> 0
B14: Actual | C14: 2024 | D14: 12 | E14: Supermarkets | F14: Aurelia | G14: 0 | H14: 0 | I14: 0 | J14: 0 | K14: 0 | L14: 0 | M14: 0 | N14: 0 | O14: 0 | P14: 0 | Q14: 0 | R14: 0 | S14: 0 | T14: 0 | U14: 0 | V14: 0 | W14: 0 | X14: 0 | Y14: 0 | Z14: 3367 | AA14: 2270 | AB14: 0 | AC14: 0 | AD14: 0 | AE14: 0 | AF14: =tblData[[#This Row],[Gross Sales]]+tblData[[#This Row],[Trade Discounts]]+tblData[[#This Row],[Returns]] -> 0 | AG14: =tblData[[#This Row],[Material Cost]]+tblData[[#This Row],[Conversion Cost]]+tblData[[#This Row],[Inbound Freight]] -> 0 | AH14: =tblData[[#This Row],[Net Revenue]]+tblData[[#This Row],[COGS]] -> 0 | AI14: =tblData[[#This Row],[Advertising]]+tblData[[#This Row],[Promotions]] -> 0 | AJ14: =tblData[[#This Row],[Outbound Logistics]]+tblData[[#This Row],[Direct Selling]] -> 0 | AK14: =tblData[[#This Row],[Gross Profit]]+tblData[[#This Row],[AP Spend]]+tblData[[#This Row],[Cost to Serve]] -> 0
B15: Actual | C15: 2024 | D15: 12 | E15: Supermarkets | F15: Novara | G15: 0 | H15: 0 | I15: 0 | J15: 0 | K15: 0 | L15: 0 | M15: 0 | N15: 0 | O15: 0 | P15: 0 | Q15: 0 | R15: 0 | S15: 0 | T15: 0 | U15: 0 | V15: 0 | W15: 0 | X15: 0 | Y15: 0 | Z15: 2930 | AA15: 1996 | AB15: 0 | AC15: 0 | AD15: 0 | AE15: 0 | AF15: =tblData[[#This Row],[Gross Sales]]+tblData[[#This Row],[Trade Discounts]]+tblData[[#This Row],[Returns]] -> 0 | AG15: =tblData[[#This Row],[Material Cost]]+tblData[[#This Row],[Conversion Cost]]+tblData[[#This Row],[Inbound Freight]] -> 0 | AH15: =tblData[[#This Row],[Net Revenue]]+tblData[[#This Row],[COGS]] -> 0 | AI15: =tblData[[#This Row],[Advertising]]+tblData[[#This Row],[Promotions]] -> 0 | AJ15: =tblData[[#This Row],[Outbound Logistics]]+tblData[[#This Row],[Direct Selling]] -> 0 | AK15: =tblData[[#This Row],[Gross Profit]]+tblData[[#This Row],[AP Spend]]+tblData[[#This Row],[Cost to Serve]] -> 0
B16: Actual | C16: 2024 | D16: 12 | E16: Supermarkets | F16: Kestrel | G16: 0 | H16: 0 | I16: 0 | J16: 0 | K16: 0 | L16: 0 | M16: 0 | N16: 0 | O16: 0 | P16: 0 | Q16: 0 | R16: 0 | S16: 0 | T16: 0 | U16: 0 | V16: 0 | W16: 0 | X16: 0 | Y16: 0 | Z16: 2131 | AA16: 1513 | AB16: 0 | AC16: 0 | AD16: 0 | AE16: 0 | AF16: =tblData[[#This Row],[Gross Sales]]+tblData[[#This Row],[Trade Discounts]]+tblData[[#This Row],[Returns]] -> 0 | AG16: =tblData[[#This Row],[Material Cost]]+tblData[[#This Row],[Conversion Cost]]+tblData[[#This Row],[Inbound Freight]] -> 0 | AH16: =tblData[[#This Row],[Net Revenue]]+tblData[[#This Row],[COGS]] -> 0 | AI16: =tblData[[#This Row],[Advertising]]+tblData[[#This Row],[Promotions]] -> 0 | AJ16: =tblData[[#This Row],[Outbound Logistics]]+tblData[[#This Row],[Direct Selling]] -> 0 | AK16: =tblData[[#This Row],[Gross Profit]]+tblData[[#This Row],[AP Spend]]+tblData[[#This Row],[Cost to Serve]] -> 0
B17: Actual | C17: 2024 | D17: 12 | E17: Supermarkets | F17: Lumio | G17: 0 | H17: 0 | I17: 0 | J17: 0 | K17: 0 | L17: 0 | M17: 0 | N17: 0 | O17: 0 | P17: 0 | Q17: 0 | R17: 0 | S17: 0 | T17: 0 | U17: 0 | V17: 0 | W17: 0 | X17: 0 | Y17: 0 | Z17: 1766 | AA17: 1241 | AB17: 0 | AC17: 0 | AD17: 0 | AE17: 0 | AF17: =tblData[[#This Row],[Gross Sales]]+tblData[[#This Row],[Trade Discounts]]+tblData[[#This Row],[Returns]] -> 0 | AG17: =tblData[[#This Row],[Material Cost]]+tblData[[#This Row],[Conversion Cost]]+tblData[[#This Row],[Inbound Freight]] -> 0 | AH17: =tblData[[#This Row],[Net Revenue]]+tblData[[#This Row],[COGS]] -> 0 | AI17: =tblData[[#This Row],[Advertising]]+tblData[[#This Row],[Promotions]] -> 0 | AJ17: =tblData[[#This Row],[Outbound Logistics]]+tblData[[#This Row],[Direct Selling]] -> 0 | AK17: =tblData[[#This Row],[Gross Profit]]+tblData[[#This Row],[AP Spend]]+tblData[[#This Row],[Cost to Serve]] -> 0
B18: Actual | C18: 2024 | D18: 12 | E18: Supermarkets | F18: Everwood | G18: 0 | H18: 0 | I18: 0 | J18: 0 | K18: 0 | L18: 0 | M18: 0 | N18: 0 | O18: 0 | P18: 0 | Q18: 0 | R18: 0 | S18: 0 | T18: 0 | U18: 0 | V18: 0 | W18: 0 | X18: 0 | Y18: 0 | Z18: 1227 | AA18: 1406 | AB18: 0 | AC18: 0 | AD18: 0 | AE18: 0 | AF18: =tblData[[#This Row],[Gross Sales]]+tblData[[#This Row],[Trade Discounts]]+tblData[[#This Row],[Returns]] -> 0 | AG18: =tblData[[#This Row],[Material Cost]]+tblData[[#This Row],[Conversion Cost]]+tblData[[#This Row],[Inbound Freight]] -> 0 | AH18: =tblData[[#This Row],[Net Revenue]]+tblData[[#This Row],[COGS]] -> 0 | AI18: =tblData[[#This Row],[Advertising]]+tblData[[#This Row],[Promotions]] -> 0 | AJ18: =tblData[[#This Row],[Outbound Logistics]]+tblData[[#This Row],[Direct Selling]] -> 0 | AK18: =tblData[[#This Row],[Gross Profit]]+tblData[[#This Row],[AP Spend]]+tblData[[#This Row],[Cost to Serve]] -> 0
B19: Actual | C19: 2024 | D19: 12 | E19: Supermarkets | F19: Tindra | G19: 0 | H19: 0 | I19: 0 | J19: 0 | K19: 0 | L19: 0 | M19: 0 | N19: 0 | O19: 0 | P19: 0 | Q19: 0 | R19: 0 | S19: 0 | T19: 0 | U19: 0 | V19: 0 | W19: 0 | X19: 0 | Y19: 0 | Z19: 734 | AA19: 792 | AB19: 0 | AC19: 0 | AD19: 0 | AE19: 0 | AF19: =tblData[[#This Row],[Gross Sales]]+tblData[[#This Row],[Trade Discounts]]+tblData[[#This Row],[Returns]] -> 0 | AG19: =tblData[[#This Row],[Material Cost]]+tblData[[#This Row],[Conversion Cost]]+tblData[[#This Row],[Inbound Freight]] -> 0 | AH19: =tblData[[#This Row],[Net Revenue]]+tblData[[#This Row],[COGS]] -> 0 | AI19: =tblData[[#This Row],[Advertising]]+tblData[[#This Row],[Promotions]] -> 0 | AJ19: =tblData[[#This Row],[Outbound Logistics]]+tblData[[#This Row],[Direct Selling]] -> 0 | AK19: =tblData[[#This Row],[Gross Profit]]+tblData[[#This Row],[AP Spend]]+tblData[[#This Row],[Cost to Serve]] -> 0
... B1746: Actual | C1746: 2026 | D1746: 10 | E1746: Corporate | F1746: Corporate | G1746: 0 | H1746: 0 | I1746: 0 | J1746: 0 | K1746: 0 | L1746: 0 | M1746: 0 | N1746: 0 | O1746: 0 | P1746: 0 | Q1746: 0 | R1746: -4390 | S1746: -1000 | T1746: -1280 | U1746: -1085 | V1746: -1480 | W1746: -684 | X1746: -2359 | Y1746: -1573 | Z1746: 0 | AA1746: 0 | AB1746: 41042 | AC1746: 56825 | AD1746: 182500 | AE1746: 1197 | AF1746: =tblData[[#This Row],[Gross Sales]]+tblData[[#This Row],[Trade Discounts]]+tblData[[#This Row],[Returns]] -> 0 | AG1746: =tblData[[#This Row],[Material Cost]]+tblData[[#This Row],[Conversion Cost]]+tblData[[#This Row],[Inbound Freight]] -> 0 | AH1746: =tblData[[#This Row],[Net Revenue]]+tblData[[#This Row],[COGS]] -> 0 | AI1746: =tblData[[#This Row],[Advertising]]+tblData[[#This Row],[Promotions]] -> 0 | AJ1746: =tblData[[#This Row],[Outbound Logistics]]+tblData[[#This Row],[Direct Selling]] -> 0 | AK1746: =tblData[[#This Row],[Gross Profit]]+tblData[[#This Row],[AP Spend]]+tblData[[#This Row],[Cost to Serve]] -> 0

Sheet Calc
A1: Calc: calculation engine. No inputs here. Data -> this tab -> report tabs. Do not edit.
A3: Controls
B4: Month name | D4: Jan | E4: Feb | F4: Mar | G4: Apr | H4: May | I4: Jun | J4: Jul | K4: Aug | L4: Sep | M4: Oct | N4: Nov | O4: Dec
B5: Month number | D5: 1 | E5: 2 | F5: 3 | G5: 4 | H5: 5 | I5: 6 | J5: 7 | K5: 8 | L5: 9 | M5: 10 | N5: 11 | O5: 12
A6: mSel | B6: Selected month number | C6: =MATCH(selMonth,Calc!$D$4:$O$4,0) -> 10
A7: mFrom | B7: First month in view | C7: =IF(selView="Month",mSel,1) -> 1
A8: mTo | B8: Last month in view | C8: =IF(selView="Full Year",12,mSel) -> 10
A9: Unit | B9: Divisor: Data is in thousands | C9: =IF(ScaleLbl="m",1000,1) -> 1000
A10: UnitLbl | B10: Unit label | C10: =Cur&ScaleLbl -> $m
A11: AcLbl | B11: Actual column label | C11: =IF(selView="Full Year","Latest Est.","Actual") -> Actual
A12: PerLbl | B12: Period label | C12: =IF(selView="Month",selMonth&" "&selFY,IF(selView="YTD","YTD "&selMonth&" "&selFY,"FY "&selFY&" outlook (actual to "&selMonth&" + forecast)")) -> YTD Oct 2026
A13: LastAct | B13: Last month with actuals | C13: =SUMPRODUCT(MAX((tblData[Scenario]="Actual")*(tblData[Year]=selFY)*tblData[Month])) -> 10
A14: WinM | B14: Months in days-metric window | C14: =MIN(3,mTo) -> 3
A16: Monthly master (raw measures from Data, in reporting units)
A17: Scenario | B17: Measure | C17: Opening | D17: Jan | E17: Feb | F17: Mar | G17: Apr | H17: May | I17: Jun | J17: Jul | K17: Aug | L17: Sep | M17: Oct | N17: Nov | O17: Dec | P17: FY
A18: AC | B18: Units | D18: =SUMIFS(tblData[Units],tblData[Scenario],"Actual",tblData[Year],selFY,tblData[Month],D$5) -> 4344.3 | E18: =SUMIFS(tblData[Units],tblData[Scenario],"Actual",tblData[Year],selFY,tblData[Month],E$5) -> 4483.8 | F18: =SUMIFS(tblData[Units],tblData[Scenario],"Actual",tblData[Year],selFY,tblData[Month],F$5) -> 4999 | G18: =SUMIFS(tblData[Units],tblData[Scenario],"Actual",tblData[Year],selFY,tblData[Month],G$5) -> 5148.7 | H18: =SUMIFS(tblData[Units],tblData[Scenario],"Actual",tblData[Year],selFY,tblData[Month],H$5) -> 5266.1 | I18: =SUMIFS(tblData[Units],tblData[Scenario],"Actual",tblData[Year],selFY,tblData[Month],I$5) -> 5394.6 | J18: =SUMIFS(tblData[Units],tblData[Scenario],"Actual",tblData[Year],selFY,tblData[Month],J$5) -> 5258.8 | K18: =SUMIFS(tblData[Units],tblData[Scenario],"Actual",tblData[Year],selFY,tblData[Month],K$5) -> 5379.3 | ... O18: =SUMIFS(tblData[Units],tblData[Scenario],"Actual",tblData[Year],selFY,tblData[Month],O$5) -> 0 | P18: =SUM(D18:O18) -> 52604.6
A19: AC | B19: Gross Sales | D19: =SUMIFS(tblData[Gross Sales],tblData[Scenario],"Actual",tblData[Year],selFY,tblData[Month],D$5)/Unit -> 41.67 | E19: =SUMIFS(tblData[Gross Sales],tblData[Scenario],"Actual",tblData[Year],selFY,tblData[Month],E$5)/Unit -> 42.95 | F19: =SUMIFS(tblData[Gross Sales],tblData[Scenario],"Actual",tblData[Year],selFY,tblData[Month],F$5)/Unit -> 47.965 | G19: =SUMIFS(tblData[Gross Sales],tblData[Scenario],"Actual",tblData[Year],selFY,tblData[Month],G$5)/Unit -> 49.261 | H19: =SUMIFS(tblData[Gross Sales],tblData[Scenario],"Actual",tblData[Year],selFY,tblData[Month],H$5)/Unit -> 50.493 | I19: =SUMIFS(tblData[Gross Sales],tblData[Scenario],"Actual",tblData[Year],selFY,tblData[Month],I$5)/Unit -> 51.69 | J19: =SUMIFS(tblData[Gross Sales],tblData[Scenario],"Actual",tblData[Year],selFY,tblData[Month],J$5)/Unit -> 50.414 | K19: =SUMIFS(tblData[Gross Sales],tblData[Scenario],"Actual",tblData[Year],selFY,tblData[Month],K$5)/Unit -> 51.589 | ... O19: =SUMIFS(tblData[Gross Sales],tblData[Scenario],"Actual",tblData[Year],selFY,tblData[Month],O$5)/Unit -> 0 | P19: =SUM(D19:O19) -> 504.211
A20: AC | B20: Trade Discounts | D20: =SUMIFS(tblData[Trade Discounts],tblData[Scenario],"Actual",tblData[Year],selFY,tblData[Month],D$5)/Unit -> -6.501 | E20: =SUMIFS(tblData[Trade Discounts],tblData[Scenario],"Actual",tblData[Year],selFY,tblData[Month],E$5)/Unit -> -6.718 | F20: =SUMIFS(tblData[Trade Discounts],tblData[Scenario],"Actual",tblData[Year],selFY,tblData[Month],F$5)/Unit -> -7.49 | G20: =SUMIFS(tblData[Trade Discounts],tblData[Scenario],"Actual",tblData[Year],selFY,tblData[Month],G$5)/Unit -> -7.692 | H20: =SUMIFS(tblData[Trade Discounts],tblData[Scenario],"Actual",tblData[Year],selFY,tblData[Month],H$5)/Unit -> -7.882 | I20: =SUMIFS(tblData[Trade Discounts],tblData[Scenario],"Actual",tblData[Year],selFY,tblData[Month],I$5)/Unit -> -8.075 | J20: =SUMIFS(tblData[Trade Discounts],tblData[Scenario],"Actual",tblData[Year],selFY,tblData[Month],J$5)/Unit -> -7.868 | K20: =SUMIFS(tblData[Trade Discounts],tblData[Scenario],"Actual",tblData[Year],selFY,tblData[Month],K$5)/Unit -> -8.057 | ... O20: =SUMIFS(tblData[Trade Discounts],tblData[Scenario],"Actual",tblData[Year],selFY,tblData[Month],O$5)/Unit -> 0 | P20: =SUM(D20:O20) -> -78.726
A21: AC | B21: Returns | D21: =SUMIFS(tblData[Returns],tblData[Scenario],"Actual",tblData[Year],selFY,tblData[Month],D$5)/Unit -> -0.821 | E21: =SUMIFS(tblData[Returns],tblData[Scenario],"Actual",tblData[Year],selFY,tblData[Month],E$5)/Unit -> -0.841 | F21: =SUMIFS(tblData[Returns],tblData[Scenario],"Actual",tblData[Year],selFY,tblData[Month],F$5)/Unit -> -0.943 | G21: =SUMIFS(tblData[Returns],tblData[Scenario],"Actual",tblData[Year],selFY,tblData[Month],G$5)/Unit -> -0.969 | H21: =SUMIFS(tblData[Returns],tblData[Scenario],"Actual",tblData[Year],selFY,tblData[Month],H$5)/Unit -> -0.994 | I21: =SUMIFS(tblData[Returns],tblData[Scenario],"Actual",tblData[Year],selFY,tblData[Month],I$5)/Unit -> -1.013 | J21: =SUMIFS(tblData[Returns],tblData[Scenario],"Actual",tblData[Year],selFY,tblData[Month],J$5)/Unit -> -0.991 | K21: =SUMIFS(tblData[Returns],tblData[Scenario],"Actual",tblData[Year],selFY,tblData[Month],K$5)/Unit -> -1.017 | ... O21: =SUMIFS(tblData[Returns],tblData[Scenario],"Actual",tblData[Year],selFY,tblData[Month],O$5)/Unit -> 0 | P21: =SUM(D21:O21) -> -9.915
A22: AC | B22: Material Cost | D22: =SUMIFS(tblData[Material Cost],tblData[Scenario],"Actual",tblData[Year],selFY,tblData[Month],D$5)/Unit -> -10.778 | E22: =SUMIFS(tblData[Material Cost],tblData[Scenario],"Actual",tblData[Year],selFY,tblData[Month],E$5)/Unit -> -11.105 | F22: =SUMIFS(tblData[Material Cost],tblData[Scenario],"Actual",tblData[Year],selFY,tblData[Month],F$5)/Unit -> -12.397 | G22: =SUMIFS(tblData[Material Cost],tblData[Scenario],"Actual",tblData[Year],selFY,tblData[Month],G$5)/Unit -> -12.75 | H22: =SUMIFS(tblData[Material Cost],tblData[Scenario],"Actual",tblData[Year],selFY,tblData[Month],H$5)/Unit -> -13.055 | I22: =SUMIFS(tblData[Material Cost],tblData[Scenario],"Actual",tblData[Year],selFY,tblData[Month],I$5)/Unit -> -13.368 | J22: =SUMIFS(tblData[Material Cost],tblData[Scenario],"Actual",tblData[Year],selFY,tblData[Month],J$5)/Unit -> -13.033 | K22: =SUMIFS(tblData[Material Cost],tblData[Scenario],"Actual",tblData[Year],selFY,tblData[Month],K$5)/Unit -> -13.338 | ... O22: =SUMIFS(tblData[Material Cost],tblData[Scenario],"Actual",tblData[Year],selFY,tblData[Month],O$5)/Unit -> 0 | P22: =SUM(D22:O22) -> -130.389
A23: AC | B23: Conversion Cost | D23: =SUMIFS(tblData[Conversion Cost],tblData[Scenario],"Actual",tblData[Year],selFY,tblData[Month],D$5)/Unit -> -2.653 | E23: =SUMIFS(tblData[Conversion Cost],tblData[Scenario],"Actual",tblData[Year],selFY,tblData[Month],E$5)/Unit -> -2.737 | F23: =SUMIFS(tblData[Conversion Cost],tblData[Scenario],"Actual",tblData[Year],selFY,tblData[Month],F$5)/Unit -> -3.054 | G23: =SUMIFS(tblData[Conversion Cost],tblData[Scenario],"Actual",tblData[Year],selFY,tblData[Month],G$5)/Unit -> -3.139 | H23: =SUMIFS(tblData[Conversion Cost],tblData[Scenario],"Actual",tblData[Year],selFY,tblData[Month],H$5)/Unit -> -3.217 | I23: =SUMIFS(tblData[Conversion Cost],tblData[Scenario],"Actual",tblData[Year],selFY,tblData[Month],I$5)/Unit -> -3.293 | J23: =SUMIFS(tblData[Conversion Cost],tblData[Scenario],"Actual",tblData[Year],selFY,tblData[Month],J$5)/Unit -> -3.214 | K23: =SUMIFS(tblData[Conversion Cost],tblData[Scenario],"Actual",tblData[Year],selFY,tblData[Month],K$5)/Unit -> -3.287 | ... O23: =SUMIFS(tblData[Conversion Cost],tblData[Scenario],"Actual",tblData[Year],selFY,tblData[Month],O$5)/Unit -> 0 | P23: =SUM(D23:O23) -> -32.118
A24: AC | B24: Inbound Freight | D24: =SUMIFS(tblData[Inbound Freight],tblData[Scenario],"Actual",tblData[Year],selFY,tblData[Month],D$5)/Unit -> -1.651 | E24: =SUMIFS(tblData[Inbound Freight],tblData[Scenario],"Actual",tblData[Year],selFY,tblData[Month],E$5)/Unit -> -1.703 | F24: =SUMIFS(tblData[Inbound Freight],tblData[Scenario],"Actual",tblData[Year],selFY,tblData[Month],F$5)/Unit -> -1.9 | G24: =SUMIFS(tblData[Inbound Freight],tblData[Scenario],"Actual",tblData[Year],selFY,tblData[Month],G$5)/Unit -> -1.953 | H24: =SUMIFS(tblData[Inbound Freight],tblData[Scenario],"Actual",tblData[Year],selFY,tblData[Month],H$5)/Unit -> -2.002 | I24: =SUMIFS(tblData[Inbound Freight],tblData[Scenario],"Actual",tblData[Year],selFY,tblData[Month],I$5)/Unit -> -2.05 | J24: =SUMIFS(tblData[Inbound Freight],tblData[Scenario],"Actual",tblData[Year],selFY,tblData[Month],J$5)/Unit -> -1.998 | K24: =SUMIFS(tblData[Inbound Freight],tblData[Scenario],"Actual",tblData[Year],selFY,tblData[Month],K$5)/Unit -> -2.043 | ... O24: =SUMIFS(tblData[Inbound Freight],tblData[Scenario],"Actual",tblData[Year],selFY,tblData[Month],O$5)/Unit -> 0 | P24: =SUM(D24:O24) -> -19.987
A25: AC | B25: Advertising | D25: =SUMIFS(tblData[Advertising],tblData[Scenario],"Actual",tblData[Year],selFY,tblData[Month],D$5)/Unit -> -1.852 | E25: =SUMIFS(tblData[Advertising],tblData[Scenario],"Actual",tblData[Year],selFY,tblData[Month],E$5)/Unit -> -1.906 | F25: =SUMIFS(tblData[Advertising],tblData[Scenario],"Actual",tblData[Year],selFY,tblData[Month],F$5)/Unit -> -2.132 | G25: =SUMIFS(tblData[Advertising],tblData[Scenario],"Actual",tblData[Year],selFY,tblData[Month],G$5)/Unit -> -2.186 | H25: =SUMIFS(tblData[Advertising],tblData[Scenario],"Actual",tblData[Year],selFY,tblData[Month],H$5)/Unit -> -2.242 | I25: =SUMIFS(tblData[Advertising],tblData[Scenario],"Actual",tblData[Year],selFY,tblData[Month],I$5)/Unit -> -2.296 | J25: =SUMIFS(tblData[Advertising],tblData[Scenario],"Actual",tblData[Year],selFY,tblData[Month],J$5)/Unit -> -2.242 | K25: =SUMIFS(tblData[Advertising],tblData[Scenario],"Actual",tblData[Year],selFY,tblData[Month],K$5)/Unit -> -2.296 | ... O25: =SUMIFS(tblData[Advertising],tblData[Scenario],"Actual",tblData[Year],selFY,tblData[Month],O$5)/Unit -> 0 | P25: =SUM(D25:O25) -> -22.417
A26: AC | B26: Promotions | D26: =SUMIFS(tblData[Promotions],tblData[Scenario],"Actual",tblData[Year],selFY,tblData[Month],D$5)/Unit -> -1.09 | E26: =SUMIFS(tblData[Promotions],tblData[Scenario],"Actual",tblData[Year],selFY,tblData[Month],E$5)/Unit -> -1.129 | F26: =SUMIFS(tblData[Promotions],tblData[Scenario],"Actual",tblData[Year],selFY,tblData[Month],F$5)/Unit -> -1.255 | G26: =SUMIFS(tblData[Promotions],tblData[Scenario],"Actual",tblData[Year],selFY,tblData[Month],G$5)/Unit -> -1.292 | H26: =SUMIFS(tblData[Promotions],tblData[Scenario],"Actual",tblData[Year],selFY,tblData[Month],H$5)/Unit -> -1.324 | I26: =SUMIFS(tblData[Promotions],tblData[Scenario],"Actual",tblData[Year],selFY,tblData[Month],I$5)/Unit -> -1.356 | J26: =SUMIFS(tblData[Promotions],tblData[Scenario],"Actual",tblData[Year],selFY,tblData[Month],J$5)/Unit -> -1.324 | K26: =SUMIFS(tblData[Promotions],tblData[Scenario],"Actual",tblData[Year],selFY,tblData[Month],K$5)/Unit -> -1.356 | ... O26: =SUMIFS(tblData[Promotions],tblData[Scenario],"Actual",tblData[Year],selFY,tblData[Month],O$5)/Unit -> 0 | P26: =SUM(D26:O26) -> -13.242
A27: AC | B27: Outbound Logistics | D27: =SUMIFS(tblData[Outbound Logistics],tblData[Scenario],"Actual",tblData[Year],selFY,tblData[Month],D$5)/Unit -> -2.126 | E27: =SUMIFS(tblData[Outbound Logistics],tblData[Scenario],"Actual",tblData[Year],selFY,tblData[Month],E$5)/Unit -> -2.186 | F27: =SUMIFS(tblData[Outbound Logistics],tblData[Scenario],"Actual",tblData[Year],selFY,tblData[Month],F$5)/Unit -> -2.442 | G27: =SUMIFS(tblData[Outbound Logistics],tblData[Scenario],"Actual",tblData[Year],selFY,tblData[Month],G$5)/Unit -> -2.511 | H27: =SUMIFS(tblData[Outbound Logistics],tblData[Scenario],"Actual",tblData[Year],selFY,tblData[Month],H$5)/Unit -> -2.575 | I27: =SUMIFS(tblData[Outbound Logistics],tblData[Scenario],"Actual",tblData[Year],selFY,tblData[Month],I$5)/Unit -> -2.629 | J27: =SUMIFS(tblData[Outbound Logistics],tblData[Scenario],"Actual",tblData[Year],selFY,tblData[Month],J$5)/Unit -> -2.567 | K27: =SUMIFS(tblData[Outbound Logistics],tblData[Scenario],"Actual",tblData[Year],selFY,tblData[Month],K$5)/Unit -> -2.634 | ... O27: =SUMIFS(tblData[Outbound Logistics],tblData[Scenario],"Actual",tblData[Year],selFY,tblData[Month],O$5)/Unit -> 0 | P27: =SUM(D27:O27) -> -25.693
A28: AC | B28: Direct Selling | D28: =SUMIFS(tblData[Direct Selling],tblData[Scenario],"Actual",tblData[Year],selFY,tblData[Month],D$5)/Unit -> -1.084 | E28: =SUMIFS(tblData[Direct Selling],tblData[Scenario],"Actual",tblData[Year],selFY,tblData[Month],E$5)/Unit -> -1.118 | F28: =SUMIFS(tblData[Direct Selling],tblData[Scenario],"Actual",tblData[Year],selFY,tblData[Month],F$5)/Unit -> -1.246 | G28: =SUMIFS(tblData[Direct Selling],tblData[Scenario],"Actual",tblData[Year],selFY,tblData[Month],G$5)/Unit -> -1.286 | H28: =SUMIFS(tblData[Direct Selling],tblData[Scenario],"Actual",tblData[Year],selFY,tblData[Month],H$5)/Unit -> -1.312 | I28: =SUMIFS(tblData[Direct Selling],tblData[Scenario],"Actual",tblData[Year],selFY,tblData[Month],I$5)/Unit -> -1.346 | J28: =SUMIFS(tblData[Direct Selling],tblData[Scenario],"Actual",tblData[Year],selFY,tblData[Month],J$5)/Unit -> -1.314 | K28: =SUMIFS(tblData[Direct Selling],tblData[Scenario],"Actual",tblData[Year],selFY,tblData[Month],K$5)/Unit -> -1.345 | ... O28: =SUMIFS(tblData[Direct Selling],tblData[Scenario],"Actual",tblData[Year],selFY,tblData[Month],O$5)/Unit -> 0 | P28: =SUM(D28:O28) -> -13.129
A29: AC | B29: Personnel | D29: =SUMIFS(tblData[Personnel],tblData[Scenario],"Actual",tblData[Year],selFY,tblData[Month],D$5)/Unit -> -4.237 | E29: =SUMIFS(tblData[Personnel],tblData[Scenario],"Actual",tblData[Year],selFY,tblData[Month],E$5)/Unit -> -4.254 | F29: =SUMIFS(tblData[Personnel],tblData[Scenario],"Actual",tblData[Year],selFY,tblData[Month],F$5)/Unit -> -4.271 | G29: =SUMIFS(tblData[Personnel],tblData[Scenario],"Actual",tblData[Year],selFY,tblData[Month],G$5)/Unit -> -4.288 | H29: =SUMIFS(tblData[Personnel],tblData[Scenario],"Actual",tblData[Year],selFY,tblData[Month],H$5)/Unit -> -4.305 | I29: =SUMIFS(tblData[Personnel],tblData[Scenario],"Actual",tblData[Year],selFY,tblData[Month],I$5)/Unit -> -4.322 | J29: =SUMIFS(tblData[Personnel],tblData[Scenario],"Actual",tblData[Year],selFY,tblData[Month],J$5)/Unit -> -4.339 | K29: =SUMIFS(tblData[Personnel],tblData[Scenario],"Actual",tblData[Year],selFY,tblData[Month],K$5)/Unit -> -4.356 | ... O29: =SUMIFS(tblData[Personnel],tblData[Scenario],"Actual",tblData[Year],selFY,tblData[Month],O$5)/Unit -> 0 | P29: =SUM(D29:O29) -> -43.135
A30: AC | B30: Research and Development | D30: =SUMIFS(tblData[Research and Development],tblData[Scenario],"Actual",tblData[Year],selFY,tblData[Month],D$5)/Unit -> -1 | E30: =SUMIFS(tblData[Research and Development],tblData[Scenario],"Actual",tblData[Year],selFY,tblData[Month],E$5)/Unit -> -1 | F30: =SUMIFS(tblData[Research and Development],tblData[Scenario],"Actual",tblData[Year],selFY,tblData[Month],F$5)/Unit -> -1 | G30: =SUMIFS(tblData[Research and Development],tblData[Scenario],"Actual",tblData[Year],selFY,tblData[Month],G$5)/Unit -> -1 | H30: =SUMIFS(tblData[Research and Development],tblData[Scenario],"Actual",tblData[Year],selFY,tblData[Month],H$5)/Unit -> -1 | I30: =SUMIFS(tblData[Research and Development],tblData[Scenario],"Actual",tblData[Year],selFY,tblData[Month],I$5)/Unit -> -1 | J30: =SUMIFS(tblData[Research and Development],tblData[Scenario],"Actual",tblData[Year],selFY,tblData[Month],J$5)/Unit -> -1 | K30: =SUMIFS(tblData[Research and Development],tblData[Scenario],"Actual",tblData[Year],selFY,tblData[Month],K$5)/Unit -> -1 | ... O30: =SUMIFS(tblData[Research and Development],tblData[Scenario],"Actual",tblData[Year],selFY,tblData[Month],O$5)/Unit -> 0 | P30: =SUM(D30:O30) -> -10
A31: AC | B31: IT and Facilities | D31: =SUMIFS(tblData[IT and Facilities],tblData[Scenario],"Actual",tblData[Year],selFY,tblData[Month],D$5)/Unit -> -1.28 | E31: =SUMIFS(tblData[IT and Facilities],tblData[Scenario],"Actual",tblData[Year],selFY,tblData[Month],E$5)/Unit -> -1.28 | F31: =SUMIFS(tblData[IT and Facilities],tblData[Scenario],"Actual",tblData[Year],selFY,tblData[Month],F$5)/Unit -> -1.28 | G31: =SUMIFS(tblData[IT and Facilities],tblData[Scenario],"Actual",tblData[Year],selFY,tblData[Month],G$5)/Unit -> -1.28 | H31: =SUMIFS(tblData[IT and Facilities],tblData[Scenario],"Actual",tblData[Year],selFY,tblData[Month],H$5)/Unit -> -1.28 | I31: =SUMIFS(tblData[IT and Facilities],tblData[Scenario],"Actual",tblData[Year],selFY,tblData[Month],I$5)/Unit -> -1.28 | J31: =SUMIFS(tblData[IT and Facilities],tblData[Scenario],"Actual",tblData[Year],selFY,tblData[Month],J$5)/Unit -> -1.28 | K31: =SUMIFS(tblData[IT and Facilities],tblData[Scenario],"Actual",tblData[Year],selFY,tblData[Month],K$5)/Unit -> -1.28 | ... O31: =SUMIFS(tblData[IT and Facilities],tblData[Scenario],"Actual",tblData[Year],selFY,tblData[Month],O$5)/Unit -> 0 | P31: =SUM(D31:O31) -> -12.8
A32: AC | B32: Other Admin | D32: =SUMIFS(tblData[Other Admin],tblData[Scenario],"Actual",tblData[Year],selFY,tblData[Month],D$5)/Unit -> -1.085 | E32: =SUMIFS(tblData[Other Admin],tblData[Scenario],"Actual",tblData[Year],selFY,tblData[Month],E$5)/Unit -> -1.085 | F32: =SUMIFS(tblData[Other Admin],tblData[Scenario],"Actual",tblData[Year],selFY,tblData[Month],F$5)/Unit -> -1.085 | G32: =SUMIFS(tblData[Other Admin],tblData[Scenario],"Actual",tblData[Year],selFY,tblData[Month],G$5)/Unit -> -1.085 | H32: =SUMIFS(tblData[Other Admin],tblData[Scenario],"Actual",tblData[Year],selFY,tblData[Month],H$5)/Unit -> -1.085 | I32: =SUMIFS(tblData[Other Admin],tblData[Scenario],"Actual",tblData[Year],selFY,tblData[Month],I$5)/Unit -> -1.085 | J32: =SUMIFS(tblData[Other Admin],tblData[Scenario],"Actual",tblData[Year],selFY,tblData[Month],J$5)/Unit -> -1.085 | K32: =SUMIFS(tblData[Other Admin],tblData[Scenario],"Actual",tblData[Year],selFY,tblData[Month],K$5)/Unit -> -1.085 | ... O32: =SUMIFS(tblData[Other Admin],tblData[Scenario],"Actual",tblData[Year],selFY,tblData[Month],O$5)/Unit -> 0 | P32: =SUM(D32:O32) -> -10.85
A33: AC | B33: Depreciation | D33: =SUMIFS(tblData[Depreciation],tblData[Scenario],"Actual",tblData[Year],selFY,tblData[Month],D$5)/Unit -> -1.48 | E33: =SUMIFS(tblData[Depreciation],tblData[Scenario],"Actual",tblData[Year],selFY,tblData[Month],E$5)/Unit -> -1.48 | F33: =SUMIFS(tblData[Depreciation],tblData[Scenario],"Actual",tblData[Year],selFY,tblData[Month],F$5)/Unit -> -1.48 | G33: =SUMIFS(tblData[Depreciation],tblData[Scenario],"Actual",tblData[Year],selFY,tblData[Month],G$5)/Unit -> -1.48 | H33: =SUMIFS(tblData[Depreciation],tblData[Scenario],"Actual",tblData[Year],selFY,tblData[Month],H$5)/Unit -> -1.48 | I33: =SUMIFS(tblData[Depreciation],tblData[Scenario],"Actual",tblData[Year],selFY,tblData[Month],I$5)/Unit -> -1.48 | J33: =SUMIFS(tblData[Depreciation],tblData[Scenario],"Actual",tblData[Year],selFY,tblData[Month],J$5)/Unit -> -1.48 | K33: =SUMIFS(tblData[Depreciation],tblData[Scenario],"Actual",tblData[Year],selFY,tblData[Month],K$5)/Unit -> -1.48 | ... O33: =SUMIFS(tblData[Depreciation],tblData[Scenario],"Actual",tblData[Year],selFY,tblData[Month],O$5)/Unit -> 0 | P33: =SUM(D33:O33) -> -14.8
A34: AC | B34: Net Interest | D34: =SUMIFS(tblData[Net Interest],tblData[Scenario],"Actual",tblData[Year],selFY,tblData[Month],D$5)/Unit -> -0.712 | E34: =SUMIFS(tblData[Net Interest],tblData[Scenario],"Actual",tblData[Year],selFY,tblData[Month],E$5)/Unit -> -0.712 | F34: =SUMIFS(tblData[Net Interest],tblData[Scenario],"Actual",tblData[Year],selFY,tblData[Month],F$5)/Unit -> -0.712 | G34: =SUMIFS(tblData[Net Interest],tblData[Scenario],"Actual",tblData[Year],selFY,tblData[Month],G$5)/Unit -> -0.703 | H34: =SUMIFS(tblData[Net Interest],tblData[Scenario],"Actual",tblData[Year],selFY,tblData[Month],H$5)/Unit -> -0.703 | I34: =SUMIFS(tblData[Net Interest],tblData[Scenario],"Actual",tblData[Year],selFY,tblData[Month],I$5)/Unit -> -0.703 | J34: =SUMIFS(tblData[Net Interest],tblData[Scenario],"Actual",tblData[Year],selFY,tblData[Month],J$5)/Unit -> -0.694 | K34: =SUMIFS(tblData[Net Interest],tblData[Scenario],"Actual",tblData[Year],selFY,tblData[Month],K$5)/Unit -> -0.694 | ... O34: =SUMIFS(tblData[Net Interest],tblData[Scenario],"Actual",tblData[Year],selFY,tblData[Month],O$5)/Unit -> 0 | P34: =SUM(D34:O34) -> -7.011
A35: AC | B35: Tax | D35: =SUMIFS(tblData[Tax],tblData[Scenario],"Actual",tblData[Year],selFY,tblData[Month],D$5)/Unit -> -0.829 | E35: =SUMIFS(tblData[Tax],tblData[Scenario],"Actual",tblData[Year],selFY,tblData[Month],E$5)/Unit -> -0.925 | F35: =SUMIFS(tblData[Tax],tblData[Scenario],"Actual",tblData[Year],selFY,tblData[Month],F$5)/Unit -> -1.319 | G35: =SUMIFS(tblData[Tax],tblData[Scenario],"Actual",tblData[Year],selFY,tblData[Month],G$5)/Unit -> -1.414 | H35: =SUMIFS(tblData[Tax],tblData[Scenario],"Actual",tblData[Year],selFY,tblData[Month],H$5)/Unit -> -1.51 | I35: =SUMIFS(tblData[Tax],tblData[Scenario],"Actual",tblData[Year],selFY,tblData[Month],I$5)/Unit -> -1.598 | J35: =SUMIFS(tblData[Tax],tblData[Scenario],"Actual",tblData[Year],selFY,tblData[Month],J$5)/Unit -> -1.498 | K35: =SUMIFS(tblData[Tax],tblData[Scenario],"Actual",tblData[Year],selFY,tblData[Month],K$5)/Unit -> -1.58 | ... O35: =SUMIFS(tblData[Tax],tblData[Scenario],"Actual",tblData[Year],selFY,tblData[Month],O$5)/Unit -> 0 | P35: =SUM(D35:O35) -> -15.004
A36: AC | B36: Capex | D36: =SUMIFS(tblData[Capex],tblData[Scenario],"Actual",tblData[Year],selFY,tblData[Month],D$5)/Unit -> -1.134 | E36: =SUMIFS(tblData[Capex],tblData[Scenario],"Actual",tblData[Year],selFY,tblData[Month],E$5)/Unit -> -1.168 | F36: =SUMIFS(tblData[Capex],tblData[Scenario],"Actual",tblData[Year],selFY,tblData[Month],F$5)/Unit -> -1.305 | G36: =SUMIFS(tblData[Capex],tblData[Scenario],"Actual",tblData[Year],selFY,tblData[Month],G$5)/Unit -> -1.34 | H36: =SUMIFS(tblData[Capex],tblData[Scenario],"Actual",tblData[Year],selFY,tblData[Month],H$5)/Unit -> -1.373 | I36: =SUMIFS(tblData[Capex],tblData[Scenario],"Actual",tblData[Year],selFY,tblData[Month],I$5)/Unit -> -1.406 | J36: =SUMIFS(tblData[Capex],tblData[Scenario],"Actual",tblData[Year],selFY,tblData[Month],J$5)/Unit -> -1.288 | K36: =SUMIFS(tblData[Capex],tblData[Scenario],"Actual",tblData[Year],selFY,tblData[Month],K$5)/Unit -> -1.318 | ... O36: =SUMIFS(tblData[Capex],tblData[Scenario],"Actual",tblData[Year],selFY,tblData[Month],O$5)/Unit -> 0 | P36: =SUM(D36:O36) -> -13.352
A37: AC | B37: Receivables | D37: =SUMIFS(tblData[Receivables],tblData[Scenario],"Actual",tblData[Year],selFY,tblData[Month],D$5)/Unit -> 54.383 | E37: =SUMIFS(tblData[Receivables],tblData[Scenario],"Actual",tblData[Year],selFY,tblData[Month],E$5)/Unit -> 55.208 | F37: =SUMIFS(tblData[Receivables],tblData[Scenario],"Actual",tblData[Year],selFY,tblData[Month],F$5)/Unit -> 57.689 | G37: =SUMIFS(tblData[Receivables],tblData[Scenario],"Actual",tblData[Year],selFY,tblData[Month],G$5)/Unit -> 60.988 | H37: =SUMIFS(tblData[Receivables],tblData[Scenario],"Actual",tblData[Year],selFY,tblData[Month],H$5)/Unit -> 64.282 | I37: =SUMIFS(tblData[Receivables],tblData[Scenario],"Actual",tblData[Year],selFY,tblData[Month],I$5)/Unit -> 65.908 | J37: =SUMIFS(tblData[Receivables],tblData[Scenario],"Actual",tblData[Year],selFY,tblData[Month],J$5)/Unit -> 66.44 | K37: =SUMIFS(tblData[Receivables],tblData[Scenario],"Actual",tblData[Year],selFY,tblData[Month],K$5)/Unit -> 66.904 | ... O37: =SUMIFS(tblData[Receivables],tblData[Scenario],"Actual",tblData[Year],selFY,tblData[Month],O$5)/Unit -> 0
A38: AC | B38: Inventory | D38: =SUMIFS(tblData[Inventory],tblData[Scenario],"Actual",tblData[Year],selFY,tblData[Month],D$5)/Unit -> 48.093 | E38: =SUMIFS(tblData[Inventory],tblData[Scenario],"Actual",tblData[Year],selFY,tblData[Month],E$5)/Unit -> 48.766 | F38: =SUMIFS(tblData[Inventory],tblData[Scenario],"Actual",tblData[Year],selFY,tblData[Month],F$5)/Unit -> 50.921 | G38: =SUMIFS(tblData[Inventory],tblData[Scenario],"Actual",tblData[Year],selFY,tblData[Month],G$5)/Unit -> 53.809 | H38: =SUMIFS(tblData[Inventory],tblData[Scenario],"Actual",tblData[Year],selFY,tblData[Month],H$5)/Unit -> 56.726 | I38: =SUMIFS(tblData[Inventory],tblData[Scenario],"Actual",tblData[Year],selFY,tblData[Month],I$5)/Unit -> 58.151 | J38: =SUMIFS(tblData[Inventory],tblData[Scenario],"Actual",tblData[Year],selFY,tblData[Month],J$5)/Unit -> 58.591 | K38: =SUMIFS(tblData[Inventory],tblData[Scenario],"Actual",tblData[Year],selFY,tblData[Month],K$5)/Unit -> 59.008 | ... O38: =SUMIFS(tblData[Inventory],tblData[Scenario],"Actual",tblData[Year],selFY,tblData[Month],O$5)/Unit -> 0
A39: AC | B39: Payables | D39: =SUMIFS(tblData[Payables],tblData[Scenario],"Actual",tblData[Year],selFY,tblData[Month],D$5)/Unit -> 27.784 | E39: =SUMIFS(tblData[Payables],tblData[Scenario],"Actual",tblData[Year],selFY,tblData[Month],E$5)/Unit -> 28.63 | F39: =SUMIFS(tblData[Payables],tblData[Scenario],"Actual",tblData[Year],selFY,tblData[Month],F$5)/Unit -> 31.957 | G39: =SUMIFS(tblData[Payables],tblData[Scenario],"Actual",tblData[Year],selFY,tblData[Month],G$5)/Unit -> 32.863 | H39: =SUMIFS(tblData[Payables],tblData[Scenario],"Actual",tblData[Year],selFY,tblData[Month],H$5)/Unit -> 33.659 | I39: =SUMIFS(tblData[Payables],tblData[Scenario],"Actual",tblData[Year],selFY,tblData[Month],I$5)/Unit -> 34.462 | J39: =SUMIFS(tblData[Payables],tblData[Scenario],"Actual",tblData[Year],selFY,tblData[Month],J$5)/Unit -> 33.61 | K39: =SUMIFS(tblData[Payables],tblData[Scenario],"Actual",tblData[Year],selFY,tblData[Month],K$5)/Unit -> 34.39 | ... O39: =SUMIFS(tblData[Payables],tblData[Scenario],"Actual",tblData[Year],selFY,tblData[Month],O$5)/Unit -> 0
A40: AC | B40: Cash | D40: =SUMIFS(tblData[Cash],tblData[Scenario],"Actual",tblData[Year],selFY,tblData[Month],D$5)/Unit -> 62.078 | E40: =SUMIFS(tblData[Cash],tblData[Scenario],"Actual",tblData[Year],selFY,tblData[Month],E$5)/Unit -> 64.513 | F40: =SUMIFS(tblData[Cash],tblData[Scenario],"Actual",tblData[Year],selFY,tblData[Month],F$5)/Unit -> 64.836 | G40: =SUMIFS(tblData[Cash],tblData[Scenario],"Actual",tblData[Year],selFY,tblData[Month],G$5)/Unit -> 63.938 | H40: =SUMIFS(tblData[Cash],tblData[Scenario],"Actual",tblData[Year],selFY,tblData[Month],H$5)/Unit -> 45.162 | I40: =SUMIFS(tblData[Cash],tblData[Scenario],"Actual",tblData[Year],selFY,tblData[Month],I$5)/Unit -> 45.275 | J40: =SUMIFS(tblData[Cash],tblData[Scenario],"Actual",tblData[Year],selFY,tblData[Month],J$5)/Unit -> 48.141 | K40: =SUMIFS(tblData[Cash],tblData[Scenario],"Actual",tblData[Year],selFY,tblData[Month],K$5)/Unit -> 52.939 | ... O40: =SUMIFS(tblData[Cash],tblData[Scenario],"Actual",tblData[Year],selFY,tblData[Month],O$5)/Unit -> 0
A41: AC | B41: Gross Debt | D41: =SUMIFS(tblData[Gross Debt],tblData[Scenario],"Actual",tblData[Year],selFY,tblData[Month],D$5)/Unit -> 190 | E41: =SUMIFS(tblData[Gross Debt],tblData[Scenario],"Actual",tblData[Year],selFY,tblData[Month],E$5)/Unit -> 190 | F41: =SUMIFS(tblData[Gross Debt],tblData[Scenario],"Actual",tblData[Year],selFY,tblData[Month],F$5)/Unit -> 187.5 | G41: =SUMIFS(tblData[Gross Debt],tblData[Scenario],"Actual",tblData[Year],selFY,tblData[Month],G$5)/Unit -> 187.5 | H41: =SUMIFS(tblData[Gross Debt],tblData[Scenario],"Actual",tblData[Year],selFY,tblData[Month],H$5)/Unit -> 187.5 | I41: =SUMIFS(tblData[Gross Debt],tblData[Scenario],"Actual",tblData[Year],selFY,tblData[Month],I$5)/Unit -> 185 | J41: =SUMIFS(tblData[Gross Debt],tblData[Scenario],"Actual",tblData[Year],selFY,tblData[Month],J$5)/Unit -> 185 | K41: =SUMIFS(tblData[Gross Debt],tblData[Scenario],"Actual",tblData[Year],selFY,tblData[Month],K$5)/Unit -> 185 | ... O41: =SUMIFS(tblData[Gross Debt],tblData[Scenario],"Actual",tblData[Year],selFY,tblData[Month],O$5)/Unit -> 0
A42: AC | B42: Headcount | D42: =SUMIFS(tblData[Headcount],tblData[Scenario],"Actual",tblData[Year],selFY,tblData[Month],D$5) -> 1173 | E42: =SUMIFS(tblData[Headcount],tblData[Scenario],"Actual",tblData[Year],selFY,tblData[Month],E$5) -> 1176 | F42: =SUMIFS(tblData[Headcount],tblData[Scenario],"Actual",tblData[Year],selFY,tblData[Month],F$5) -> 1178 | G42: =SUMIFS(tblData[Headcount],tblData[Scenario],"Actual",tblData[Year],selFY,tblData[Month],G$5) -> 1181 | H42: =SUMIFS(tblData[Headcount],tblData[Scenario],"Actual",tblData[Year],selFY,tblData[Month],H$5) -> 1184 | I42: =SUMIFS(tblData[Headcount],tblData[Scenario],"Actual",tblData[Year],selFY,tblData[Month],I$5) -> 1186 | J42: =SUMIFS(tblData[Headcount],tblData[Scenario],"Actual",tblData[Year],selFY,tblData[Month],J$5) -> 1189 | K42: =SUMIFS(tblData[Headcount],tblData[Scenario],"Actual",tblData[Year],selFY,tblData[Month],K$5) -> 1192 | ... O42: =SUMIFS(tblData[Headcount],tblData[Scenario],"Actual",tblData[Year],selFY,tblData[Month],O$5) -> 0
A43: BU | B43: Units | D43: =SUMIFS(tblData[Units],tblData[Scenario],"Budget",tblData[Year],selFY,tblData[Month],D$5) -> 4370.7 | E43: =SUMIFS(tblData[Units],tblData[Scenario],"Budget",tblData[Year],selFY,tblData[Month],E$5) -> 4502.8 | F43: =SUMIFS(tblData[Units],tblData[Scenario],"Budget",tblData[Year],selFY,tblData[Month],F$5) -> 5032.8 | G43: =SUMIFS(tblData[Units],tblData[Scenario],"Budget",tblData[Year],selFY,tblData[Month],G$5) -> 5165 | H43: =SUMIFS(tblData[Units],tblData[Scenario],"Budget",tblData[Year],selFY,tblData[Month],H$5) -> 5297.3 | I43: =SUMIFS(tblData[Units],tblData[Scenario],"Budget",tblData[Year],selFY,tblData[Month],I$5) -> 5429.7 | J43: =SUMIFS(tblData[Units],tblData[Scenario],"Budget",tblData[Year],selFY,tblData[Month],J$5) -> 5297.3 | K43: =SUMIFS(tblData[Units],tblData[Scenario],"Budget",tblData[Year],selFY,tblData[Month],K$5) -> 5429.7 | ... O43: =SUMIFS(tblData[Units],tblData[Scenario],"Budget",tblData[Year],selFY,tblData[Month],O$5) -> 6357 | P43: =SUM(D43:O43) -> 66217.9
A44: BU | B44: Gross Sales | D44: =SUMIFS(tblData[Gross Sales],tblData[Scenario],"Budget",tblData[Year],selFY,tblData[Month],D$5)/Unit -> 41.578 | E44: =SUMIFS(tblData[Gross Sales],tblData[Scenario],"Budget",tblData[Year],selFY,tblData[Month],E$5)/Unit -> 42.84 | F44: =SUMIFS(tblData[Gross Sales],tblData[Scenario],"Budget",tblData[Year],selFY,tblData[Month],F$5)/Unit -> 47.879 | G44: =SUMIFS(tblData[Gross Sales],tblData[Scenario],"Budget",tblData[Year],selFY,tblData[Month],G$5)/Unit -> 49.141 | H44: =SUMIFS(tblData[Gross Sales],tblData[Scenario],"Budget",tblData[Year],selFY,tblData[Month],H$5)/Unit -> 50.4 | I44: =SUMIFS(tblData[Gross Sales],tblData[Scenario],"Budget",tblData[Year],selFY,tblData[Month],I$5)/Unit -> 51.664 | J44: =SUMIFS(tblData[Gross Sales],tblData[Scenario],"Budget",tblData[Year],selFY,tblData[Month],J$5)/Unit -> 50.4 | K44: =SUMIFS(tblData[Gross Sales],tblData[Scenario],"Budget",tblData[Year],selFY,tblData[Month],K$5)/Unit -> 51.664 | ... O44: =SUMIFS(tblData[Gross Sales],tblData[Scenario],"Budget",tblData[Year],selFY,tblData[Month],O$5)/Unit -> 60.483 | P44: =SUM(D44:O44) -> 629.999
A45: BU | B45: Trade Discounts | D45: =SUMIFS(tblData[Trade Discounts],tblData[Scenario],"Budget",tblData[Year],selFY,tblData[Month],D$5)/Unit -> -6.427 | E45: =SUMIFS(tblData[Trade Discounts],tblData[Scenario],"Budget",tblData[Year],selFY,tblData[Month],E$5)/Unit -> -6.628 | F45: =SUMIFS(tblData[Trade Discounts],tblData[Scenario],"Budget",tblData[Year],selFY,tblData[Month],F$5)/Unit -> -7.401 | G45: =SUMIFS(tblData[Trade Discounts],tblData[Scenario],"Budget",tblData[Year],selFY,tblData[Month],G$5)/Unit -> -7.596 | H45: =SUMIFS(tblData[Trade Discounts],tblData[Scenario],"Budget",tblData[Year],selFY,tblData[Month],H$5)/Unit -> -7.789 | I45: =SUMIFS(tblData[Trade Discounts],tblData[Scenario],"Budget",tblData[Year],selFY,tblData[Month],I$5)/Unit -> -7.986 | J45: =SUMIFS(tblData[Trade Discounts],tblData[Scenario],"Budget",tblData[Year],selFY,tblData[Month],J$5)/Unit -> -7.789 | K45: =SUMIFS(tblData[Trade Discounts],tblData[Scenario],"Budget",tblData[Year],selFY,tblData[Month],K$5)/Unit -> -7.986 | ... O45: =SUMIFS(tblData[Trade Discounts],tblData[Scenario],"Budget",tblData[Year],selFY,tblData[Month],O$5)/Unit -> -9.349 | P45: =SUM(D45:O45) -> -97.392
A46: BU | B46: Returns | D46: =SUMIFS(tblData[Returns],tblData[Scenario],"Budget",tblData[Year],selFY,tblData[Month],D$5)/Unit -> -0.796 | E46: =SUMIFS(tblData[Returns],tblData[Scenario],"Budget",tblData[Year],selFY,tblData[Month],E$5)/Unit -> -0.821 | F46: =SUMIFS(tblData[Returns],tblData[Scenario],"Budget",tblData[Year],selFY,tblData[Month],F$5)/Unit -> -0.919 | G46: =SUMIFS(tblData[Returns],tblData[Scenario],"Budget",tblData[Year],selFY,tblData[Month],G$5)/Unit -> -0.943 | H46: =SUMIFS(tblData[Returns],tblData[Scenario],"Budget",tblData[Year],selFY,tblData[Month],H$5)/Unit -> -0.966 | I46: =SUMIFS(tblData[Returns],tblData[Scenario],"Budget",tblData[Year],selFY,tblData[Month],I$5)/Unit -> -0.989 | J46: =SUMIFS(tblData[Returns],tblData[Scenario],"Budget",tblData[Year],selFY,tblData[Month],J$5)/Unit -> -0.966 | K46: =SUMIFS(tblData[Returns],tblData[Scenario],"Budget",tblData[Year],selFY,tblData[Month],K$5)/Unit -> -0.989 | ... O46: =SUMIFS(tblData[Returns],tblData[Scenario],"Budget",tblData[Year],selFY,tblData[Month],O$5)/Unit -> -1.158 | P46: =SUM(D46:O46) -> -12.081
A47: BU | B47: Material Cost | D47: =SUMIFS(tblData[Material Cost],tblData[Scenario],"Budget",tblData[Year],selFY,tblData[Month],D$5)/Unit -> -10.64 | E47: =SUMIFS(tblData[Material Cost],tblData[Scenario],"Budget",tblData[Year],selFY,tblData[Month],E$5)/Unit -> -10.962 | F47: =SUMIFS(tblData[Material Cost],tblData[Scenario],"Budget",tblData[Year],selFY,tblData[Month],F$5)/Unit -> -12.255 | G47: =SUMIFS(tblData[Material Cost],tblData[Scenario],"Budget",tblData[Year],selFY,tblData[Month],G$5)/Unit -> -12.575 | H47: =SUMIFS(tblData[Material Cost],tblData[Scenario],"Budget",tblData[Year],selFY,tblData[Month],H$5)/Unit -> -12.9 | I47: =SUMIFS(tblData[Material Cost],tblData[Scenario],"Budget",tblData[Year],selFY,tblData[Month],I$5)/Unit -> -13.219 | J47: =SUMIFS(tblData[Material Cost],tblData[Scenario],"Budget",tblData[Year],selFY,tblData[Month],J$5)/Unit -> -12.9 | K47: =SUMIFS(tblData[Material Cost],tblData[Scenario],"Budget",tblData[Year],selFY,tblData[Month],K$5)/Unit -> -13.219 | ... O47: =SUMIFS(tblData[Material Cost],tblData[Scenario],"Budget",tblData[Year],selFY,tblData[Month],O$5)/Unit -> -15.479 | P47: =SUM(D47:O47) -> -161.227
A48: BU | B48: Conversion Cost | D48: =SUMIFS(tblData[Conversion Cost],tblData[Scenario],"Budget",tblData[Year],selFY,tblData[Month],D$5)/Unit -> -2.661 | E48: =SUMIFS(tblData[Conversion Cost],tblData[Scenario],"Budget",tblData[Year],selFY,tblData[Month],E$5)/Unit -> -2.744 | F48: =SUMIFS(tblData[Conversion Cost],tblData[Scenario],"Budget",tblData[Year],selFY,tblData[Month],F$5)/Unit -> -3.063 | G48: =SUMIFS(tblData[Conversion Cost],tblData[Scenario],"Budget",tblData[Year],selFY,tblData[Month],G$5)/Unit -> -3.141 | H48: =SUMIFS(tblData[Conversion Cost],tblData[Scenario],"Budget",tblData[Year],selFY,tblData[Month],H$5)/Unit -> -3.226 | I48: =SUMIFS(tblData[Conversion Cost],tblData[Scenario],"Budget",tblData[Year],selFY,tblData[Month],I$5)/Unit -> -3.305 | J48: =SUMIFS(tblData[Conversion Cost],tblData[Scenario],"Budget",tblData[Year],selFY,tblData[Month],J$5)/Unit -> -3.226 | K48: =SUMIFS(tblData[Conversion Cost],tblData[Scenario],"Budget",tblData[Year],selFY,tblData[Month],K$5)/Unit -> -3.305 | ... O48: =SUMIFS(tblData[Conversion Cost],tblData[Scenario],"Budget",tblData[Year],selFY,tblData[Month],O$5)/Unit -> -3.867 | P48: =SUM(D48:O48) -> -40.306
A49: BU | B49: Inbound Freight | D49: =SUMIFS(tblData[Inbound Freight],tblData[Scenario],"Budget",tblData[Year],selFY,tblData[Month],D$5)/Unit -> -1.479 | E49: =SUMIFS(tblData[Inbound Freight],tblData[Scenario],"Budget",tblData[Year],selFY,tblData[Month],E$5)/Unit -> -1.524 | F49: =SUMIFS(tblData[Inbound Freight],tblData[Scenario],"Budget",tblData[Year],selFY,tblData[Month],F$5)/Unit -> -1.699 | G49: =SUMIFS(tblData[Inbound Freight],tblData[Scenario],"Budget",tblData[Year],selFY,tblData[Month],G$5)/Unit -> -1.747 | H49: =SUMIFS(tblData[Inbound Freight],tblData[Scenario],"Budget",tblData[Year],selFY,tblData[Month],H$5)/Unit -> -1.791 | I49: =SUMIFS(tblData[Inbound Freight],tblData[Scenario],"Budget",tblData[Year],selFY,tblData[Month],I$5)/Unit -> -1.834 | J49: =SUMIFS(tblData[Inbound Freight],tblData[Scenario],"Budget",tblData[Year],selFY,tblData[Month],J$5)/Unit -> -1.791 | K49: =SUMIFS(tblData[Inbound Freight],tblData[Scenario],"Budget",tblData[Year],selFY,tblData[Month],K$5)/Unit -> -1.834 | ... O49: =SUMIFS(tblData[Inbound Freight],tblData[Scenario],"Budget",tblData[Year],selFY,tblData[Month],O$5)/Unit -> -2.15 | P49: =SUM(D49:O49) -> -22.386
A50: BU | B50: Advertising | D50: =SUMIFS(tblData[Advertising],tblData[Scenario],"Budget",tblData[Year],selFY,tblData[Month],D$5)/Unit -> -1.986 | E50: =SUMIFS(tblData[Advertising],tblData[Scenario],"Budget",tblData[Year],selFY,tblData[Month],E$5)/Unit -> -2.047 | F50: =SUMIFS(tblData[Advertising],tblData[Scenario],"Budget",tblData[Year],selFY,tblData[Month],F$5)/Unit -> -2.29 | G50: =SUMIFS(tblData[Advertising],tblData[Scenario],"Budget",tblData[Year],selFY,tblData[Month],G$5)/Unit -> -2.351 | H50: =SUMIFS(tblData[Advertising],tblData[Scenario],"Budget",tblData[Year],selFY,tblData[Month],H$5)/Unit -> -2.415 | I50: =SUMIFS(tblData[Advertising],tblData[Scenario],"Budget",tblData[Year],selFY,tblData[Month],I$5)/Unit -> -2.471 | J50: =SUMIFS(tblData[Advertising],tblData[Scenario],"Budget",tblData[Year],selFY,tblData[Month],J$5)/Unit -> -2.415 | K50: =SUMIFS(tblData[Advertising],tblData[Scenario],"Budget",tblData[Year],selFY,tblData[Month],K$5)/Unit -> -2.471 | ... O50: =SUMIFS(tblData[Advertising],tblData[Scenario],"Budget",tblData[Year],selFY,tblData[Month],O$5)/Unit -> -2.895 | P50: =SUM(D50:O50) -> -30.142
A51: BU | B51: Promotions | D51: =SUMIFS(tblData[Promotions],tblData[Scenario],"Budget",tblData[Year],selFY,tblData[Month],D$5)/Unit -> -1.069 | E51: =SUMIFS(tblData[Promotions],tblData[Scenario],"Budget",tblData[Year],selFY,tblData[Month],E$5)/Unit -> -1.103 | F51: =SUMIFS(tblData[Promotions],tblData[Scenario],"Budget",tblData[Year],selFY,tblData[Month],F$5)/Unit -> -1.231 | G51: =SUMIFS(tblData[Promotions],tblData[Scenario],"Budget",tblData[Year],selFY,tblData[Month],G$5)/Unit -> -1.262 | H51: =SUMIFS(tblData[Promotions],tblData[Scenario],"Budget",tblData[Year],selFY,tblData[Month],H$5)/Unit -> -1.296 | I51: =SUMIFS(tblData[Promotions],tblData[Scenario],"Budget",tblData[Year],selFY,tblData[Month],I$5)/Unit -> -1.331 | J51: =SUMIFS(tblData[Promotions],tblData[Scenario],"Budget",tblData[Year],selFY,tblData[Month],J$5)/Unit -> -1.296 | K51: =SUMIFS(tblData[Promotions],tblData[Scenario],"Budget",tblData[Year],selFY,tblData[Month],K$5)/Unit -> -1.331 | ... O51: =SUMIFS(tblData[Promotions],tblData[Scenario],"Budget",tblData[Year],selFY,tblData[Month],O$5)/Unit -> -1.557 | P51: =SUM(D51:O51) -> -16.219
A52: BU | B52: Outbound Logistics | D52: =SUMIFS(tblData[Outbound Logistics],tblData[Scenario],"Budget",tblData[Year],selFY,tblData[Month],D$5)/Unit -> -2.027 | E52: =SUMIFS(tblData[Outbound Logistics],tblData[Scenario],"Budget",tblData[Year],selFY,tblData[Month],E$5)/Unit -> -2.088 | F52: =SUMIFS(tblData[Outbound Logistics],tblData[Scenario],"Budget",tblData[Year],selFY,tblData[Month],F$5)/Unit -> -2.328 | G52: =SUMIFS(tblData[Outbound Logistics],tblData[Scenario],"Budget",tblData[Year],selFY,tblData[Month],G$5)/Unit -> -2.393 | H52: =SUMIFS(tblData[Outbound Logistics],tblData[Scenario],"Budget",tblData[Year],selFY,tblData[Month],H$5)/Unit -> -2.451 | I52: =SUMIFS(tblData[Outbound Logistics],tblData[Scenario],"Budget",tblData[Year],selFY,tblData[Month],I$5)/Unit -> -2.516 | J52: =SUMIFS(tblData[Outbound Logistics],tblData[Scenario],"Budget",tblData[Year],selFY,tblData[Month],J$5)/Unit -> -2.451 | K52: =SUMIFS(tblData[Outbound Logistics],tblData[Scenario],"Budget",tblData[Year],selFY,tblData[Month],K$5)/Unit -> -2.516 | ... O52: =SUMIFS(tblData[Outbound Logistics],tblData[Scenario],"Budget",tblData[Year],selFY,tblData[Month],O$5)/Unit -> -2.949 | P52: =SUM(D52:O52) -> -30.676
A53: BU | B53: Direct Selling | D53: =SUMIFS(tblData[Direct Selling],tblData[Scenario],"Budget",tblData[Year],selFY,tblData[Month],D$5)/Unit -> -1.085 | E53: =SUMIFS(tblData[Direct Selling],tblData[Scenario],"Budget",tblData[Year],selFY,tblData[Month],E$5)/Unit -> -1.12 | F53: =SUMIFS(tblData[Direct Selling],tblData[Scenario],"Budget",tblData[Year],selFY,tblData[Month],F$5)/Unit -> -1.249 | G53: =SUMIFS(tblData[Direct Selling],tblData[Scenario],"Budget",tblData[Year],selFY,tblData[Month],G$5)/Unit -> -1.283 | H53: =SUMIFS(tblData[Direct Selling],tblData[Scenario],"Budget",tblData[Year],selFY,tblData[Month],H$5)/Unit -> -1.318 | I53: =SUMIFS(tblData[Direct Selling],tblData[Scenario],"Budget",tblData[Year],selFY,tblData[Month],I$5)/Unit -> -1.349 | J53: =SUMIFS(tblData[Direct Selling],tblData[Scenario],"Budget",tblData[Year],selFY,tblData[Month],J$5)/Unit -> -1.318 | K53: =SUMIFS(tblData[Direct Selling],tblData[Scenario],"Budget",tblData[Year],selFY,tblData[Month],K$5)/Unit -> -1.349 | ... O53: =SUMIFS(tblData[Direct Selling],tblData[Scenario],"Budget",tblData[Year],selFY,tblData[Month],O$5)/Unit -> -1.578 | P53: =SUM(D53:O53) -> -16.45
A54: BU | B54: Personnel | D54: =SUMIFS(tblData[Personnel],tblData[Scenario],"Budget",tblData[Year],selFY,tblData[Month],D$5)/Unit -> -4.15 | E54: =SUMIFS(tblData[Personnel],tblData[Scenario],"Budget",tblData[Year],selFY,tblData[Month],E$5)/Unit -> -4.167 | F54: =SUMIFS(tblData[Personnel],tblData[Scenario],"Budget",tblData[Year],selFY,tblData[Month],F$5)/Unit -> -4.183 | G54: =SUMIFS(tblData[Personnel],tblData[Scenario],"Budget",tblData[Year],selFY,tblData[Month],G$5)/Unit -> -4.2 | H54: =SUMIFS(tblData[Personnel],tblData[Scenario],"Budget",tblData[Year],selFY,tblData[Month],H$5)/Unit -> -4.216 | I54: =SUMIFS(tblData[Personnel],tblData[Scenario],"Budget",tblData[Year],selFY,tblData[Month],I$5)/Unit -> -4.233 | J54: =SUMIFS(tblData[Personnel],tblData[Scenario],"Budget",tblData[Year],selFY,tblData[Month],J$5)/Unit -> -4.25 | K54: =SUMIFS(tblData[Personnel],tblData[Scenario],"Budget",tblData[Year],selFY,tblData[Month],K$5)/Unit -> -4.266 | ... O54: =SUMIFS(tblData[Personnel],tblData[Scenario],"Budget",tblData[Year],selFY,tblData[Month],O$5)/Unit -> -4.333 | P54: =SUM(D54:O54) -> -50.896
A55: BU | B55: Research and Development | D55: =SUMIFS(tblData[Research and Development],tblData[Scenario],"Budget",tblData[Year],selFY,tblData[Month],D$5)/Unit -> -1.02 | E55: =SUMIFS(tblData[Research and Development],tblData[Scenario],"Budget",tblData[Year],selFY,tblData[Month],E$5)/Unit -> -1.02 | F55: =SUMIFS(tblData[Research and Development],tblData[Scenario],"Budget",tblData[Year],selFY,tblData[Month],F$5)/Unit -> -1.02 | G55: =SUMIFS(tblData[Research and Development],tblData[Scenario],"Budget",tblData[Year],selFY,tblData[Month],G$5)/Unit -> -1.02 | H55: =SUMIFS(tblData[Research and Development],tblData[Scenario],"Budget",tblData[Year],selFY,tblData[Month],H$5)/Unit -> -1.02 | I55: =SUMIFS(tblData[Research and Development],tblData[Scenario],"Budget",tblData[Year],selFY,tblData[Month],I$5)/Unit -> -1.02 | J55: =SUMIFS(tblData[Research and Development],tblData[Scenario],"Budget",tblData[Year],selFY,tblData[Month],J$5)/Unit -> -1.02 | K55: =SUMIFS(tblData[Research and Development],tblData[Scenario],"Budget",tblData[Year],selFY,tblData[Month],K$5)/Unit -> -1.02 | ... O55: =SUMIFS(tblData[Research and Development],tblData[Scenario],"Budget",tblData[Year],selFY,tblData[Month],O$5)/Unit -> -1.02 | P55: =SUM(D55:O55) -> -12.24
A56: BU | B56: IT and Facilities | D56: =SUMIFS(tblData[IT and Facilities],tblData[Scenario],"Budget",tblData[Year],selFY,tblData[Month],D$5)/Unit -> -1.32 | E56: =SUMIFS(tblData[IT and Facilities],tblData[Scenario],"Budget",tblData[Year],selFY,tblData[Month],E$5)/Unit -> -1.32 | F56: =SUMIFS(tblData[IT and Facilities],tblData[Scenario],"Budget",tblData[Year],selFY,tblData[Month],F$5)/Unit -> -1.32 | G56: =SUMIFS(tblData[IT and Facilities],tblData[Scenario],"Budget",tblData[Year],selFY,tblData[Month],G$5)/Unit -> -1.32 | H56: =SUMIFS(tblData[IT and Facilities],tblData[Scenario],"Budget",tblData[Year],selFY,tblData[Month],H$5)/Unit -> -1.32 | I56: =SUMIFS(tblData[IT and Facilities],tblData[Scenario],"Budget",tblData[Year],selFY,tblData[Month],I$5)/Unit -> -1.32 | J56: =SUMIFS(tblData[IT and Facilities],tblData[Scenario],"Budget",tblData[Year],selFY,tblData[Month],J$5)/Unit -> -1.32 | K56: =SUMIFS(tblData[IT and Facilities],tblData[Scenario],"Budget",tblData[Year],selFY,tblData[Month],K$5)/Unit -> -1.32 | ... O56: =SUMIFS(tblData[IT and Facilities],tblData[Scenario],"Budget",tblData[Year],selFY,tblData[Month],O$5)/Unit -> -1.32 | P56: =SUM(D56:O56) -> -15.84
A57: BU | B57: Other Admin | D57: =SUMIFS(tblData[Other Admin],tblData[Scenario],"Budget",tblData[Year],selFY,tblData[Month],D$5)/Unit -> -1.13 | E57: =SUMIFS(tblData[Other Admin],tblData[Scenario],"Budget",tblData[Year],selFY,tblData[Month],E$5)/Unit -> -1.13 | F57: =SUMIFS(tblData[Other Admin],tblData[Scenario],"Budget",tblData[Year],selFY,tblData[Month],F$5)/Unit -> -1.13 | G57: =SUMIFS(tblData[Other Admin],tblData[Scenario],"Budget",tblData[Year],selFY,tblData[Month],G$5)/Unit -> -1.13 | H57: =SUMIFS(tblData[Other Admin],tblData[Scenario],"Budget",tblData[Year],selFY,tblData[Month],H$5)/Unit -> -1.13 | I57: =SUMIFS(tblData[Other Admin],tblData[Scenario],"Budget",tblData[Year],selFY,tblData[Month],I$5)/Unit -> -1.13 | J57: =SUMIFS(tblData[Other Admin],tblData[Scenario],"Budget",tblData[Year],selFY,tblData[Month],J$5)/Unit -> -1.13 | K57: =SUMIFS(tblData[Other Admin],tblData[Scenario],"Budget",tblData[Year],selFY,tblData[Month],K$5)/Unit -> -1.13 | ... O57: =SUMIFS(tblData[Other Admin],tblData[Scenario],"Budget",tblData[Year],selFY,tblData[Month],O$5)/Unit -> -1.13 | P57: =SUM(D57:O57) -> -13.56
A58: BU | B58: Depreciation | D58: =SUMIFS(tblData[Depreciation],tblData[Scenario],"Budget",tblData[Year],selFY,tblData[Month],D$5)/Unit -> -1.48 | E58: =SUMIFS(tblData[Depreciation],tblData[Scenario],"Budget",tblData[Year],selFY,tblData[Month],E$5)/Unit -> -1.48 | F58: =SUMIFS(tblData[Depreciation],tblData[Scenario],"Budget",tblData[Year],selFY,tblData[Month],F$5)/Unit -> -1.48 | G58: =SUMIFS(tblData[Depreciation],tblData[Scenario],"Budget",tblData[Year],selFY,tblData[Month],G$5)/Unit -> -1.48 | H58: =SUMIFS(tblData[Depreciation],tblData[Scenario],"Budget",tblData[Year],selFY,tblData[Month],H$5)/Unit -> -1.48 | I58: =SUMIFS(tblData[Depreciation],tblData[Scenario],"Budget",tblData[Year],selFY,tblData[Month],I$5)/Unit -> -1.48 | J58: =SUMIFS(tblData[Depreciation],tblData[Scenario],"Budget",tblData[Year],selFY,tblData[Month],J$5)/Unit -> -1.48 | K58: =SUMIFS(tblData[Depreciation],tblData[Scenario],"Budget",tblData[Year],selFY,tblData[Month],K$5)/Unit -> -1.48 | ... O58: =SUMIFS(tblData[Depreciation],tblData[Scenario],"Budget",tblData[Year],selFY,tblData[Month],O$5)/Unit -> -1.48 | P58: =SUM(D58:O58) -> -17.76
A59: BU | B59: Net Interest | D59: =SUMIFS(tblData[Net Interest],tblData[Scenario],"Budget",tblData[Year],selFY,tblData[Month],D$5)/Unit -> -0.712 | E59: =SUMIFS(tblData[Net Interest],tblData[Scenario],"Budget",tblData[Year],selFY,tblData[Month],E$5)/Unit -> -0.712 | F59: =SUMIFS(tblData[Net Interest],tblData[Scenario],"Budget",tblData[Year],selFY,tblData[Month],F$5)/Unit -> -0.712 | G59: =SUMIFS(tblData[Net Interest],tblData[Scenario],"Budget",tblData[Year],selFY,tblData[Month],G$5)/Unit -> -0.703 | H59: =SUMIFS(tblData[Net Interest],tblData[Scenario],"Budget",tblData[Year],selFY,tblData[Month],H$5)/Unit -> -0.703 | I59: =SUMIFS(tblData[Net Interest],tblData[Scenario],"Budget",tblData[Year],selFY,tblData[Month],I$5)/Unit -> -0.703 | J59: =SUMIFS(tblData[Net Interest],tblData[Scenario],"Budget",tblData[Year],selFY,tblData[Month],J$5)/Unit -> -0.694 | K59: =SUMIFS(tblData[Net Interest],tblData[Scenario],"Budget",tblData[Year],selFY,tblData[Month],K$5)/Unit -> -0.694 | ... O59: =SUMIFS(tblData[Net Interest],tblData[Scenario],"Budget",tblData[Year],selFY,tblData[Month],O$5)/Unit -> -0.684 | P59: =SUM(D59:O59) -> -8.379
A60: BU | B60: Tax | D60: =SUMIFS(tblData[Tax],tblData[Scenario],"Budget",tblData[Year],selFY,tblData[Month],D$5)/Unit -> -0.898 | E60: =SUMIFS(tblData[Tax],tblData[Scenario],"Budget",tblData[Year],selFY,tblData[Month],E$5)/Unit -> -0.996 | F60: =SUMIFS(tblData[Tax],tblData[Scenario],"Budget",tblData[Year],selFY,tblData[Month],F$5)/Unit -> -1.398 | G60: =SUMIFS(tblData[Tax],tblData[Scenario],"Budget",tblData[Year],selFY,tblData[Month],G$5)/Unit -> -1.498 | H60: =SUMIFS(tblData[Tax],tblData[Scenario],"Budget",tblData[Year],selFY,tblData[Month],H$5)/Unit -> -1.595 | I60: =SUMIFS(tblData[Tax],tblData[Scenario],"Budget",tblData[Year],selFY,tblData[Month],I$5)/Unit -> -1.693 | J60: =SUMIFS(tblData[Tax],tblData[Scenario],"Budget",tblData[Year],selFY,tblData[Month],J$5)/Unit -> -1.589 | K60: =SUMIFS(tblData[Tax],tblData[Scenario],"Budget",tblData[Year],selFY,tblData[Month],K$5)/Unit -> -1.687 | ... O60: =SUMIFS(tblData[Tax],tblData[Scenario],"Budget",tblData[Year],selFY,tblData[Month],O$5)/Unit -> -2.383 | P60: =SUM(D60:O60) -> -21.113
A61: BU | B61: Capex | D61: =SUMIFS(tblData[Capex],tblData[Scenario],"Budget",tblData[Year],selFY,tblData[Month],D$5)/Unit -> -1.065 | E61: =SUMIFS(tblData[Capex],tblData[Scenario],"Budget",tblData[Year],selFY,tblData[Month],E$5)/Unit -> -1.097 | F61: =SUMIFS(tblData[Capex],tblData[Scenario],"Budget",tblData[Year],selFY,tblData[Month],F$5)/Unit -> -1.226 | G61: =SUMIFS(tblData[Capex],tblData[Scenario],"Budget",tblData[Year],selFY,tblData[Month],G$5)/Unit -> -1.259 | H61: =SUMIFS(tblData[Capex],tblData[Scenario],"Budget",tblData[Year],selFY,tblData[Month],H$5)/Unit -> -1.291 | I61: =SUMIFS(tblData[Capex],tblData[Scenario],"Budget",tblData[Year],selFY,tblData[Month],I$5)/Unit -> -1.323 | J61: =SUMIFS(tblData[Capex],tblData[Scenario],"Budget",tblData[Year],selFY,tblData[Month],J$5)/Unit -> -1.291 | K61: =SUMIFS(tblData[Capex],tblData[Scenario],"Budget",tblData[Year],selFY,tblData[Month],K$5)/Unit -> -1.323 | ... O61: =SUMIFS(tblData[Capex],tblData[Scenario],"Budget",tblData[Year],selFY,tblData[Month],O$5)/Unit -> -1.549 | P61: =SUM(D61:O61) -> -16.135
A62: BU | B62: Receivables | C62: =O112 -> 72.139 | D62: =SUMIFS(tblData[Receivables],tblData[Scenario],"Budget",tblData[Year],selFY,tblData[Month],D$5)/Unit -> 51.66 | E62: =SUMIFS(tblData[Receivables],tblData[Scenario],"Budget",tblData[Year],selFY,tblData[Month],E$5)/Unit -> 52.443 | F62: =SUMIFS(tblData[Receivables],tblData[Scenario],"Budget",tblData[Year],selFY,tblData[Month],F$5)/Unit -> 54.79 | G62: =SUMIFS(tblData[Receivables],tblData[Scenario],"Budget",tblData[Year],selFY,tblData[Month],G$5)/Unit -> 57.922 | H62: =SUMIFS(tblData[Receivables],tblData[Scenario],"Budget",tblData[Year],selFY,tblData[Month],H$5)/Unit -> 61.053 | I62: =SUMIFS(tblData[Receivables],tblData[Scenario],"Budget",tblData[Year],selFY,tblData[Month],I$5)/Unit -> 62.617 | J62: =SUMIFS(tblData[Receivables],tblData[Scenario],"Budget",tblData[Year],selFY,tblData[Month],J$5)/Unit -> 63.142 | K62: =SUMIFS(tblData[Receivables],tblData[Scenario],"Budget",tblData[Year],selFY,tblData[Month],K$5)/Unit -> 63.664 | ... O62: =SUMIFS(tblData[Receivables],tblData[Scenario],"Budget",tblData[Year],selFY,tblData[Month],O$5)/Unit -> 77.752
A63: BU | B63: Inventory | C63: =O113 -> 59.533 | D63: =SUMIFS(tblData[Inventory],tblData[Scenario],"Budget",tblData[Year],selFY,tblData[Month],D$5)/Unit -> 43.805 | E63: =SUMIFS(tblData[Inventory],tblData[Scenario],"Budget",tblData[Year],selFY,tblData[Month],E$5)/Unit -> 44.469 | F63: =SUMIFS(tblData[Inventory],tblData[Scenario],"Budget",tblData[Year],selFY,tblData[Month],F$5)/Unit -> 46.459 | G63: =SUMIFS(tblData[Inventory],tblData[Scenario],"Budget",tblData[Year],selFY,tblData[Month],G$5)/Unit -> 49.112 | H63: =SUMIFS(tblData[Inventory],tblData[Scenario],"Budget",tblData[Year],selFY,tblData[Month],H$5)/Unit -> 51.767 | I63: =SUMIFS(tblData[Inventory],tblData[Scenario],"Budget",tblData[Year],selFY,tblData[Month],I$5)/Unit -> 53.094 | J63: =SUMIFS(tblData[Inventory],tblData[Scenario],"Budget",tblData[Year],selFY,tblData[Month],J$5)/Unit -> 53.536 | K63: =SUMIFS(tblData[Inventory],tblData[Scenario],"Budget",tblData[Year],selFY,tblData[Month],K$5)/Unit -> 53.979 | ... O63: =SUMIFS(tblData[Inventory],tblData[Scenario],"Budget",tblData[Year],selFY,tblData[Month],O$5)/Unit -> 65.931
A64: BU | B64: Payables | C64: =O114 -> 36.884 | D64: =SUMIFS(tblData[Payables],tblData[Scenario],"Budget",tblData[Year],selFY,tblData[Month],D$5)/Unit -> 28.194 | E64: =SUMIFS(tblData[Payables],tblData[Scenario],"Budget",tblData[Year],selFY,tblData[Month],E$5)/Unit -> 29.048 | F64: =SUMIFS(tblData[Payables],tblData[Scenario],"Budget",tblData[Year],selFY,tblData[Month],F$5)/Unit -> 32.466 | G64: =SUMIFS(tblData[Payables],tblData[Scenario],"Budget",tblData[Year],selFY,tblData[Month],G$5)/Unit -> 33.32 | H64: =SUMIFS(tblData[Payables],tblData[Scenario],"Budget",tblData[Year],selFY,tblData[Month],H$5)/Unit -> 34.175 | I64: =SUMIFS(tblData[Payables],tblData[Scenario],"Budget",tblData[Year],selFY,tblData[Month],I$5)/Unit -> 35.029 | J64: =SUMIFS(tblData[Payables],tblData[Scenario],"Budget",tblData[Year],selFY,tblData[Month],J$5)/Unit -> 34.175 | K64: =SUMIFS(tblData[Payables],tblData[Scenario],"Budget",tblData[Year],selFY,tblData[Month],K$5)/Unit -> 35.029 | ... O64: =SUMIFS(tblData[Payables],tblData[Scenario],"Budget",tblData[Year],selFY,tblData[Month],O$5)/Unit -> 41.009
A65: BU | B65: Cash | D65: =SUMIFS(tblData[Cash],tblData[Scenario],"Budget",tblData[Year],selFY,tblData[Month],D$5)/Unit -> 69.774 | E65: =SUMIFS(tblData[Cash],tblData[Scenario],"Budget",tblData[Year],selFY,tblData[Month],E$5)/Unit -> 72.552 | F65: =SUMIFS(tblData[Cash],tblData[Scenario],"Budget",tblData[Year],selFY,tblData[Month],F$5)/Unit -> 73.577 | G65: =SUMIFS(tblData[Cash],tblData[Scenario],"Budget",tblData[Year],selFY,tblData[Month],G$5)/Unit -> 73.361 | H65: =SUMIFS(tblData[Cash],tblData[Scenario],"Budget",tblData[Year],selFY,tblData[Month],H$5)/Unit -> 55.404 | I65: =SUMIFS(tblData[Cash],tblData[Scenario],"Budget",tblData[Year],selFY,tblData[Month],I$5)/Unit -> 56.1 | J65: =SUMIFS(tblData[Cash],tblData[Scenario],"Budget",tblData[Year],selFY,tblData[Month],J$5)/Unit -> 59.237 | K65: =SUMIFS(tblData[Cash],tblData[Scenario],"Budget",tblData[Year],selFY,tblData[Month],K$5)/Unit -> 64.344 | ... O65: =SUMIFS(tblData[Cash],tblData[Scenario],"Budget",tblData[Year],selFY,tblData[Month],O$5)/Unit -> 68.224
A66: BU | B66: Gross Debt | D66: =SUMIFS(tblData[Gross Debt],tblData[Scenario],"Budget",tblData[Year],selFY,tblData[Month],D$5)/Unit -> 190 | E66: =SUMIFS(tblData[Gross Debt],tblData[Scenario],"Budget",tblData[Year],selFY,tblData[Month],E$5)/Unit -> 190 | F66: =SUMIFS(tblData[Gross Debt],tblData[Scenario],"Budget",tblData[Year],selFY,tblData[Month],F$5)/Unit -> 187.5 | G66: =SUMIFS(tblData[Gross Debt],tblData[Scenario],"Budget",tblData[Year],selFY,tblData[Month],G$5)/Unit -> 187.5 | H66: =SUMIFS(tblData[Gross Debt],tblData[Scenario],"Budget",tblData[Year],selFY,tblData[Month],H$5)/Unit -> 187.5 | I66: =SUMIFS(tblData[Gross Debt],tblData[Scenario],"Budget",tblData[Year],selFY,tblData[Month],I$5)/Unit -> 185 | J66: =SUMIFS(tblData[Gross Debt],tblData[Scenario],"Budget",tblData[Year],selFY,tblData[Month],J$5)/Unit -> 185 | K66: =SUMIFS(tblData[Gross Debt],tblData[Scenario],"Budget",tblData[Year],selFY,tblData[Month],K$5)/Unit -> 185 | ... O66: =SUMIFS(tblData[Gross Debt],tblData[Scenario],"Budget",tblData[Year],selFY,tblData[Month],O$5)/Unit -> 180
A67: BU | B67: Headcount | D67: =SUMIFS(tblData[Headcount],tblData[Scenario],"Budget",tblData[Year],selFY,tblData[Month],D$5) -> 1182 | E67: =SUMIFS(tblData[Headcount],tblData[Scenario],"Budget",tblData[Year],selFY,tblData[Month],E$5) -> 1184 | F67: =SUMIFS(tblData[Headcount],tblData[Scenario],"Budget",tblData[Year],selFY,tblData[Month],F$5) -> 1185 | G67: =SUMIFS(tblData[Headcount],tblData[Scenario],"Budget",tblData[Year],selFY,tblData[Month],G$5) -> 1187 | H67: =SUMIFS(tblData[Headcount],tblData[Scenario],"Budget",tblData[Year],selFY,tblData[Month],H$5) -> 1188 | I67: =SUMIFS(tblData[Headcount],tblData[Scenario],"Budget",tblData[Year],selFY,tblData[Month],I$5) -> 1190 | J67: =SUMIFS(tblData[Headcount],tblData[Scenario],"Budget",tblData[Year],selFY,tblData[Month],J$5) -> 1192 | K67: =SUMIFS(tblData[Headcount],tblData[Scenario],"Budget",tblData[Year],selFY,tblData[Month],K$5) -> 1193 | ... O67: =SUMIFS(tblData[Headcount],tblData[Scenario],"Budget",tblData[Year],selFY,tblData[Month],O$5) -> 1200
A68: FC | B68: Units | D68: =SUMIFS(tblData[Units],tblData[Scenario],"Forecast",tblData[Year],selFY,tblData[Month],D$5) -> 4352.8 | E68: =SUMIFS(tblData[Units],tblData[Scenario],"Forecast",tblData[Year],selFY,tblData[Month],E$5) -> 4486.4 | F68: =SUMIFS(tblData[Units],tblData[Scenario],"Forecast",tblData[Year],selFY,tblData[Month],F$5) -> 5010.1 | G68: =SUMIFS(tblData[Units],tblData[Scenario],"Forecast",tblData[Year],selFY,tblData[Month],G$5) -> 5147.4 | H68: =SUMIFS(tblData[Units],tblData[Scenario],"Forecast",tblData[Year],selFY,tblData[Month],H$5) -> 5273.9 | I68: =SUMIFS(tblData[Units],tblData[Scenario],"Forecast",tblData[Year],selFY,tblData[Month],I$5) -> 5410.8 | J68: =SUMIFS(tblData[Units],tblData[Scenario],"Forecast",tblData[Year],selFY,tblData[Month],J$5) -> 5271.7 | K68: =SUMIFS(tblData[Units],tblData[Scenario],"Forecast",tblData[Year],selFY,tblData[Month],K$5) -> 5402.9 | ... O68: =SUMIFS(tblData[Units],tblData[Scenario],"Forecast",tblData[Year],selFY,tblData[Month],O$5) -> 6316.1 | P68: =SUM(D68:O68) -> 65903.1
A69: FC | B69: Gross Sales | D69: =SUMIFS(tblData[Gross Sales],tblData[Scenario],"Forecast",tblData[Year],selFY,tblData[Month],D$5)/Unit -> 41.62 | E69: =SUMIFS(tblData[Gross Sales],tblData[Scenario],"Forecast",tblData[Year],selFY,tblData[Month],E$5)/Unit -> 42.915 | F69: =SUMIFS(tblData[Gross Sales],tblData[Scenario],"Forecast",tblData[Year],selFY,tblData[Month],F$5)/Unit -> 47.916 | G69: =SUMIFS(tblData[Gross Sales],tblData[Scenario],"Forecast",tblData[Year],selFY,tblData[Month],G$5)/Unit -> 49.219 | H69: =SUMIFS(tblData[Gross Sales],tblData[Scenario],"Forecast",tblData[Year],selFY,tblData[Month],H$5)/Unit -> 50.457 | I69: =SUMIFS(tblData[Gross Sales],tblData[Scenario],"Forecast",tblData[Year],selFY,tblData[Month],I$5)/Unit -> 51.739 | J69: =SUMIFS(tblData[Gross Sales],tblData[Scenario],"Forecast",tblData[Year],selFY,tblData[Month],J$5)/Unit -> 50.411 | K69: =SUMIFS(tblData[Gross Sales],tblData[Scenario],"Forecast",tblData[Year],selFY,tblData[Month],K$5)/Unit -> 51.672 | ... O69: =SUMIFS(tblData[Gross Sales],tblData[Scenario],"Forecast",tblData[Year],selFY,tblData[Month],O$5)/Unit -> 60.521 | P69: =SUM(D69:O69) -> 630.527
A70: FC | B70: Trade Discounts | D70: =SUMIFS(tblData[Trade Discounts],tblData[Scenario],"Forecast",tblData[Year],selFY,tblData[Month],D$5)/Unit -> -6.481 | E70: =SUMIFS(tblData[Trade Discounts],tblData[Scenario],"Forecast",tblData[Year],selFY,tblData[Month],E$5)/Unit -> -6.687 | F70: =SUMIFS(tblData[Trade Discounts],tblData[Scenario],"Forecast",tblData[Year],selFY,tblData[Month],F$5)/Unit -> -7.465 | G70: =SUMIFS(tblData[Trade Discounts],tblData[Scenario],"Forecast",tblData[Year],selFY,tblData[Month],G$5)/Unit -> -7.662 | H70: =SUMIFS(tblData[Trade Discounts],tblData[Scenario],"Forecast",tblData[Year],selFY,tblData[Month],H$5)/Unit -> -7.855 | I70: =SUMIFS(tblData[Trade Discounts],tblData[Scenario],"Forecast",tblData[Year],selFY,tblData[Month],I$5)/Unit -> -8.057 | J70: =SUMIFS(tblData[Trade Discounts],tblData[Scenario],"Forecast",tblData[Year],selFY,tblData[Month],J$5)/Unit -> -7.848 | K70: =SUMIFS(tblData[Trade Discounts],tblData[Scenario],"Forecast",tblData[Year],selFY,tblData[Month],K$5)/Unit -> -8.05 | ... O70: =SUMIFS(tblData[Trade Discounts],tblData[Scenario],"Forecast",tblData[Year],selFY,tblData[Month],O$5)/Unit -> -9.446 | P70: =SUM(D70:O70) -> -98.234
A71: FC | B71: Returns | D71: =SUMIFS(tblData[Returns],tblData[Scenario],"Forecast",tblData[Year],selFY,tblData[Month],D$5)/Unit -> -0.811 | E71: =SUMIFS(tblData[Returns],tblData[Scenario],"Forecast",tblData[Year],selFY,tblData[Month],E$5)/Unit -> -0.836 | F71: =SUMIFS(tblData[Returns],tblData[Scenario],"Forecast",tblData[Year],selFY,tblData[Month],F$5)/Unit -> -0.938 | G71: =SUMIFS(tblData[Returns],tblData[Scenario],"Forecast",tblData[Year],selFY,tblData[Month],G$5)/Unit -> -0.962 | H71: =SUMIFS(tblData[Returns],tblData[Scenario],"Forecast",tblData[Year],selFY,tblData[Month],H$5)/Unit -> -0.986 | I71: =SUMIFS(tblData[Returns],tblData[Scenario],"Forecast",tblData[Year],selFY,tblData[Month],I$5)/Unit -> -1.007 | J71: =SUMIFS(tblData[Returns],tblData[Scenario],"Forecast",tblData[Year],selFY,tblData[Month],J$5)/Unit -> -0.985 | K71: =SUMIFS(tblData[Returns],tblData[Scenario],"Forecast",tblData[Year],selFY,tblData[Month],K$5)/Unit -> -1.009 | ... O71: =SUMIFS(tblData[Returns],tblData[Scenario],"Forecast",tblData[Year],selFY,tblData[Month],O$5)/Unit -> -1.189 | P71: =SUM(D71:O71) -> -12.325
A72: FC | B72: Material Cost | D72: =SUMIFS(tblData[Material Cost],tblData[Scenario],"Forecast",tblData[Year],selFY,tblData[Month],D$5)/Unit -> -10.737 | E72: =SUMIFS(tblData[Material Cost],tblData[Scenario],"Forecast",tblData[Year],selFY,tblData[Month],E$5)/Unit -> -11.065 | F72: =SUMIFS(tblData[Material Cost],tblData[Scenario],"Forecast",tblData[Year],selFY,tblData[Month],F$5)/Unit -> -12.352 | G72: =SUMIFS(tblData[Material Cost],tblData[Scenario],"Forecast",tblData[Year],selFY,tblData[Month],G$5)/Unit -> -12.695 | H72: =SUMIFS(tblData[Material Cost],tblData[Scenario],"Forecast",tblData[Year],selFY,tblData[Month],H$5)/Unit -> -13.01 | I72: =SUMIFS(tblData[Material Cost],tblData[Scenario],"Forecast",tblData[Year],selFY,tblData[Month],I$5)/Unit -> -13.343 | J72: =SUMIFS(tblData[Material Cost],tblData[Scenario],"Forecast",tblData[Year],selFY,tblData[Month],J$5)/Unit -> -12.998 | K72: =SUMIFS(tblData[Material Cost],tblData[Scenario],"Forecast",tblData[Year],selFY,tblData[Month],K$5)/Unit -> -13.321 | ... O72: =SUMIFS(tblData[Material Cost],tblData[Scenario],"Forecast",tblData[Year],selFY,tblData[Month],O$5)/Unit -> -15.644 | P72: =SUM(D72:O72) -> -162.667
A73: FC | B73: Conversion Cost | D73: =SUMIFS(tblData[Conversion Cost],tblData[Scenario],"Forecast",tblData[Year],selFY,tblData[Month],D$5)/Unit -> -2.655 | E73: =SUMIFS(tblData[Conversion Cost],tblData[Scenario],"Forecast",tblData[Year],selFY,tblData[Month],E$5)/Unit -> -2.735 | F73: =SUMIFS(tblData[Conversion Cost],tblData[Scenario],"Forecast",tblData[Year],selFY,tblData[Month],F$5)/Unit -> -3.055 | G73: =SUMIFS(tblData[Conversion Cost],tblData[Scenario],"Forecast",tblData[Year],selFY,tblData[Month],G$5)/Unit -> -3.143 | H73: =SUMIFS(tblData[Conversion Cost],tblData[Scenario],"Forecast",tblData[Year],selFY,tblData[Month],H$5)/Unit -> -3.218 | I73: =SUMIFS(tblData[Conversion Cost],tblData[Scenario],"Forecast",tblData[Year],selFY,tblData[Month],I$5)/Unit -> -3.298 | J73: =SUMIFS(tblData[Conversion Cost],tblData[Scenario],"Forecast",tblData[Year],selFY,tblData[Month],J$5)/Unit -> -3.215 | K73: =SUMIFS(tblData[Conversion Cost],tblData[Scenario],"Forecast",tblData[Year],selFY,tblData[Month],K$5)/Unit -> -3.296 | ... O73: =SUMIFS(tblData[Conversion Cost],tblData[Scenario],"Forecast",tblData[Year],selFY,tblData[Month],O$5)/Unit -> -3.857 | P73: =SUM(D73:O73) -> -40.208
A74: FC | B74: Inbound Freight | D74: =SUMIFS(tblData[Inbound Freight],tblData[Scenario],"Forecast",tblData[Year],selFY,tblData[Month],D$5)/Unit -> -1.601 | E74: =SUMIFS(tblData[Inbound Freight],tblData[Scenario],"Forecast",tblData[Year],selFY,tblData[Month],E$5)/Unit -> -1.65 | F74: =SUMIFS(tblData[Inbound Freight],tblData[Scenario],"Forecast",tblData[Year],selFY,tblData[Month],F$5)/Unit -> -1.842 | G74: =SUMIFS(tblData[Inbound Freight],tblData[Scenario],"Forecast",tblData[Year],selFY,tblData[Month],G$5)/Unit -> -1.895 | H74: =SUMIFS(tblData[Inbound Freight],tblData[Scenario],"Forecast",tblData[Year],selFY,tblData[Month],H$5)/Unit -> -1.944 | I74: =SUMIFS(tblData[Inbound Freight],tblData[Scenario],"Forecast",tblData[Year],selFY,tblData[Month],I$5)/Unit -> -1.993 | J74: =SUMIFS(tblData[Inbound Freight],tblData[Scenario],"Forecast",tblData[Year],selFY,tblData[Month],J$5)/Unit -> -1.942 | K74: =SUMIFS(tblData[Inbound Freight],tblData[Scenario],"Forecast",tblData[Year],selFY,tblData[Month],K$5)/Unit -> -1.988 | ... O74: =SUMIFS(tblData[Inbound Freight],tblData[Scenario],"Forecast",tblData[Year],selFY,tblData[Month],O$5)/Unit -> -2.393 | P74: =SUM(D74:O74) -> -24.398
A75: FC | B75: Advertising | D75: =SUMIFS(tblData[Advertising],tblData[Scenario],"Forecast",tblData[Year],selFY,tblData[Month],D$5)/Unit -> -1.89 | E75: =SUMIFS(tblData[Advertising],tblData[Scenario],"Forecast",tblData[Year],selFY,tblData[Month],E$5)/Unit -> -1.946 | F75: =SUMIFS(tblData[Advertising],tblData[Scenario],"Forecast",tblData[Year],selFY,tblData[Month],F$5)/Unit -> -2.177 | G75: =SUMIFS(tblData[Advertising],tblData[Scenario],"Forecast",tblData[Year],selFY,tblData[Month],G$5)/Unit -> -2.231 | H75: =SUMIFS(tblData[Advertising],tblData[Scenario],"Forecast",tblData[Year],selFY,tblData[Month],H$5)/Unit -> -2.29 | I75: =SUMIFS(tblData[Advertising],tblData[Scenario],"Forecast",tblData[Year],selFY,tblData[Month],I$5)/Unit -> -2.346 | J75: =SUMIFS(tblData[Advertising],tblData[Scenario],"Forecast",tblData[Year],selFY,tblData[Month],J$5)/Unit -> -2.29 | K75: =SUMIFS(tblData[Advertising],tblData[Scenario],"Forecast",tblData[Year],selFY,tblData[Month],K$5)/Unit -> -2.346 | ... O75: =SUMIFS(tblData[Advertising],tblData[Scenario],"Forecast",tblData[Year],selFY,tblData[Month],O$5)/Unit -> -2.694 | P75: =SUM(D75:O75) -> -28.508
A76: FC | B76: Promotions | D76: =SUMIFS(tblData[Promotions],tblData[Scenario],"Forecast",tblData[Year],selFY,tblData[Month],D$5)/Unit -> -1.087 | E76: =SUMIFS(tblData[Promotions],tblData[Scenario],"Forecast",tblData[Year],selFY,tblData[Month],E$5)/Unit -> -1.12 | F76: =SUMIFS(tblData[Promotions],tblData[Scenario],"Forecast",tblData[Year],selFY,tblData[Month],F$5)/Unit -> -1.252 | G76: =SUMIFS(tblData[Promotions],tblData[Scenario],"Forecast",tblData[Year],selFY,tblData[Month],G$5)/Unit -> -1.285 | H76: =SUMIFS(tblData[Promotions],tblData[Scenario],"Forecast",tblData[Year],selFY,tblData[Month],H$5)/Unit -> -1.318 | I76: =SUMIFS(tblData[Promotions],tblData[Scenario],"Forecast",tblData[Year],selFY,tblData[Month],I$5)/Unit -> -1.351 | J76: =SUMIFS(tblData[Promotions],tblData[Scenario],"Forecast",tblData[Year],selFY,tblData[Month],J$5)/Unit -> -1.318 | K76: =SUMIFS(tblData[Promotions],tblData[Scenario],"Forecast",tblData[Year],selFY,tblData[Month],K$5)/Unit -> -1.351 | ... O76: =SUMIFS(tblData[Promotions],tblData[Scenario],"Forecast",tblData[Year],selFY,tblData[Month],O$5)/Unit -> -1.59 | P76: =SUM(D76:O76) -> -16.485
A77: FC | B77: Outbound Logistics | D77: =SUMIFS(tblData[Outbound Logistics],tblData[Scenario],"Forecast",tblData[Year],selFY,tblData[Month],D$5)/Unit -> -2.092 | E77: =SUMIFS(tblData[Outbound Logistics],tblData[Scenario],"Forecast",tblData[Year],selFY,tblData[Month],E$5)/Unit -> -2.161 | F77: =SUMIFS(tblData[Outbound Logistics],tblData[Scenario],"Forecast",tblData[Year],selFY,tblData[Month],F$5)/Unit -> -2.413 | G77: =SUMIFS(tblData[Outbound Logistics],tblData[Scenario],"Forecast",tblData[Year],selFY,tblData[Month],G$5)/Unit -> -2.479 | H77: =SUMIFS(tblData[Outbound Logistics],tblData[Scenario],"Forecast",tblData[Year],selFY,tblData[Month],H$5)/Unit -> -2.543 | I77: =SUMIFS(tblData[Outbound Logistics],tblData[Scenario],"Forecast",tblData[Year],selFY,tblData[Month],I$5)/Unit -> -2.605 | J77: =SUMIFS(tblData[Outbound Logistics],tblData[Scenario],"Forecast",tblData[Year],selFY,tblData[Month],J$5)/Unit -> -2.536 | K77: =SUMIFS(tblData[Outbound Logistics],tblData[Scenario],"Forecast",tblData[Year],selFY,tblData[Month],K$5)/Unit -> -2.601 | ... O77: =SUMIFS(tblData[Outbound Logistics],tblData[Scenario],"Forecast",tblData[Year],selFY,tblData[Month],O$5)/Unit -> -3.084 | P77: =SUM(D77:O77) -> -31.816
A78: FC | B78: Direct Selling | D78: =SUMIFS(tblData[Direct Selling],tblData[Scenario],"Forecast",tblData[Year],selFY,tblData[Month],D$5)/Unit -> -1.084 | E78: =SUMIFS(tblData[Direct Selling],tblData[Scenario],"Forecast",tblData[Year],selFY,tblData[Month],E$5)/Unit -> -1.119 | F78: =SUMIFS(tblData[Direct Selling],tblData[Scenario],"Forecast",tblData[Year],selFY,tblData[Month],F$5)/Unit -> -1.248 | G78: =SUMIFS(tblData[Direct Selling],tblData[Scenario],"Forecast",tblData[Year],selFY,tblData[Month],G$5)/Unit -> -1.283 | H78: =SUMIFS(tblData[Direct Selling],tblData[Scenario],"Forecast",tblData[Year],selFY,tblData[Month],H$5)/Unit -> -1.312 | I78: =SUMIFS(tblData[Direct Selling],tblData[Scenario],"Forecast",tblData[Year],selFY,tblData[Month],I$5)/Unit -> -1.347 | J78: =SUMIFS(tblData[Direct Selling],tblData[Scenario],"Forecast",tblData[Year],selFY,tblData[Month],J$5)/Unit -> -1.314 | K78: =SUMIFS(tblData[Direct Selling],tblData[Scenario],"Forecast",tblData[Year],selFY,tblData[Month],K$5)/Unit -> -1.346 | ... O78: =SUMIFS(tblData[Direct Selling],tblData[Scenario],"Forecast",tblData[Year],selFY,tblData[Month],O$5)/Unit -> -1.575 | P78: =SUM(D78:O78) -> -16.42
A79: FC | B79: Personnel | D79: =SUMIFS(tblData[Personnel],tblData[Scenario],"Forecast",tblData[Year],selFY,tblData[Month],D$5)/Unit -> -4.22 | E79: =SUMIFS(tblData[Personnel],tblData[Scenario],"Forecast",tblData[Year],selFY,tblData[Month],E$5)/Unit -> -4.237 | F79: =SUMIFS(tblData[Personnel],tblData[Scenario],"Forecast",tblData[Year],selFY,tblData[Month],F$5)/Unit -> -4.253 | G79: =SUMIFS(tblData[Personnel],tblData[Scenario],"Forecast",tblData[Year],selFY,tblData[Month],G$5)/Unit -> -4.27 | H79: =SUMIFS(tblData[Personnel],tblData[Scenario],"Forecast",tblData[Year],selFY,tblData[Month],H$5)/Unit -> -4.287 | I79: =SUMIFS(tblData[Personnel],tblData[Scenario],"Forecast",tblData[Year],selFY,tblData[Month],I$5)/Unit -> -4.304 | J79: =SUMIFS(tblData[Personnel],tblData[Scenario],"Forecast",tblData[Year],selFY,tblData[Month],J$5)/Unit -> -4.321 | K79: =SUMIFS(tblData[Personnel],tblData[Scenario],"Forecast",tblData[Year],selFY,tblData[Month],K$5)/Unit -> -4.338 | ... O79: =SUMIFS(tblData[Personnel],tblData[Scenario],"Forecast",tblData[Year],selFY,tblData[Month],O$5)/Unit -> -4.405 | P79: =SUM(D79:O79) -> -51.751
A80: FC | B80: Research and Development | D80: =SUMIFS(tblData[Research and Development],tblData[Scenario],"Forecast",tblData[Year],selFY,tblData[Month],D$5)/Unit -> -1.004 | E80: =SUMIFS(tblData[Research and Development],tblData[Scenario],"Forecast",tblData[Year],selFY,tblData[Month],E$5)/Unit -> -1.004 | F80: =SUMIFS(tblData[Research and Development],tblData[Scenario],"Forecast",tblData[Year],selFY,tblData[Month],F$5)/Unit -> -1.004 | G80: =SUMIFS(tblData[Research and Development],tblData[Scenario],"Forecast",tblData[Year],selFY,tblData[Month],G$5)/Unit -> -1.004 | H80: =SUMIFS(tblData[Research and Development],tblData[Scenario],"Forecast",tblData[Year],selFY,tblData[Month],H$5)/Unit -> -1.004 | I80: =SUMIFS(tblData[Research and Development],tblData[Scenario],"Forecast",tblData[Year],selFY,tblData[Month],I$5)/Unit -> -1.004 | J80: =SUMIFS(tblData[Research and Development],tblData[Scenario],"Forecast",tblData[Year],selFY,tblData[Month],J$5)/Unit -> -1.004 | K80: =SUMIFS(tblData[Research and Development],tblData[Scenario],"Forecast",tblData[Year],selFY,tblData[Month],K$5)/Unit -> -1.004 | ... O80: =SUMIFS(tblData[Research and Development],tblData[Scenario],"Forecast",tblData[Year],selFY,tblData[Month],O$5)/Unit -> -1.004 | P80: =SUM(D80:O80) -> -12.048
A81: FC | B81: IT and Facilities | D81: =SUMIFS(tblData[IT and Facilities],tblData[Scenario],"Forecast",tblData[Year],selFY,tblData[Month],D$5)/Unit -> -1.288 | E81: =SUMIFS(tblData[IT and Facilities],tblData[Scenario],"Forecast",tblData[Year],selFY,tblData[Month],E$5)/Unit -> -1.288 | F81: =SUMIFS(tblData[IT and Facilities],tblData[Scenario],"Forecast",tblData[Year],selFY,tblData[Month],F$5)/Unit -> -1.288 | G81: =SUMIFS(tblData[IT and Facilities],tblData[Scenario],"Forecast",tblData[Year],selFY,tblData[Month],G$5)/Unit -> -1.288 | H81: =SUMIFS(tblData[IT and Facilities],tblData[Scenario],"Forecast",tblData[Year],selFY,tblData[Month],H$5)/Unit -> -1.288 | I81: =SUMIFS(tblData[IT and Facilities],tblData[Scenario],"Forecast",tblData[Year],selFY,tblData[Month],I$5)/Unit -> -1.288 | J81: =SUMIFS(tblData[IT and Facilities],tblData[Scenario],"Forecast",tblData[Year],selFY,tblData[Month],J$5)/Unit -> -1.288 | K81: =SUMIFS(tblData[IT and Facilities],tblData[Scenario],"Forecast",tblData[Year],selFY,tblData[Month],K$5)/Unit -> -1.288 | ... O81: =SUMIFS(tblData[IT and Facilities],tblData[Scenario],"Forecast",tblData[Year],selFY,tblData[Month],O$5)/Unit -> -1.288 | P81: =SUM(D81:O81) -> -15.456
A82: FC | B82: Other Admin | D82: =SUMIFS(tblData[Other Admin],tblData[Scenario],"Forecast",tblData[Year],selFY,tblData[Month],D$5)/Unit -> -1.094 | E82: =SUMIFS(tblData[Other Admin],tblData[Scenario],"Forecast",tblData[Year],selFY,tblData[Month],E$5)/Unit -> -1.094 | F82: =SUMIFS(tblData[Other Admin],tblData[Scenario],"Forecast",tblData[Year],selFY,tblData[Month],F$5)/Unit -> -1.094 | G82: =SUMIFS(tblData[Other Admin],tblData[Scenario],"Forecast",tblData[Year],selFY,tblData[Month],G$5)/Unit -> -1.094 | H82: =SUMIFS(tblData[Other Admin],tblData[Scenario],"Forecast",tblData[Year],selFY,tblData[Month],H$5)/Unit -> -1.094 | I82: =SUMIFS(tblData[Other Admin],tblData[Scenario],"Forecast",tblData[Year],selFY,tblData[Month],I$5)/Unit -> -1.094 | J82: =SUMIFS(tblData[Other Admin],tblData[Scenario],"Forecast",tblData[Year],selFY,tblData[Month],J$5)/Unit -> -1.094 | K82: =SUMIFS(tblData[Other Admin],tblData[Scenario],"Forecast",tblData[Year],selFY,tblData[Month],K$5)/Unit -> -1.094 | ... O82: =SUMIFS(tblData[Other Admin],tblData[Scenario],"Forecast",tblData[Year],selFY,tblData[Month],O$5)/Unit -> -1.094 | P82: =SUM(D82:O82) -> -13.128
A83: FC | B83: Depreciation | D83: =SUMIFS(tblData[Depreciation],tblData[Scenario],"Forecast",tblData[Year],selFY,tblData[Month],D$5)/Unit -> -1.48 | E83: =SUMIFS(tblData[Depreciation],tblData[Scenario],"Forecast",tblData[Year],selFY,tblData[Month],E$5)/Unit -> -1.48 | F83: =SUMIFS(tblData[Depreciation],tblData[Scenario],"Forecast",tblData[Year],selFY,tblData[Month],F$5)/Unit -> -1.48 | G83: =SUMIFS(tblData[Depreciation],tblData[Scenario],"Forecast",tblData[Year],selFY,tblData[Month],G$5)/Unit -> -1.48 | H83: =SUMIFS(tblData[Depreciation],tblData[Scenario],"Forecast",tblData[Year],selFY,tblData[Month],H$5)/Unit -> -1.48 | I83: =SUMIFS(tblData[Depreciation],tblData[Scenario],"Forecast",tblData[Year],selFY,tblData[Month],I$5)/Unit -> -1.48 | J83: =SUMIFS(tblData[Depreciation],tblData[Scenario],"Forecast",tblData[Year],selFY,tblData[Month],J$5)/Unit -> -1.48 | K83: =SUMIFS(tblData[Depreciation],tblData[Scenario],"Forecast",tblData[Year],selFY,tblData[Month],K$5)/Unit -> -1.48 | ... O83: =SUMIFS(tblData[Depreciation],tblData[Scenario],"Forecast",tblData[Year],selFY,tblData[Month],O$5)/Unit -> -1.48 | P83: =SUM(D83:O83) -> -17.76
A84: FC | B84: Net Interest | D84: =SUMIFS(tblData[Net Interest],tblData[Scenario],"Forecast",tblData[Year],selFY,tblData[Month],D$5)/Unit -> -0.712 | E84: =SUMIFS(tblData[Net Interest],tblData[Scenario],"Forecast",tblData[Year],selFY,tblData[Month],E$5)/Unit -> -0.712 | F84: =SUMIFS(tblData[Net Interest],tblData[Scenario],"Forecast",tblData[Year],selFY,tblData[Month],F$5)/Unit -> -0.712 | G84: =SUMIFS(tblData[Net Interest],tblData[Scenario],"Forecast",tblData[Year],selFY,tblData[Month],G$5)/Unit -> -0.703 | H84: =SUMIFS(tblData[Net Interest],tblData[Scenario],"Forecast",tblData[Year],selFY,tblData[Month],H$5)/Unit -> -0.703 | I84: =SUMIFS(tblData[Net Interest],tblData[Scenario],"Forecast",tblData[Year],selFY,tblData[Month],I$5)/Unit -> -0.703 | J84: =SUMIFS(tblData[Net Interest],tblData[Scenario],"Forecast",tblData[Year],selFY,tblData[Month],J$5)/Unit -> -0.694 | K84: =SUMIFS(tblData[Net Interest],tblData[Scenario],"Forecast",tblData[Year],selFY,tblData[Month],K$5)/Unit -> -0.694 | ... O84: =SUMIFS(tblData[Net Interest],tblData[Scenario],"Forecast",tblData[Year],selFY,tblData[Month],O$5)/Unit -> -0.684 | P84: =SUM(D84:O84) -> -8.379
A85: FC | B85: Tax | D85: =SUMIFS(tblData[Tax],tblData[Scenario],"Forecast",tblData[Year],selFY,tblData[Month],D$5)/Unit -> -0.846 | E85: =SUMIFS(tblData[Tax],tblData[Scenario],"Forecast",tblData[Year],selFY,tblData[Month],E$5)/Unit -> -0.945 | F85: =SUMIFS(tblData[Tax],tblData[Scenario],"Forecast",tblData[Year],selFY,tblData[Month],F$5)/Unit -> -1.336 | G85: =SUMIFS(tblData[Tax],tblData[Scenario],"Forecast",tblData[Year],selFY,tblData[Month],G$5)/Unit -> -1.437 | H85: =SUMIFS(tblData[Tax],tblData[Scenario],"Forecast",tblData[Year],selFY,tblData[Month],H$5)/Unit -> -1.532 | I85: =SUMIFS(tblData[Tax],tblData[Scenario],"Forecast",tblData[Year],selFY,tblData[Month],I$5)/Unit -> -1.629 | J85: =SUMIFS(tblData[Tax],tblData[Scenario],"Forecast",tblData[Year],selFY,tblData[Month],J$5)/Unit -> -1.521 | K85: =SUMIFS(tblData[Tax],tblData[Scenario],"Forecast",tblData[Year],selFY,tblData[Month],K$5)/Unit -> -1.617 | ... O85: =SUMIFS(tblData[Tax],tblData[Scenario],"Forecast",tblData[Year],selFY,tblData[Month],O$5)/Unit -> -2.275 | P85: =SUM(D85:O85) -> -20.238
